Workbook
Name Azua: Prov!$C$3:$C$12
Name Bahoruco: Prov!$C$13:$C$17
Name Barahona: Prov!$C$18:$C$28
Name CodigoActividad: Tabla2[Código]
Name Dajabon: Prov!$C$29:$C$33
Name Dajabón: Prov!$C$29:$C$33
Name Distrito_Nacional: Prov!$C$2
Name Duarte: Prov!$C$34:$C$40
Name El_Seibo: Prov!$C$41:$C$42
Name Elias_Pina: Prov!$C$43:$C$48
Name Elías_Piña: Prov!$C$43:$C$48
Name Espaillat: Prov!$C$49:$C$52
Name Hato_Mayor: Prov!$C$53:$C$55
Name Hermanas_Mirabal: Prov!$C$56:$C$58
Name Independencia: Prov!$C$59:$C$64
Name La_Altagracia: Prov!$C$65:$C$66
Name La_Romana: Prov!$C$67:$C$69
Name La_Vega: Prov!$C$70:$C$73
Name Le.1: Obj!$D$132:$D$141
Name Le.2: Obj!$D$142:$D$143
Name Le.3: Obj!$D$144:$D$146
Name Le.4: Obj!$D$147
Name ls_ComprayAlquiler: Catalogo!$G$33:$G$41
Name ls_Departamento: Catalogo!$D$36:$D$68
Name Ls_DepartamentosSRS: Catalogo!$G$130:$G$146
Name Ls_DependenciasSRS: Catalogo!$B$97:$B$102
Name ls_Direccion: Catalogo!$D$32:$D$33
Name Ls_DivisionesSRS: Catalogo!$E$105:$E$121
Name Ls_Estructura: Catalogo!$B$23:$B$28
Name Ls_GerenciasSRS: Catalogo!$E$124:$E$126
Name Ls_LinesEstategica: Obj!$B$6:$B$9
Name Ls_Medio_Verificacion: Catalogo!$B$152:$B$171
Name Ls_ObjEstrategico: Obj!$G$6:$G$21
Name Ls_Oficina: Catalogo!$D$87:$D$90
Name Ls_OficinasSRS: Catalogo!#REF!
Name ls_Regiones: Catalogo!$B$10:$B$19
Name ls_SubDireccion: Catalogo!$D$71:$D$80
Name ls_TiposAcciones: Catalogo!$G$11:$G$14
Name ls_UnidadesSRS: Catalogo!$B$105:$B$143
Name lsAcabadosTextiles: #REF!
Name lsAireAcondicionado: #REF!
Name lsAlimentosyBebidas: #REF!
Name lsArticulosdePlastico: #REF!
Name lsElectrodomesticos: #REF!
Name lsEquiposComputos: #REF!
Name lsEquiposMedicos: #REF!
Name lsEquiposSeguridad: #REF!
Name lsEquiposTransporte: #REF!
Name lsEventosGenerales: #REF!
Name lsFuentesFinanciamiento: LSIns!$F$5:$F$8
Name lsGasoil: #REF!
Name lsHerramientasMenores: #REF!
Name lsImpresionyEncuadernacion: #REF!
Name lsInsumos: LSIns!$B$5:$B$45
Name lsInsumosEquipos: LSIns!$F$16:$F$31
Name lsLlantasyNeumaticos: #REF!
Name lsMantenimiento: #REF!
Name lsMantenimientoyReparacion: Catalogo!$G$27:$G$30
Name lsMaterialesdeLimpieza: #REF!
Name lsMueblesdeAlojamiento: #REF!

Sheet Resumen
I1: Siglas Dependencias DC-SNS | K1: Siglas SRS
A2: Servicio Nacional de Salud | I2: Dirección Ejecutiva (DEJ) | K2: Servicio Regional de Salud Metropolitano (SRSM)
A3: Dirección de Planificación y Desarrollo | I3: Atención a Usuarios (DAU) | K3: Servicio Regional de Salud Valdesia (SRSV)
I4: Comité Etica Pública (CEP) | K4: Servicio Regional de Salud Norcentral (SRSNC)
A5: Cantidad acciones/actividades/trimestre | I5: Cooperación Internacional (COP) | K5: Servicio Regional de Salud Nordeste (SRSND)
A6: Primer Trimestre | B6: =+Tabla2[[#Totals],[Ene]]+Tabla2[[#Totals],[Feb]]+Tabla2[[#Totals],[Mar]] -> 297 | I6: Calidad Institucional (DCI) | K6: Servicio Regional de Salud Enriquillo (SRSEN)
A7: Segundo Trimestre | B7: =+Tabla2[[#Totals],[Abr]]+Tabla2[[#Totals],[May]]+Tabla2[[#Totals],[Jun]] -> 309 | I7: Administración (DAD) | K7: Servicio Regional de Salud Este (SRSES)
A8: Tercer Trimestre | B8: =+Tabla2[[#Totals],[Jul]]+Tabla2[[#Totals],[Ago]]+Tabla2[[#Totals],[Sep]] -> 284 | I8: Dirección Centros Hospitalarios (DCH) | K8: Servicio Regional de Salud El Valle (SRSEV)
A9: Cuarto Trimestre | B9: =+Tabla2[[#Totals],[Oct]]+Tabla2[[#Totals],[Nov]]+Tabla2[[#Totals],[Dic]] -> 276 | I9: Emergencia y Desastres (DED) | K9: Servicio Regional de Cibao Occidental (SRSCO)
A10: Total actividades del año 2020 | B10: =SUM(B6:B9) -> 1166 | I10: Comunicación Estratégica (DCE) | K10: Servicio Regional de Salud Cibao Central (SRSCC)
I11: Financiero (DF)
I12: Gestión Humana (DGH)
I13: Infraestructura y Equipos (DIE)
A14: Tabla Resumen POA 2020 | I14: Consultoría Jurídica (DCJ)
A15: Área Organizacional | B15: Presupuesto | C15: Nº Productos | D15: Nº Actividades | E15: % (Productos) | F15: % (Actividades) | G15: % (Presupuesto) | I15: Monitoreo y Evaluación (DME)
E16: =+C16/$C$31 -> #DIV/0! | F16: =+D16/$D$31 -> #DIV/0! | G16: =+B16/$B$31 -> #DIV/0! | I16: Planificación (DPD)
E17: =+C17/$C$31 -> #DIV/0! | F17: =+D17/$D$31 -> #DIV/0! | G17: =+B17/$B$31 -> #DIV/0! | I17: Dirección Primer Nivel (DPN)
E18: =+C18/$C$31 -> #DIV/0! | F18: =+D18/$D$31 -> #DIV/0! | G18: =+B18/$B$31 -> #DIV/0! | I18: Asistencia a la Red (DAR)
E19: =+C19/$C$31 -> #DIV/0! | F19: =+D19/$D$31 -> #DIV/0! | G19: =+B19/$B$31 -> #DIV/0! | I19: Seguridad Física (DSF)
E20: =+C20/$C$31 -> #DIV/0! | F20: =+D20/$D$31 -> #DIV/0! | G20: =+B20/$B$31 -> #DIV/0! | I20: Sistema de Información (DSI)
E21: =+C21/$C$31 -> #DIV/0! | F21: =+D21/$D$31 -> #DIV/0! | G21: =+B21/$B$31 -> #DIV/0! | I21: Tecnología (DTI)
E22: =+C22/$C$31 -> #DIV/0! | F22: =+D22/$D$31 -> #DIV/0! | G22: =+B22/$B$31 -> #DIV/0! | I22: Calidad Servicios de Salud (CSS)
E23: =+C23/$C$31 -> #DIV/0! | F23: =+D23/$D$31 -> #DIV/0! | G23: =+B23/$B$31 -> #DIV/0! | I23: Materno-Infantil (MIA)
E24: =+C24/$C$31 -> #DIV/0! | F24: =+D24/$D$31 -> #DIV/0! | G24: =+B24/$B$31 -> #DIV/0! | I24: OAI
E25: =+C25/$C$31 -> #DIV/0! | F25: =+D25/$D$31 -> #DIV/0! | G25: =+B25/$B$31 -> #DIV/0! | I25: Control y Fiscalización (OCF)
E26: =+C26/$C$31 -> #DIV/0! | F26: =+D26/$D$31 -> #DIV/0! | G26: =+B26/$B$31 -> #DIV/0! | I26: Odontología (ODO)
E27: =+C27/$C$31 -> #DIV/0! | F27: =+D27/$D$31 -> #DIV/0! | G27: =+B27/$B$31 -> #DIV/0! | I27: Pasantía Médica (PSM)
... E29: =+C29/$C$31 -> #DIV/0! | F29: =+D29/$D$31 -> #DIV/0! | G29: =+B29/$B$31 -> #DIV/0! | I29: Medicamentos e Insumos (DMI)
E30: =+C30/$C$31 -> #DIV/0! | F30: =+D30/$D$31 -> #DIV/0! | G30: =+B30/$B$31 -> #DIV/0!
A31: Total | B31: =SUM(B16:B30) -> 0 | C31: =SUM(C16:C30) -> 0 | D31: =SUM(D16:D30) -> 0 | E31: =SUM(E16:E30) -> #DIV/0! | F31: =SUM(F16:F30) -> #DIV/0! | G31: =SUM(G16:G30) -> #DIV/0!

Sheet Formulario PPGR1
H2: Servicio Nacional de Salud | M2: Año del POA: | N2: 2020
H3: Dirección de Planificación y Desarrollo | M3: Servicio Regional de Salud: | N3: R1 - SRS Valdesia | V3: =VLOOKUP(N3,Catalogo!$B$10:$C$19,2,FALSE) -> Ls_DependenciasSRS
M4: Estructura: | V4: =IF(V3="Ls_Estructura",VLOOKUP(N4,Catalogo!B23:C27,2,FALSE),VLOOKUP(N4,Catalogo!$B$97:$C$101,2,FALSE)) -> #N/A
H5: Identificación de Productos/Resultados | M5: =IF(V3="Ls_Estructura",VLOOKUP($N$4,Catalogo!$B$23:$D$28,3,FALSE),VLOOKUP($N$4,Catalogo!$B$97:$D$101,3,FALSE)) -> #N/A
B8: Prioridades Directivas | C8: POA | D8: SRS | E8: AREA | F8: TIPO | G8: Línea estratégica | H8: Cod_LE | I8: Objetivo | J8: Cod_Obj | K8: Resultado esperado | L8: Productos | M8: Indicador | N8: Unidad de medida | O8: Línea Base | P8: Meta | Q8: 1er. Trimestre | R8: 2do. Trimestre | S8: 3er. Trimestre | T8: 4to. Trimestre | U8: Supuestos | V8: Dependencia responsable
B9: Gestión y Control de la Planificación Institucional | C9: =IF(Tabla3[[#This Row],[Línea estratégica]]="","",#REF!) -> #REF! | D9: =IF(Tabla3[[#This Row],[Línea estratégica]]="","",#REF!) -> #REF! | E9: =IF(Tabla3[[#This Row],[Línea estratégica]]="","",#REF!) -> #REF! | F9: =IF(Tabla3[[#This Row],[Línea estratégica]]="","",#REF!) -> #REF! | G9: Le.1 - Fortalecer las capacidades gestoras institucionales del SNS a través de la implementación del Modelo de Gestión, del desarrollo de su organización funcional y de las capacidades e instrumentos necesarios en cada ámbito de gestión | H9: =IFERROR(VLOOKUP(Tabla3[[#This Row],[Línea estratégica]],Obj!$B$57:$C$90,2,FALSE),"") -> Le.1 | I9: Obj1.1 - Definir e implementar un modelo organizativo funcional en el Nivel Central del SNS | J9: =IFERROR(VLOOKUP($I9,Obj!$D$132:$E$147,2,FALSE),"") -> Obj1.1 | K9: Gestión Administrativa y Estratégica fortalecida | L9: 1.1.3.1 Fortalecimiento de la Planificación Institucional | M9: Porcentaje de productos de planificación generados y reportados | N9: Porcentaje | O9: 0.5 | P9: 1 | V9: Planificacion y desarrollo. | Y9: Desarrollo y Gestión de la Red de Servicios
B10: Gestión y Control de la Planificación Institucional | C10: =IF(Tabla3[[#This Row],[Línea estratégica]]="","",#REF!) -> #REF! | D10: =IF(Tabla3[[#This Row],[Línea estratégica]]="","",#REF!) -> #REF! | E10: =IF(Tabla3[[#This Row],[Línea estratégica]]="","",#REF!) -> #REF! | F10: =IF(Tabla3[[#This Row],[Línea estratégica]]="","",#REF!) -> #REF! | G10: Le.1 - Fortalecer las capacidades gestoras institucionales del SNS a través de la implementación del Modelo de Gestión, del desarrollo de su organización funcional y de las capacidades e instrumentos necesarios en cada ámbito de gestión | H10: =IFERROR(VLOOKUP(Tabla3[[#This Row],[Línea estratégica]],Obj!$B$57:$C$90,2,FALSE),"") -> Le.1 | I10: Obj1.1 - Definir e implementar un modelo organizativo funcional en el Nivel Central del SNS | J10: =IFERROR(VLOOKUP($I10,Obj!$D$132:$E$147,2,FALSE),"") -> Obj1.1 | K10: Gestión Administrativa y Estratégica fortalecida | L10: 1.1.3.2 Gestión documental de procesos institucionales | M10: Porcentaje de ejecución del plan de clasificación y administración de la gestión documental | N10: Porcentaje | O10: 0.1 | P10: 0.5 | V10: Planificacion y desarrollo. | Y10: Transparencia Institucional
B11: Gestión y Control de la Planificación Institucional | C11: =IF(Tabla3[[#This Row],[Línea estratégica]]="","",#REF!) -> #REF! | D11: =IF(Tabla3[[#This Row],[Línea estratégica]]="","",#REF!) -> #REF! | E11: =IF(Tabla3[[#This Row],[Línea estratégica]]="","",#REF!) -> #REF! | F11: =IF(Tabla3[[#This Row],[Línea estratégica]]="","",#REF!) -> #REF! | G11: Le.1 - Fortalecer las capacidades gestoras institucionales del SNS a través de la implementación del Modelo de Gestión, del desarrollo de su organización funcional y de las capacidades e instrumentos necesarios en cada ámbito de gestión | H11: =IFERROR(VLOOKUP(Tabla3[[#This Row],[Línea estratégica]],Obj!$B$57:$C$90,2,FALSE),"") -> Le.1 | I11: Obj1.1 - Definir e implementar un modelo organizativo funcional en el Nivel Central del SNS | J11: =IFERROR(VLOOKUP($I11,Obj!$D$132:$E$147,2,FALSE),"") -> Obj1.1 | K11: Gestión Administrativa y Estratégica fortalecida | L11: 1.1.3.1. Modelo de Gestión de Calidad Intitucional | M11: Nivel de implementación del modelo de gestión de calidad | N11: Porcentaje | O11: 0.1 | P11: 0.5 | V11: Direccion de Planificacion y Desarrollo/División Calidad Institucional | Y11: Gestión Integral de Información
B12: Transparencia Institucional | C12: =IF(Tabla3[[#This Row],[Línea estratégica]]="","",#REF!) -> #REF! | D12: =IF(Tabla3[[#This Row],[Línea estratégica]]="","",#REF!) -> #REF! | E12: =IF(Tabla3[[#This Row],[Línea estratégica]]="","",#REF!) -> #REF! | F12: =IF(Tabla3[[#This Row],[Línea estratégica]]="","",#REF!) -> #REF! | G12: Le.1 - Fortalecer las capacidades gestoras institucionales del SNS a través de la implementación del Modelo de Gestión, del desarrollo de su organización funcional y de las capacidades e instrumentos necesarios en cada ámbito de gestión | H12: =IFERROR(VLOOKUP(Tabla3[[#This Row],[Línea estratégica]],Obj!$B$57:$C$90,2,FALSE),"") -> Le.1 | I12: Obj1.1 - Definir e implementar un modelo organizativo funcional en el Nivel Central del SNS | J12: =IFERROR(VLOOKUP($I12,Obj!$D$132:$E$147,2,FALSE),"") -> Obj1.1 | K12: Estructuras organizativas y funcionales desplegadas en todos los niveles del SNS | L12: 1.1.2-1Estandarización de los Sub-portales de Trasparencia de la Red SNS | M12: Niveles del SNS con estructura funcional y organizativa | N12: Porcentaje | O12: 0.1 | P12: 0.3 | V12: Oficina Acceso a la Información (OAI) | Y12: Gestión y Control de la Planificación Institucional
B13: Transparencia Institucional | C13: =IF(Tabla3[[#This Row],[Línea estratégica]]="","",#REF!) -> #REF! | D13: =IF(Tabla3[[#This Row],[Línea estratégica]]="","",#REF!) -> #REF! | E13: =IF(Tabla3[[#This Row],[Línea estratégica]]="","",#REF!) -> #REF! | F13: =IF(Tabla3[[#This Row],[Línea estratégica]]="","",#REF!) -> #REF! | G13: Le.1 - Fortalecer las capacidades gestoras institucionales del SNS a través de la implementación del Modelo de Gestión, del desarrollo de su organización funcional y de las capacidades e instrumentos necesarios en cada ámbito de gestión | H13: =IFERROR(VLOOKUP(Tabla3[[#This Row],[Línea estratégica]],Obj!$B$57:$C$90,2,FALSE),"") -> Le.1 | I13: Obj1.1 - Definir e implementar un modelo organizativo funcional en el Nivel Central del SNS | J13: =IFERROR(VLOOKUP($I13,Obj!$D$132:$E$147,2,FALSE),"") -> Obj1.1 | K13: Estructuras organizativas y funcionales desplegadas en todos los niveles del SNS | L13: 1.1.2.2Conformación Comisiones de Ética | M13: Niveles del SNS con estructura funcional y organizativa | N13: Porcentaje | O13: 0.1 | P13: 0.3 | V13: Oficina Acceso a la Información (OAI) | Y13: Promoción y Cultura de Innovación
B14: Gestionar y fortalecer el Talento Humano | C14: =IF(Tabla3[[#This Row],[Línea estratégica]]="","",#REF!) -> #REF! | D14: =IF(Tabla3[[#This Row],[Línea estratégica]]="","",#REF!) -> #REF! | E14: =IF(Tabla3[[#This Row],[Línea estratégica]]="","",#REF!) -> #REF! | F14: =IF(Tabla3[[#This Row],[Línea estratégica]]="","",#REF!) -> #REF! | G14: Le.1 - Fortalecer las capacidades gestoras institucionales del SNS a través de la implementación del Modelo de Gestión, del desarrollo de su organización funcional y de las capacidades e instrumentos necesarios en cada ámbito de gestión | H14: =IFERROR(VLOOKUP(Tabla3[[#This Row],[Línea estratégica]],Obj!$B$57:$C$90,2,FALSE),"") -> Le.1 | I14: Obj1.1 - Definir e implementar un modelo organizativo funcional en el Nivel Central del SNS | J14: =IFERROR(VLOOKUP($I14,Obj!$D$132:$E$147,2,FALSE),"") -> Obj1.1 | K14: Estructuras organizativas y funcionales desplegadas en todos los niveles del SNS | L14: 1.1.1. Planificación de Recursos Humanos Servicio Regional de Salud | M14: Nivel de recurso Humano Planificado | N14: Porcentaje | P14: 0.5 | V14: Recursos Humanos | Y14: Disminución de la Mortalidad Materna e Infantil
B15: Desarrollo y Gestión de la Red de Servicios | C15: =IF(Tabla3[[#This Row],[Línea estratégica]]="","",#REF!) -> #REF! | D15: =IF(Tabla3[[#This Row],[Línea estratégica]]="","",#REF!) -> #REF! | E15: =IF(Tabla3[[#This Row],[Línea estratégica]]="","",#REF!) -> #REF! | F15: =IF(Tabla3[[#This Row],[Línea estratégica]]="","",#REF!) -> #REF! | G15: Le.1 - Fortalecer las capacidades gestoras institucionales del SNS a través de la implementación del Modelo de Gestión, del desarrollo de su organización funcional y de las capacidades e instrumentos necesarios en cada ámbito de gestión | H15: =IFERROR(VLOOKUP(Tabla3[[#This Row],[Línea estratégica]],Obj!$B$57:$C$90,2,FALSE),"") -> Le.1 | I15: Obj1.1 - Definir e implementar un modelo organizativo funcional en el Nivel Central del SNS | J15: =IFERROR(VLOOKUP($I15,Obj!$D$132:$E$147,2,FALSE),"") -> Obj1.1 | K15: Gestión Administrativa y Estratégica fortalecida | L15: 1.1 .3.1 Implementación del Circulo de Desarrollo Gerencial | M15: Total de CEAS que han implementado su circulo de desarrollo gerencial. | N15: Porcentaje | O15: 0 | P15: 0.5 | V15: Hospitales | Y15: Gestionar y fortalecer el Talento Humano
B16: Desarrollo y Gestión de la Red de Servicios | C16: =IF(Tabla3[[#This Row],[Línea estratégica]]="","",#REF!) -> #REF! | D16: =IF(Tabla3[[#This Row],[Línea estratégica]]="","",#REF!) -> #REF! | E16: =IF(Tabla3[[#This Row],[Línea estratégica]]="","",#REF!) -> #REF! | F16: =IF(Tabla3[[#This Row],[Línea estratégica]]="","",#REF!) -> #REF! | G16: Le.1 - Fortalecer las capacidades gestoras institucionales del SNS a través de la implementación del Modelo de Gestión, del desarrollo de su organización funcional y de las capacidades e instrumentos necesarios en cada ámbito de gestión | H16: =IFERROR(VLOOKUP(Tabla3[[#This Row],[Línea estratégica]],Obj!$B$57:$C$90,2,FALSE),"") -> Le.1 | I16: Obj1.2 - Actualizar e implementar el Modelo de Gestión del SNS en todos sus niveles y el Modelo de Red de los SRS | J16: =IFERROR(VLOOKUP($I16,Obj!$D$132:$E$147,2,FALSE),"") -> Obj1.2 | K16: Promovida la gestión eficiente, que facilite la comunicación, coordinación y control de la red del SNS | L16: 1.2.2.1. Portal de Transparencia de la Red SNS | M16: Evaluación del portal de transparencia de la DCSNS | N16: Porcentaje | O16: 1 | P16: 1 | V16: Oficina Acceso a la Información (OAI) | Y16: Automatización Tecnológica
B17: Desarrollo y Gestión de la Red de Servicios | C17: =IF(Tabla3[[#This Row],[Línea estratégica]]="","",#REF!) -> #REF! | D17: =IF(Tabla3[[#This Row],[Línea estratégica]]="","",#REF!) -> #REF! | E17: =IF(Tabla3[[#This Row],[Línea estratégica]]="","",#REF!) -> #REF! | F17: =IF(Tabla3[[#This Row],[Línea estratégica]]="","",#REF!) -> #REF! | G17: Le.1 - Fortalecer las capacidades gestoras institucionales del SNS a través de la implementación del Modelo de Gestión, del desarrollo de su organización funcional y de las capacidades e instrumentos necesarios en cada ámbito de gestión | H17: =IFERROR(VLOOKUP(Tabla3[[#This Row],[Línea estratégica]],Obj!$B$57:$C$90,2,FALSE),"") -> Le.1 | I17: Obj1.2 - Actualizar e implementar el Modelo de Gestión del SNS en todos sus niveles y el Modelo de Red de los SRS | J17: =IFERROR(VLOOKUP($I17,Obj!$D$132:$E$147,2,FALSE),"") -> Obj1.2 | K17: Modelo de Red implementado y operando acorde a los lineamientos del Modelo de Gestión y del Modelo de Atención | L17: 1.2.1.1Conectividad de la Red | M17: Total de CEAS del SRScapacitados en la MGP | N17: Porcentaje | O17: 0 | P17: 100 | V17: Hospitales | Y17: Cultura de Servicios y Gestión de Usuarios
B18: Desarrollo y Gestión de la Red de Servicios | C18: =IF(Tabla3[[#This Row],[Línea estratégica]]="","",#REF!) -> #REF! | D18: =IF(Tabla3[[#This Row],[Línea estratégica]]="","",#REF!) -> #REF! | E18: =IF(Tabla3[[#This Row],[Línea estratégica]]="","",#REF!) -> #REF! | F18: =IF(Tabla3[[#This Row],[Línea estratégica]]="","",#REF!) -> #REF! | G18: Le.1 - Fortalecer las capacidades gestoras institucionales del SNS a través de la implementación del Modelo de Gestión, del desarrollo de su organización funcional y de las capacidades e instrumentos necesarios en cada ámbito de gestión | H18: =IFERROR(VLOOKUP(Tabla3[[#This Row],[Línea estratégica]],Obj!$B$57:$C$90,2,FALSE),"") -> Le.1 | I18: Obj1.2 - Actualizar e implementar el Modelo de Gestión del SNS en todos sus niveles y el Modelo de Red de los SRS | J18: =IFERROR(VLOOKUP($I18,Obj!$D$132:$E$147,2,FALSE),"") -> Obj1.2 | K18: Promovida la gestión eficiente, que facilite la comunicación, coordinación y control de la red del SNS | L18: 1.2.2.1 Implementación de los Comités de Veeduría | M18: Total de CEAS que tienen implementados los comites de veeduria | N18: Porcentaje | O18: 0 | P18: 1 | V18: Hospitales | Y18: Fortalecimiento de la Veeduría y participación social
B19: Gestión y Control de la Planificación Institucional | C19: =IF(Tabla3[[#This Row],[Línea estratégica]]="","",#REF!) -> #REF! | D19: =IF(Tabla3[[#This Row],[Línea estratégica]]="","",#REF!) -> #REF! | E19: =IF(Tabla3[[#This Row],[Línea estratégica]]="","",#REF!) -> #REF! | F19: =IF(Tabla3[[#This Row],[Línea estratégica]]="","",#REF!) -> #REF! | G19: Le.1 - Fortalecer las capacidades gestoras institucionales del SNS a través de la implementación del Modelo de Gestión, del desarrollo de su organización funcional y de las capacidades e instrumentos necesarios en cada ámbito de gestión | H19: =IFERROR(VLOOKUP(Tabla3[[#This Row],[Línea estratégica]],Obj!$B$57:$C$90,2,FALSE),"") -> Le.1 | I19: Obj1.2 - Actualizar e implementar el Modelo de Gestión del SNS en todos sus niveles y el Modelo de Red de los SRS | J19: =IFERROR(VLOOKUP($I19,Obj!$D$132:$E$147,2,FALSE),"") -> Obj1.2 | K19: Modelo de Red implementado y operando acorde a los lineamientos del Modelo de Gestión y del Modelo de Atención | L19: 1.2.1 Modelo de Red implementado y operando acorde a los lineamientos del Modelo de Gestión y del Modelo de atencion | M19: Nivel de implementacion del modelo de gestion | N19: Porcentaje | O19: 153 CPN | P19: 1 | V19: Coordinacion de primer nivel de atencion | Y19: Calidad de la Atención Clínica
B20: Desarrollo y Gestión de la Red de Servicios | C20: =IF(Tabla3[[#This Row],[Línea estratégica]]="","",#REF!) -> #REF! | D20: =IF(Tabla3[[#This Row],[Línea estratégica]]="","",#REF!) -> #REF! | E20: =IF(Tabla3[[#This Row],[Línea estratégica]]="","",#REF!) -> #REF! | F20: =IF(Tabla3[[#This Row],[Línea estratégica]]="","",#REF!) -> #REF! | G20: Le.1 - Fortalecer las capacidades gestoras institucionales del SNS a través de la implementación del Modelo de Gestión, del desarrollo de su organización funcional y de las capacidades e instrumentos necesarios en cada ámbito de gestión | H20: =IFERROR(VLOOKUP(Tabla3[[#This Row],[Línea estratégica]],Obj!$B$57:$C$90,2,FALSE),"") -> Le.1 | I20: Obj1.2 - Actualizar e implementar el Modelo de Gestión del SNS en todos sus niveles y el Modelo de Red de los SRS | J20: =IFERROR(VLOOKUP($I20,Obj!$D$132:$E$147,2,FALSE),"") -> Obj1.2 | K20: Promovida la gestión eficiente, que facilite la comunicación, coordinación y control de la red del SNS | L20: 1.2.2.1Despliegue de los instrumentos de Gestión Clínica | M20: Instrumentos de gestion clinica despplegados en la red. | N20: Porcentage | O20: 0.1 | P20: 0.5 | V20: GestionClinica.
B21: Desarrollo y Gestión de la Red de Servicios | C21: =IF(Tabla3[[#This Row],[Línea estratégica]]="","",#REF!) -> #REF! | D21: =IF(Tabla3[[#This Row],[Línea estratégica]]="","",#REF!) -> #REF! | E21: =IF(Tabla3[[#This Row],[Línea estratégica]]="","",#REF!) -> #REF! | F21: =IF(Tabla3[[#This Row],[Línea estratégica]]="","",#REF!) -> #REF! | G21: Le.1 - Fortalecer las capacidades gestoras institucionales del SNS a través de la implementación del Modelo de Gestión, del desarrollo de su organización funcional y de las capacidades e instrumentos necesarios en cada ámbito de gestión | H21: =IFERROR(VLOOKUP(Tabla3[[#This Row],[Línea estratégica]],Obj!$B$57:$C$90,2,FALSE),"") -> Le.1 | I21: Obj1.3 - Desarrollar e implementar un modelo económico y financiero que garantice la sostenibilidad de la Red de servicios incluyendo los Hospitales Autogestionados | J21: =IFERROR(VLOOKUP($I21,Obj!$D$132:$E$147,2,FALSE),"") -> Obj1.3 | K21: Racionalizado el uso de los recursos financieros y económicos (inventario, bienes y equipos) | L21: 1.3.2.1 Implementación del Sistema de Administración de Bienes | M21: Porcentaje de establecimientos de la Red con inventarios actualizados | N21: Porcentaje | P21: 0.95 | V21: Administracion
B22: Desarrollo y Gestión de la Red de Servicios | C22: =IF(Tabla3[[#This Row],[Línea estratégica]]="","",#REF!) -> #REF! | D22: =IF(Tabla3[[#This Row],[Línea estratégica]]="","",#REF!) -> #REF! | E22: =IF(Tabla3[[#This Row],[Línea estratégica]]="","",#REF!) -> #REF! | F22: =IF(Tabla3[[#This Row],[Línea estratégica]]="","",#REF!) -> #REF! | G22: Le.1 - Fortalecer las capacidades gestoras institucionales del SNS a través de la implementación del Modelo de Gestión, del desarrollo de su organización funcional y de las capacidades e instrumentos necesarios en cada ámbito de gestión | H22: =IFERROR(VLOOKUP(Tabla3[[#This Row],[Línea estratégica]],Obj!$B$57:$C$90,2,FALSE),"") -> Le.1 | I22: Obj1.3 - Desarrollar e implementar un modelo económico y financiero que garantice la sostenibilidad de la Red de servicios incluyendo los Hospitales Autogestionados | J22: =IFERROR(VLOOKUP($I22,Obj!$D$132:$E$147,2,FALSE),"") -> Obj1.3 | K22: Incrementada la sostenibilidad financiera de la Red, mediante la implementación de un Modelo de Gestión Económico y Financiero que permita reducir las brechas entre los recursos y las necesidades | L22: 1.3.1.1.Fortalecimiento de la gestión financiera de la Red | M22: Porcentaje de EESS con ARS contratadas y un sistema de facturacion incrementado | N22: Porcentaje | P22: 0.9 | V22: Administracion
B23: Desarrollo y Gestión de la Red de Servicios | C23: =IF(Tabla3[[#This Row],[Línea estratégica]]="","",#REF!) -> #REF! | D23: =IF(Tabla3[[#This Row],[Línea estratégica]]="","",#REF!) -> #REF! | E23: =IF(Tabla3[[#This Row],[Línea estratégica]]="","",#REF!) -> #REF! | F23: =IF(Tabla3[[#This Row],[Línea estratégica]]="","",#REF!) -> #REF! | G23: Le.1 - Fortalecer las capacidades gestoras institucionales del SNS a través de la implementación del Modelo de Gestión, del desarrollo de su organización funcional y de las capacidades e instrumentos necesarios en cada ámbito de gestión | H23: =IFERROR(VLOOKUP(Tabla3[[#This Row],[Línea estratégica]],Obj!$B$57:$C$90,2,FALSE),"") -> Le.1 | I23: Obj1.3 - Desarrollar e implementar un modelo económico y financiero que garantice la sostenibilidad de la Red de servicios incluyendo los Hospitales Autogestionados | J23: =IFERROR(VLOOKUP($I23,Obj!$D$132:$E$147,2,FALSE),"") -> Obj1.3 | K23: Incrementada la sostenibilidad financiera de la Red, mediante la implementación de un Modelo de Gestión Económico y Financiero que permita reducir las brechas entre los recursos y las necesidades | L23: 1.3.1.1Objecciones Medicas Disminuidas | M23: Total de CEAS con objeciones medicas disminuidas | N23: porcentaje | O23: 0 | P23: 1 | V23: Hospitales
B24: Desarrollo y Gestión de la Red de Servicios | C24: =IF(Tabla3[[#This Row],[Línea estratégica]]="","",#REF!) -> #REF! | D24: =IF(Tabla3[[#This Row],[Línea estratégica]]="","",#REF!) -> #REF! | E24: =IF(Tabla3[[#This Row],[Línea estratégica]]="","",#REF!) -> #REF! | F24: =IF(Tabla3[[#This Row],[Línea estratégica]]="","",#REF!) -> #REF! | G24: Le.1 - Fortalecer las capacidades gestoras institucionales del SNS a través de la implementación del Modelo de Gestión, del desarrollo de su organización funcional y de las capacidades e instrumentos necesarios en cada ámbito de gestión | H24: =IFERROR(VLOOKUP(Tabla3[[#This Row],[Línea estratégica]],Obj!$B$57:$C$90,2,FALSE),"") -> Le.1 | I24: Obj1.3 - Desarrollar e implementar un modelo económico y financiero que garantice la sostenibilidad de la Red de servicios incluyendo los Hospitales Autogestionados | J24: =IFERROR(VLOOKUP($I24,Obj!$D$132:$E$147,2,FALSE),"") -> Obj1.3 | K24: Incrementada la sostenibilidad financiera de la Red, mediante la implementación de un Modelo de Gestión Económico y Financiero que permita reducir las brechas entre los recursos y las necesidades | L24: 1.3.1.2 Despliegue del convenio marco en los CEAS | M24: Total de CEAS que cumplen con los indicadores del convenio marco | N24: porcentaje | O24: 0 | P24: 1 | V24: Hospitales
B25: Desarrollo y Gestión de la Red de Servicios | C25: =IF(Tabla3[[#This Row],[Línea estratégica]]="","",#REF!) -> #REF! | D25: =IF(Tabla3[[#This Row],[Línea estratégica]]="","",#REF!) -> #REF! | E25: =IF(Tabla3[[#This Row],[Línea estratégica]]="","",#REF!) -> #REF! | F25: =IF(Tabla3[[#This Row],[Línea estratégica]]="","",#REF!) -> #REF! | G25: Le.1 - Fortalecer las capacidades gestoras institucionales del SNS a través de la implementación del Modelo de Gestión, del desarrollo de su organización funcional y de las capacidades e instrumentos necesarios en cada ámbito de gestión | H25: =IFERROR(VLOOKUP(Tabla3[[#This Row],[Línea estratégica]],Obj!$B$57:$C$90,2,FALSE),"") -> Le.1 | I25: Obj1.3 - Desarrollar e implementar un modelo económico y financiero que garantice la sostenibilidad de la Red de servicios incluyendo los Hospitales Autogestionados | J25: =IFERROR(VLOOKUP($I25,Obj!$D$132:$E$147,2,FALSE),"") -> Obj1.3 | K25: Incrementada la sostenibilidad financiera de la Red, mediante la implementación de un Modelo de Gestión Económico y Financiero que permita reducir las brechas entre los recursos y las necesidades | L25: 1.3.1.2 Fortalecimiento de la gestión financiera de la Red | M25: Nivel de implementacion de las NOBACI | N25: 10 | O25: 0.75 | U25: ADMINISTRATIVO /FINANCIERO (FINANCIERO) | V25: ADMINISTRATIVO /FINANCIERO (FINANCIERO)
B26: Desarrollo y Gestión de la Red de Servicios | C26: =IF(Tabla3[[#This Row],[Línea estratégica]]="","",#REF!) -> #REF! | D26: =IF(Tabla3[[#This Row],[Línea estratégica]]="","",#REF!) -> #REF! | E26: =IF(Tabla3[[#This Row],[Línea estratégica]]="","",#REF!) -> #REF! | F26: =IF(Tabla3[[#This Row],[Línea estratégica]]="","",#REF!) -> #REF! | G26: Le.1 - Fortalecer las capacidades gestoras institucionales del SNS a través de la implementación del Modelo de Gestión, del desarrollo de su organización funcional y de las capacidades e instrumentos necesarios en cada ámbito de gestión | H26: =IFERROR(VLOOKUP(Tabla3[[#This Row],[Línea estratégica]],Obj!$B$57:$C$90,2,FALSE),"") -> Le.1 | I26: Obj1.3 - Desarrollar e implementar un modelo económico y financiero que garantice la sostenibilidad de la Red de servicios incluyendo los Hospitales Autogestionados | J26: =IFERROR(VLOOKUP($I26,Obj!$D$132:$E$147,2,FALSE),"") -> Obj1.3 | K26: Incrementada la sostenibilidad financiera de la Red, mediante la implementación de un Modelo de Gestión Económico y Financiero que permita reducir las brechas entre los recursos y las necesidades | L26: 1.3.1.2 Fortalecimiento de la gestión financiera de la Red | M26: Porcentaje de Establecimiento que presentan sus informes de rendicion de cuenta de manera oportuna. | N26: 9 | O26: 0.8 | U26: ADMINISTRATIVO /FINANCIERO (FINANCIERO) | V26: ADMINISTRATIVO /FINANCIERO (FINANCIERO)
B27: Desarrollo y Gestión de la Red de Servicios | C27: =IF(Tabla3[[#This Row],[Línea estratégica]]="","",#REF!) -> #REF! | D27: =IF(Tabla3[[#This Row],[Línea estratégica]]="","",#REF!) -> #REF! | E27: =IF(Tabla3[[#This Row],[Línea estratégica]]="","",#REF!) -> #REF! | F27: =IF(Tabla3[[#This Row],[Línea estratégica]]="","",#REF!) -> #REF! | G27: Le.1 - Fortalecer las capacidades gestoras institucionales del SNS a través de la implementación del Modelo de Gestión, del desarrollo de su organización funcional y de las capacidades e instrumentos necesarios en cada ámbito de gestión | H27: =IFERROR(VLOOKUP(Tabla3[[#This Row],[Línea estratégica]],Obj!$B$57:$C$90,2,FALSE),"") -> Le.1 | I27: Obj1.4 - Definir e implementar los mecanismos de relación y articulación interna entre el centro coordinador del SNS y los SRS y al interno de los SRS, en forma de acuerdos de gestión que incorporen objetivos y resultados | J27: =IFERROR(VLOOKUP($I27,Obj!$D$132:$E$147,2,FALSE),"") -> Obj1.4 | K27: Fortalecida la capacidad de Gestión de la Red en relación a los objetivos estratégicos del SNS | L27: 1.4.1.1Fortalecimiento de la provisión de servicios odontológicos | M27: porcentaje deEESS con servicios odontologicos fortalecidos. | N27: porciento | O27: 0.1 | P27: 0.4 | V27: Gestion Clinica / salud bucal
B28: Calidad de la Atención Clínica | C28: =IF(Tabla3[[#This Row],[Línea estratégica]]="","",#REF!) -> #REF! | D28: =IF(Tabla3[[#This Row],[Línea estratégica]]="","",#REF!) -> #REF! | E28: =IF(Tabla3[[#This Row],[Línea estratégica]]="","",#REF!) -> #REF! | F28: =IF(Tabla3[[#This Row],[Línea estratégica]]="","",#REF!) -> #REF! | G28: Le.1 - Fortalecer las capacidades gestoras institucionales del SNS a través de la implementación del Modelo de Gestión, del desarrollo de su organización funcional y de las capacidades e instrumentos necesarios en cada ámbito de gestión | H28: =IFERROR(VLOOKUP(Tabla3[[#This Row],[Línea estratégica]],Obj!$B$57:$C$90,2,FALSE),"") -> Le.1 | I28: Obj1.5 - Definir e implementar el modelo de articulación externa con los agentes relevantes del sector salud y otros sectores, que coadyuven con el logro de los objetivos estratégicos de la institución | J28: =IFERROR(VLOOKUP($I28,Obj!$D$132:$E$147,2,FALSE),"") -> Obj1.5 | K28: Fortalecida las relaciones del Nivel Central del SNS y otros agentes del sector Salud | L28: 1.5.1.1 Fortalecimiento de los servicios de salud en materia de política de género. | M28: Número de Centros de salud que han fortalecido sus servicios de salud en base al manejo de conflictos relacionados con la violencia de género e intrafamiliar. | N28: Porcentaje | O28: 50% de salud que han sido capacitados en manejo de víctimas de violencia | P28: 0.5 | V28: Gestión Clínica/programa política de género
B29: Calidad de la Atención Clínica | C29: =IF(Tabla3[[#This Row],[Línea estratégica]]="","",#REF!) -> #REF! | D29: =IF(Tabla3[[#This Row],[Línea estratégica]]="","",#REF!) -> #REF! | E29: =IF(Tabla3[[#This Row],[Línea estratégica]]="","",#REF!) -> #REF! | F29: =IF(Tabla3[[#This Row],[Línea estratégica]]="","",#REF!) -> #REF! | G29: Le.1 - Fortalecer las capacidades gestoras institucionales del SNS a través de la implementación del Modelo de Gestión, del desarrollo de su organización funcional y de las capacidades e instrumentos necesarios en cada ámbito de gestión | H29: =IFERROR(VLOOKUP(Tabla3[[#This Row],[Línea estratégica]],Obj!$B$57:$C$90,2,FALSE),"") -> Le.1 | I29: Obj1.5 - Definir e implementar el modelo de articulación externa con los agentes relevantes del sector salud y otros sectores, que coadyuven con el logro de los objetivos estratégicos de la institución | J29: =IFERROR(VLOOKUP($I29,Obj!$D$132:$E$147,2,FALSE),"") -> Obj1.5 | K29: Fortalecida las relaciones del Nivel Central del SNS y otros agentes del sector Salud | L29: 1.5.1.1 Fortalecimiento de los servicios de salud en materia de política de género. | M29: Número de Centros de salud que han fortalecido sus servicios de salud con la conformación de la unidad de género en salud. | N29: Porcentaje | O29: Actualmente no contamos con ninguna unidad de género funcionando en nuestros hospitales. | P29: 0.1 | V29: Gestión Clínica/programa política de género
B30: Gestión Integral de Información | C30: =IF(Tabla3[[#This Row],[Línea estratégica]]="","",#REF!) -> #REF! | D30: =IF(Tabla3[[#This Row],[Línea estratégica]]="","",#REF!) -> #REF! | E30: =IF(Tabla3[[#This Row],[Línea estratégica]]="","",#REF!) -> #REF! | F30: =IF(Tabla3[[#This Row],[Línea estratégica]]="","",#REF!) -> #REF! | G30: Le.1 - Fortalecer las capacidades gestoras institucionales del SNS a través de la implementación del Modelo de Gestión, del desarrollo de su organización funcional y de las capacidades e instrumentos necesarios en cada ámbito de gestión | H30: =IFERROR(VLOOKUP(Tabla3[[#This Row],[Línea estratégica]],Obj!$B$57:$C$90,2,FALSE),"") -> Le.1 | I30: Obj1.6 - Fortalecer los sistemas de información existentes en todos los niveles del SNS para apoyar la gestión para resultados | J30: =IFERROR(VLOOKUP($I30,Obj!$D$132:$E$147,2,FALSE),"") -> Obj1.6 | K30: Estandarizados los instrumentos de recolección de datos de los establecimientos de salud y de las entidades administrativas de la red, que minimice la duplicidad de reportes e informes que emanen de los diferentes niveles | L30: 1.6.2.1 Formularios primarios estandarizados | M30: porcentaje de formularios primarios estandarizados. | N30: formularios | O30: 0 | P30: 1 | V30: Enc. Del Sistema de informacion.
B31: Gestión Integral de Información | C31: =IF(Tabla3[[#This Row],[Línea estratégica]]="","",#REF!) -> #REF! | D31: =IF(Tabla3[[#This Row],[Línea estratégica]]="","",#REF!) -> #REF! | E31: =IF(Tabla3[[#This Row],[Línea estratégica]]="","",#REF!) -> #REF! | F31: =IF(Tabla3[[#This Row],[Línea estratégica]]="","",#REF!) -> #REF! | G31: Le.1 - Fortalecer las capacidades gestoras institucionales del SNS a través de la implementación del Modelo de Gestión, del desarrollo de su organización funcional y de las capacidades e instrumentos necesarios en cada ámbito de gestión | H31: =IFERROR(VLOOKUP(Tabla3[[#This Row],[Línea estratégica]],Obj!$B$57:$C$90,2,FALSE),"") -> Le.1 | I31: Obj1.6 - Fortalecer los sistemas de información existentes en todos los niveles del SNS para apoyar la gestión para resultados | J31: =IFERROR(VLOOKUP($I31,Obj!$D$132:$E$147,2,FALSE),"") -> Obj1.6 | K31: Sistemas de información digitales estandarizados, que permita el flujo de información entre niveles y facilite la toma de decisiones desarrollados e implementados | L31: 1.6.4.1 Fortalecimiento del sistema de informacion dela red | M31: porcentaje de informes estadisticos en los tiempos establecidos | N31: porcentaje de informes | O31: 0 | P31: 1 | V31: Enc. Del Sistema de informacion.
B32: Gestión Integral de Información | C32: =IF(Tabla3[[#This Row],[Línea estratégica]]="","",#REF!) -> #REF! | D32: =IF(Tabla3[[#This Row],[Línea estratégica]]="","",#REF!) -> #REF! | E32: =IF(Tabla3[[#This Row],[Línea estratégica]]="","",#REF!) -> #REF! | F32: =IF(Tabla3[[#This Row],[Línea estratégica]]="","",#REF!) -> #REF! | G32: Le.1 - Fortalecer las capacidades gestoras institucionales del SNS a través de la implementación del Modelo de Gestión, del desarrollo de su organización funcional y de las capacidades e instrumentos necesarios en cada ámbito de gestión | H32: =IFERROR(VLOOKUP(Tabla3[[#This Row],[Línea estratégica]],Obj!$B$57:$C$90,2,FALSE),"") -> Le.1 | I32: Obj1.6 - Fortalecer los sistemas de información existentes en todos los niveles del SNS para apoyar la gestión para resultados | J32: =IFERROR(VLOOKUP($I32,Obj!$D$132:$E$147,2,FALSE),"") -> Obj1.6 | K32: Régimen de auditoria de calidad de la información implementado | L32: 1.6.3.1 Ejecucion del programa de Auditoria Calidad del Dato | M32: porcentaje de ejecucion del programa de auditoria | N32: porcentaje de centros auditados | O32: 0 | P32: 0.9 | V32: Enc. Del Sistema de informacion.
B33: Gestión Integral de Información | C33: =IF(Tabla3[[#This Row],[Línea estratégica]]="","",#REF!) -> #REF! | D33: =IF(Tabla3[[#This Row],[Línea estratégica]]="","",#REF!) -> #REF! | E33: =IF(Tabla3[[#This Row],[Línea estratégica]]="","",#REF!) -> #REF! | F33: =IF(Tabla3[[#This Row],[Línea estratégica]]="","",#REF!) -> #REF! | G33: Le.1 - Fortalecer las capacidades gestoras institucionales del SNS a través de la implementación del Modelo de Gestión, del desarrollo de su organización funcional y de las capacidades e instrumentos necesarios en cada ámbito de gestión | H33: =IFERROR(VLOOKUP(Tabla3[[#This Row],[Línea estratégica]],Obj!$B$57:$C$90,2,FALSE),"") -> Le.1 | I33: Obj1.6 - Fortalecer los sistemas de información existentes en todos los niveles del SNS para apoyar la gestión para resultados | J33: =IFERROR(VLOOKUP($I33,Obj!$D$132:$E$147,2,FALSE),"") -> Obj1.6 | K33: Sistemas de información digitales estandarizados, que permita el flujo de información entre niveles y facilite la toma de decisiones desarrollados e implementados | L33: 1.6.4.2 Implementación del Expedientes Integral de Salud | M33: porcentaje del uso del EIS | N33: Pporcentaje de centros con EIS implemtado. | O33: 0.15 | P33: 0.2 | V33: Enc. Del Sistema de informacion.
B34: Gestión Integral de Información | C34: =IF(Tabla3[[#This Row],[Línea estratégica]]="","",#REF!) -> #REF! | D34: =IF(Tabla3[[#This Row],[Línea estratégica]]="","",#REF!) -> #REF! | E34: =IF(Tabla3[[#This Row],[Línea estratégica]]="","",#REF!) -> #REF! | F34: =IF(Tabla3[[#This Row],[Línea estratégica]]="","",#REF!) -> #REF! | G34: Le.1 - Fortalecer las capacidades gestoras institucionales del SNS a través de la implementación del Modelo de Gestión, del desarrollo de su organización funcional y de las capacidades e instrumentos necesarios en cada ámbito de gestión | H34: =IFERROR(VLOOKUP(Tabla3[[#This Row],[Línea estratégica]],Obj!$B$57:$C$90,2,FALSE),"") -> Le.1 | I34: Obj1.6 - Fortalecer los sistemas de información existentes en todos los niveles del SNS para apoyar la gestión para resultados | J34: =IFERROR(VLOOKUP($I34,Obj!$D$132:$E$147,2,FALSE),"") -> Obj1.6 | K34: Sistemas de información digitales estandarizados, que permita el flujo de información entre niveles y facilite la toma de decisiones desarrollados e implementados | L34: 1.6.4. 3 Catalogo de establecimientos de salud de la Red | M34: porcentaje de centros actualizados | N34: centros | O34: 0.8 | P34: 1 | V34: Enc. Del Sistema de informacion.
B35: Gestión Integral de Información | C35: =IF(Tabla3[[#This Row],[Línea estratégica]]="","",#REF!) -> #REF! | D35: =IF(Tabla3[[#This Row],[Línea estratégica]]="","",#REF!) -> #REF! | E35: =IF(Tabla3[[#This Row],[Línea estratégica]]="","",#REF!) -> #REF! | F35: =IF(Tabla3[[#This Row],[Línea estratégica]]="","",#REF!) -> #REF! | G35: Le.1 - Fortalecer las capacidades gestoras institucionales del SNS a través de la implementación del Modelo de Gestión, del desarrollo de su organización funcional y de las capacidades e instrumentos necesarios en cada ámbito de gestión | H35: =IFERROR(VLOOKUP(Tabla3[[#This Row],[Línea estratégica]],Obj!$B$57:$C$90,2,FALSE),"") -> Le.1 | I35: Obj1.6 - Fortalecer los sistemas de información existentes en todos los niveles del SNS para apoyar la gestión para resultados | J35: =IFERROR(VLOOKUP($I35,Obj!$D$132:$E$147,2,FALSE),"") -> Obj1.6 | K35: Sistemas de información digitales estandarizados, que permita el flujo de información entre niveles y facilite la toma de decisiones desarrollados e implementados | L35: 1.6.4.4 Personal de estadistica capacitado | M35: porcentaje de personal capacitado | N35: personal estadistico | O35: 0.5 | P35: 1 | V35: Enc. Del Sistema de informacion.
B36: Automatización Tecnológica | C36: =IF(Tabla3[[#This Row],[Línea estratégica]]="","",#REF!) -> #REF! | D36: =IF(Tabla3[[#This Row],[Línea estratégica]]="","",#REF!) -> #REF! | E36: =IF(Tabla3[[#This Row],[Línea estratégica]]="","",#REF!) -> #REF! | F36: =IF(Tabla3[[#This Row],[Línea estratégica]]="","",#REF!) -> #REF! | G36: Le.1 - Fortalecer las capacidades gestoras institucionales del SNS a través de la implementación del Modelo de Gestión, del desarrollo de su organización funcional y de las capacidades e instrumentos necesarios en cada ámbito de gestión | H36: =IFERROR(VLOOKUP(Tabla3[[#This Row],[Línea estratégica]],Obj!$B$57:$C$90,2,FALSE),"") -> Le.1 | I36: Obj1.6 - Fortalecer los sistemas de información existentes en todos los niveles del SNS para apoyar la gestión para resultados | J36: =IFERROR(VLOOKUP($I36,Obj!$D$132:$E$147,2,FALSE),"") -> Obj1.6 | K36: Adecuada infraestructura tecnología para dar respuestas a las demandas de los usuarios del nivel central del SNS | L36: 1.6.1.1 Fortalecimiento de la estructura tecnológica de la Red del SNS. | M36: Porcentaje de respuesta de solicitudes de servicios TIC | N36: porcentaje | O36: 0 | P36: 0.5 | V36: Enc. De tecnologia
B37: Automatización Tecnológica | C37: =IF(Tabla3[[#This Row],[Línea estratégica]]="","",#REF!) -> #REF! | D37: =IF(Tabla3[[#This Row],[Línea estratégica]]="","",#REF!) -> #REF! | E37: =IF(Tabla3[[#This Row],[Línea estratégica]]="","",#REF!) -> #REF! | F37: =IF(Tabla3[[#This Row],[Línea estratégica]]="","",#REF!) -> #REF! | G37: Le.1 - Fortalecer las capacidades gestoras institucionales del SNS a través de la implementación del Modelo de Gestión, del desarrollo de su organización funcional y de las capacidades e instrumentos necesarios en cada ámbito de gestión | H37: =IFERROR(VLOOKUP(Tabla3[[#This Row],[Línea estratégica]],Obj!$B$57:$C$90,2,FALSE),"") -> Le.1 | I37: Obj1.6 - Fortalecer los sistemas de información existentes en todos los niveles del SNS para apoyar la gestión para resultados | J37: =IFERROR(VLOOKUP($I37,Obj!$D$132:$E$147,2,FALSE),"") -> Obj1.6 | K37: Sistemas de información digitales estandarizados, que permita el flujo de información entre niveles y facilite la toma de decisiones desarrollados e implementados | L37: 1.6.4.1 Sistema del EIS implementado con un registro minimo de un 20% | M37: CEAS con EIS implementado que tienen un registro minimo de 20% | N37: Porcentaje | O37: 0 | P37: 0.5 | V37: Hospitales
B38: Automatización Tecnológica | C38: =IF(Tabla3[[#This Row],[Línea estratégica]]="","",#REF!) -> #REF! | D38: =IF(Tabla3[[#This Row],[Línea estratégica]]="","",#REF!) -> #REF! | E38: =IF(Tabla3[[#This Row],[Línea estratégica]]="","",#REF!) -> #REF! | F38: =IF(Tabla3[[#This Row],[Línea estratégica]]="","",#REF!) -> #REF! | G38: Le.1 - Fortalecer las capacidades gestoras institucionales del SNS a través de la implementación del Modelo de Gestión, del desarrollo de su organización funcional y de las capacidades e instrumentos necesarios en cada ámbito de gestión | H38: =IFERROR(VLOOKUP(Tabla3[[#This Row],[Línea estratégica]],Obj!$B$57:$C$90,2,FALSE),"") -> Le.1 | I38: Obj1.6 - Fortalecer los sistemas de información existentes en todos los niveles del SNS para apoyar la gestión para resultados | J38: =IFERROR(VLOOKUP($I38,Obj!$D$132:$E$147,2,FALSE),"") -> Obj1.6 | K38: Sistemas de información digitales estandarizados, que permita el flujo de información entre niveles y facilite la toma de decisiones desarrollados e implementados | L38: 1.6.4.2 Programa de Gestion Cita | M38: Total de CEAS con programa de gestion de citas implementado | N38: Porcentaje | O38: 0 | P38: 0.5 | V38: Hospitales
B39: Transparencia Institucional | C39: =IF(Tabla3[[#This Row],[Línea estratégica]]="","",#REF!) -> #REF! | D39: =IF(Tabla3[[#This Row],[Línea estratégica]]="","",#REF!) -> #REF! | E39: =IF(Tabla3[[#This Row],[Línea estratégica]]="","",#REF!) -> #REF! | F39: =IF(Tabla3[[#This Row],[Línea estratégica]]="","",#REF!) -> #REF! | G39: Le.1 - Fortalecer las capacidades gestoras institucionales del SNS a través de la implementación del Modelo de Gestión, del desarrollo de su organización funcional y de las capacidades e instrumentos necesarios en cada ámbito de gestión | H39: =IFERROR(VLOOKUP(Tabla3[[#This Row],[Línea estratégica]],Obj!$B$57:$C$90,2,FALSE),"") -> Le.1 | I39: Obj1.7 - Fortalecer el componente de comunicación interna y externa en la institución | J39: =IFERROR(VLOOKUP($I39,Obj!$D$132:$E$147,2,FALSE),"") -> Obj1.7 | K39: Implementado un Plan de Comunicación Interna y externa que facilite el flujo de información oportuna y de calidad en todos los niveles | L39: 1.7.1.1 Despliegue del Plan de Comunicación Estratégica (Interna y Externa) con los canales jerárquicos definidos en el nivel central del SNS. | M39: Nivel de implementación del Plan de Comunicación Estratégica | N39: Porcentaje | O39: 1 | P39: 1 | V39: Comunicación Estratégica (CE)
B40: Desarrollo y Gestión de la Red de Servicios | C40: =IF(Tabla3[[#This Row],[Línea estratégica]]="","",#REF!) -> #REF! | D40: =IF(Tabla3[[#This Row],[Línea estratégica]]="","",#REF!) -> #REF! | E40: =IF(Tabla3[[#This Row],[Línea estratégica]]="","",#REF!) -> #REF! | F40: =IF(Tabla3[[#This Row],[Línea estratégica]]="","",#REF!) -> #REF! | G40: Le.1 - Fortalecer las capacidades gestoras institucionales del SNS a través de la implementación del Modelo de Gestión, del desarrollo de su organización funcional y de las capacidades e instrumentos necesarios en cada ámbito de gestión | H40: =IFERROR(VLOOKUP(Tabla3[[#This Row],[Línea estratégica]],Obj!$B$57:$C$90,2,FALSE),"") -> Le.1 | I40: Obj1.8 - Disponer de una red de establecimientos que cumpla los criterios de habilitación establecidos por el MSP | J40: =IFERROR(VLOOKUP($I40,Obj!$D$132:$E$147,2,FALSE),"") -> Obj1.8 | K40: Aumentados los establecimientos de salud que cumplen con los criterios de habilitación definidos por el MSP | L40: 1.8.1.1. Gestión de habilitación en los establecimientos de salud de la Red. | M40: Pocentaje de centros que cumplen con los criterios de habilitaciòn del MSP | N40: Porcentaje | O40: 0.5 | P40: 0.7 | V40: Calidad de los Servicio
B41: Desarrollo y Gestión de la Red de Servicios | C41: =IF(Tabla3[[#This Row],[Línea estratégica]]="","",#REF!) -> #REF! | D41: =IF(Tabla3[[#This Row],[Línea estratégica]]="","",#REF!) -> #REF! | E41: =IF(Tabla3[[#This Row],[Línea estratégica]]="","",#REF!) -> #REF! | F41: =IF(Tabla3[[#This Row],[Línea estratégica]]="","",#REF!) -> #REF! | G41: Le.1 - Fortalecer las capacidades gestoras institucionales del SNS a través de la implementación del Modelo de Gestión, del desarrollo de su organización funcional y de las capacidades e instrumentos necesarios en cada ámbito de gestión | H41: =IFERROR(VLOOKUP(Tabla3[[#This Row],[Línea estratégica]],Obj!$B$57:$C$90,2,FALSE),"") -> Le.1 | I41: Obj1.8 - Disponer de una red de establecimientos que cumpla los criterios de habilitación establecidos por el MSP | J41: =IFERROR(VLOOKUP($I41,Obj!$D$132:$E$147,2,FALSE),"") -> Obj1.8 | K41: Aumentados los establecimientos de salud que cumplen con los criterios de habilitación definidos por el MSP | L41: 1.8.1.2Calidad en la oferta de los servicios a través del cumplimiento de los protocolos clínicos y quirúrgicos. | M41: Porcentage de centros que cumplen con la implementacion de los protocolos clinicos quirurgicos. | N41: Porcentaje | O41: 0.5 | P41: 0.8 | V41: Calidad de los Servicio
B42: Desarrollo y Gestión de la Red de Servicios | C42: =IF(Tabla3[[#This Row],[Línea estratégica]]="","",#REF!) -> #REF! | D42: =IF(Tabla3[[#This Row],[Línea estratégica]]="","",#REF!) -> #REF! | E42: =IF(Tabla3[[#This Row],[Línea estratégica]]="","",#REF!) -> #REF! | F42: =IF(Tabla3[[#This Row],[Línea estratégica]]="","",#REF!) -> #REF! | G42: Le.1 - Fortalecer las capacidades gestoras institucionales del SNS a través de la implementación del Modelo de Gestión, del desarrollo de su organización funcional y de las capacidades e instrumentos necesarios en cada ámbito de gestión | H42: =IFERROR(VLOOKUP(Tabla3[[#This Row],[Línea estratégica]],Obj!$B$57:$C$90,2,FALSE),"") -> Le.1 | I42: Obj1.8 - Disponer de una red de establecimientos que cumpla los criterios de habilitación establecidos por el MSP | J42: =IFERROR(VLOOKUP($I42,Obj!$D$132:$E$147,2,FALSE),"") -> Obj1.8 | K42: Aumentados los establecimientos de salud que cumplen con los criterios de habilitación definidos por el MSP | L42: 1.8.1.1Adecuar las infraestructuras de los CPN y las UNAP, para facilitar un buen servicio. | M42: CPN habilitados según las normas del MSP | N42: CPN habilitados | V42: Infraestructura y Hosteleria
B43: Desarrollo y Gestión de la Red de Servicios | C43: =IF(Tabla3[[#This Row],[Línea estratégica]]="","",#REF!) -> #REF! | D43: =IF(Tabla3[[#This Row],[Línea estratégica]]="","",#REF!) -> #REF! | E43: =IF(Tabla3[[#This Row],[Línea estratégica]]="","",#REF!) -> #REF! | F43: =IF(Tabla3[[#This Row],[Línea estratégica]]="","",#REF!) -> #REF! | G43: Le.1 - Fortalecer las capacidades gestoras institucionales del SNS a través de la implementación del Modelo de Gestión, del desarrollo de su organización funcional y de las capacidades e instrumentos necesarios en cada ámbito de gestión | H43: =IFERROR(VLOOKUP(Tabla3[[#This Row],[Línea estratégica]],Obj!$B$57:$C$90,2,FALSE),"") -> Le.1 | I43: Obj1.8 - Disponer de una red de establecimientos que cumpla los criterios de habilitación establecidos por el MSP | J43: =IFERROR(VLOOKUP($I43,Obj!$D$132:$E$147,2,FALSE),"") -> Obj1.8 | K43: Aumentados los establecimientos de salud que cumplen con los criterios de habilitación definidos por el MSP | L43: 1.8.1.2.Diseñar un Sistema Integral de Manejo de Aguas Residuales Hospitalarios | M43: Hospitales con Sistema de Aguas Residuales en funcionamiento satisfactorio | N43: Hospitales | O43: 0 | P43: 0.5 | V43: Infraestructura y Hosteleria
B44: Desarrollo y Gestión de la Red de Servicios | C44: =IF(Tabla3[[#This Row],[Línea estratégica]]="","",#REF!) -> #REF! | D44: =IF(Tabla3[[#This Row],[Línea estratégica]]="","",#REF!) -> #REF! | E44: =IF(Tabla3[[#This Row],[Línea estratégica]]="","",#REF!) -> #REF! | F44: =IF(Tabla3[[#This Row],[Línea estratégica]]="","",#REF!) -> #REF! | G44: Le.1 - Fortalecer las capacidades gestoras institucionales del SNS a través de la implementación del Modelo de Gestión, del desarrollo de su organización funcional y de las capacidades e instrumentos necesarios en cada ámbito de gestión | H44: =IFERROR(VLOOKUP(Tabla3[[#This Row],[Línea estratégica]],Obj!$B$57:$C$90,2,FALSE),"") -> Le.1 | I44: Obj1.8 - Disponer de una red de establecimientos que cumpla los criterios de habilitación establecidos por el MSP | J44: =IFERROR(VLOOKUP($I44,Obj!$D$132:$E$147,2,FALSE),"") -> Obj1.8 | K44: Aumentados los establecimientos de salud que cumplen con los criterios de habilitación definidos por el MSP | L44: 1.8.1.3. Diseñar un Sistema Integral de Manejo de Desechos Hospitalarios y Centros de Primer Nivel | M44: Hospitales con una Buena Gestion de Desechos | N44: Hospitales y CPN | O44: 0 | P44: 0.35 | V44: Infraestructura y Hosteleria
B45: Gestión y Control de la Planificación Institucional | C45: =IF(Tabla3[[#This Row],[Línea estratégica]]="","",#REF!) -> #REF! | D45: =IF(Tabla3[[#This Row],[Línea estratégica]]="","",#REF!) -> #REF! | E45: =IF(Tabla3[[#This Row],[Línea estratégica]]="","",#REF!) -> #REF! | F45: =IF(Tabla3[[#This Row],[Línea estratégica]]="","",#REF!) -> #REF! | G45: Le.1 - Fortalecer las capacidades gestoras institucionales del SNS a través de la implementación del Modelo de Gestión, del desarrollo de su organización funcional y de las capacidades e instrumentos necesarios en cada ámbito de gestión | H45: =IFERROR(VLOOKUP(Tabla3[[#This Row],[Línea estratégica]],Obj!$B$57:$C$90,2,FALSE),"") -> Le.1 | I45: Obj1.10 - Fortalecer el sistema de monitoreo y evaluación, para la toma de decisiones basado en información de calidad y acorde a los objetivos propuestos. | J45: =IFERROR(VLOOKUP($I45,Obj!$D$132:$E$147,2,FALSE),"") -> Obj1.10 | K45: Monitoreados los objetivos propuestos y definidos los alcances de cumplimiento. | L45: 1.10.2.1.Fortalecimiento de la planificacion Institucional | M45: Numero de CEAS y SRS monitoreado | N45: Informe | O45: 17 | P45: 17 | V45: Planificacion y desarrollo./ Mojitoreo y Evaluacion.
B46: Calidad de la Atención Clínica | C46: =IF(Tabla3[[#This Row],[Línea estratégica]]="","",#REF!) -> #REF! | D46: =IF(Tabla3[[#This Row],[Línea estratégica]]="","",#REF!) -> #REF! | E46: =IF(Tabla3[[#This Row],[Línea estratégica]]="","",#REF!) -> #REF! | F46: =IF(Tabla3[[#This Row],[Línea estratégica]]="","",#REF!) -> #REF! | G46: Le.1 - Fortalecer las capacidades gestoras institucionales del SNS a través de la implementación del Modelo de Gestión, del desarrollo de su organización funcional y de las capacidades e instrumentos necesarios en cada ámbito de gestión | H46: =IFERROR(VLOOKUP(Tabla3[[#This Row],[Línea estratégica]],Obj!$B$57:$C$90,2,FALSE),"") -> Le.1 | I46: Obj1.10 - Fortalecer el sistema de monitoreo y evaluación, para la toma de decisiones basado en información de calidad y acorde a los objetivos propuestos. | J46: =IFERROR(VLOOKUP($I46,Obj!$D$132:$E$147,2,FALSE),"") -> Obj1.10 | K46: Definidos y estandarizados los mecanismos, instrumentos de medición y reporte de los planes y programas. | L46: 1.10.1.1Sistema de Salud Ambiental Hospitalaria (SAH) | M46: Total de CEAS que cuentan con un sistema de salud ambiental Hospitalaria | N46: Porcentaje | O46: 0 | P46: 0.5 | V46: Hospitales
B47: Gestionar y fortalecer el Talento Humano | C47: =IF(Tabla3[[#This Row],[Línea estratégica]]="","",#REF!) -> #REF! | D47: =IF(Tabla3[[#This Row],[Línea estratégica]]="","",#REF!) -> #REF! | E47: =IF(Tabla3[[#This Row],[Línea estratégica]]="","",#REF!) -> #REF! | F47: =IF(Tabla3[[#This Row],[Línea estratégica]]="","",#REF!) -> #REF! | G47: Le.2 - Desarrollar un modelo de gestión y planificación de los recursos humanos que garantice la disponibilidad de técnicos y profesionales competentes y que fomente un alto rendimiento alineado a los objetivos institucionales | H47: =IFERROR(VLOOKUP(Tabla3[[#This Row],[Línea estratégica]],Obj!$B$57:$C$90,2,FALSE),"") -> Le.2 | I47: Obj2.2 - Formular una Política Salarial y de Recursos Humanos competitiva que permita captar y retener personal competente para apuntalar la gestión estratégica del SNS | J47: =IFERROR(VLOOKUP($I47,Obj!$D$132:$E$147,2,FALSE),"") -> Obj2.2 | K47: Aumentado el desarrollo institucional a través del fortalecimiento de las competencias de los colaboradores, enfocados a la consecución de los objetivos estratégicos del SNS | L47: 2.2..1.1 Capacitado el personal del PNA para promocion y prevencion de malaria | M47: Total de colaboradores del PNA capacitados para promocion y prevencion de malaria en las comunidades. | N47: Porcentaje | O47: 11 Colaboradores del NA | P47: 0.7 | V47: Coordinacion de primer nivel de atencion
B48: Gestionar y fortalecer el Talento Humano | C48: =IF(Tabla3[[#This Row],[Línea estratégica]]="","",#REF!) -> #REF! | D48: =IF(Tabla3[[#This Row],[Línea estratégica]]="","",#REF!) -> #REF! | E48: =IF(Tabla3[[#This Row],[Línea estratégica]]="","",#REF!) -> #REF! | F48: =IF(Tabla3[[#This Row],[Línea estratégica]]="","",#REF!) -> #REF! | G48: Le.2 - Desarrollar un modelo de gestión y planificación de los recursos humanos que garantice la disponibilidad de técnicos y profesionales competentes y que fomente un alto rendimiento alineado a los objetivos institucionales | H48: =IFERROR(VLOOKUP(Tabla3[[#This Row],[Línea estratégica]],Obj!$B$57:$C$90,2,FALSE),"") -> Le.2 | I48: Obj2.2 - Formular una Política Salarial y de Recursos Humanos competitiva que permita captar y retener personal competente para apuntalar la gestión estratégica del SNS | J48: =IFERROR(VLOOKUP($I48,Obj!$D$132:$E$147,2,FALSE),"") -> Obj2.2 | K48: Aumentado el desarrollo institucional a través del fortalecimiento de las competencias de los colaboradores, enfocados a la consecución de los objetivos estratégicos del SNS | L48: 2.2.1.2 Colaboradores del PNA capacitados para la implementaciòn de pruebas rapidas de VIH en el primer nivel | M48: Total de colaboradores del PNA capacitados para la implementaciòn de pruebas rapidas de VIH en el primer nivel. | N48: Porcentaje | O48: 0 | P48: 0.1 | V48: Coordinacion de primer nivel de atencion
B49: Gestionar y fortalecer el Talento Humano | C49: =IF(Tabla3[[#This Row],[Línea estratégica]]="","",#REF!) -> #REF! | D49: =IF(Tabla3[[#This Row],[Línea estratégica]]="","",#REF!) -> #REF! | E49: =IF(Tabla3[[#This Row],[Línea estratégica]]="","",#REF!) -> #REF! | F49: =IF(Tabla3[[#This Row],[Línea estratégica]]="","",#REF!) -> #REF! | G49: Le.2 - Desarrollar un modelo de gestión y planificación de los recursos humanos que garantice la disponibilidad de técnicos y profesionales competentes y que fomente un alto rendimiento alineado a los objetivos institucionales | H49: =IFERROR(VLOOKUP(Tabla3[[#This Row],[Línea estratégica]],Obj!$B$57:$C$90,2,FALSE),"") -> Le.2 | I49: Obj2.2 - Formular una Política Salarial y de Recursos Humanos competitiva que permita captar y retener personal competente para apuntalar la gestión estratégica del SNS | J49: =IFERROR(VLOOKUP($I49,Obj!$D$132:$E$147,2,FALSE),"") -> Obj2.2 | K49: Aumentado el desarrollo institucional a través del fortalecimiento de las competencias de los colaboradores, enfocados a la consecución de los objetivos estratégicos del SNS | L49: 2.2.1.3 Capacitados los equipos de la UNAP sobre Nutriciòn y Salud | M49: Total de equipos de la UNAP capacitados sobre nutricion y salud. | N49: Porcentaje | V49: Coordinacion de primer nivel de atencion
B50: Gestionar y fortalecer el Talento Humano | C50: =IF(Tabla3[[#This Row],[Línea estratégica]]="","",#REF!) -> #REF! | D50: =IF(Tabla3[[#This Row],[Línea estratégica]]="","",#REF!) -> #REF! | E50: =IF(Tabla3[[#This Row],[Línea estratégica]]="","",#REF!) -> #REF! | F50: =IF(Tabla3[[#This Row],[Línea estratégica]]="","",#REF!) -> #REF! | G50: Le.2 - Desarrollar un modelo de gestión y planificación de los recursos humanos que garantice la disponibilidad de técnicos y profesionales competentes y que fomente un alto rendimiento alineado a los objetivos institucionales | H50: =IFERROR(VLOOKUP(Tabla3[[#This Row],[Línea estratégica]],Obj!$B$57:$C$90,2,FALSE),"") -> Le.2 | I50: Obj2.2 - Formular una Política Salarial y de Recursos Humanos competitiva que permita captar y retener personal competente para apuntalar la gestión estratégica del SNS | J50: =IFERROR(VLOOKUP($I50,Obj!$D$132:$E$147,2,FALSE),"") -> Obj2.2 | K50: Aumentado el desarrollo institucional a través del fortalecimiento de las competencias de los colaboradores, enfocados a la consecución de los objetivos estratégicos del SNS | L50: 2.2.1.4 Articulados los equipos de la UNAP con el INAIPI | M50: Nivel de articulacion de los equipos de la unap con el INAIPI. | N50: Porcentaje | V50: Coordinacion de primer nivel de atencion
B51: Gestionar y fortalecer el Talento Humano | C51: =IF(Tabla3[[#This Row],[Línea estratégica]]="","",#REF!) -> #REF! | D51: =IF(Tabla3[[#This Row],[Línea estratégica]]="","",#REF!) -> #REF! | E51: =IF(Tabla3[[#This Row],[Línea estratégica]]="","",#REF!) -> #REF! | F51: =IF(Tabla3[[#This Row],[Línea estratégica]]="","",#REF!) -> #REF! | G51: Le.2 - Desarrollar un modelo de gestión y planificación de los recursos humanos que garantice la disponibilidad de técnicos y profesionales competentes y que fomente un alto rendimiento alineado a los objetivos institucionales | H51: =IFERROR(VLOOKUP(Tabla3[[#This Row],[Línea estratégica]],Obj!$B$57:$C$90,2,FALSE),"") -> Le.2 | I51: Obj2.2 - Formular una Política Salarial y de Recursos Humanos competitiva que permita captar y retener personal competente para apuntalar la gestión estratégica del SNS | J51: =IFERROR(VLOOKUP($I51,Obj!$D$132:$E$147,2,FALSE),"") -> Obj2.2 | K51: Aumentado el desarrollo institucional a través del fortalecimiento de las competencias de los colaboradores, enfocados a la consecución de los objetivos estratégicos del SNS | L51: 2.2.1.5 implementadas las Guias y cartillas Materno Infantil en las UNAP | M51: Nivel de implementacion de las Guias y cartillas Materno Infantil en las UNAP. | N51: Porcentaje | O51: 153 | P51: 1 | V51: Coordinacion de primer nivel de atencion
B52: Gestionar y fortalecer el Talento Humano | C52: =IF(Tabla3[[#This Row],[Línea estratégica]]="","",#REF!) -> #REF! | D52: =IF(Tabla3[[#This Row],[Línea estratégica]]="","",#REF!) -> #REF! | E52: =IF(Tabla3[[#This Row],[Línea estratégica]]="","",#REF!) -> #REF! | F52: =IF(Tabla3[[#This Row],[Línea estratégica]]="","",#REF!) -> #REF! | G52: Le.2 - Desarrollar un modelo de gestión y planificación de los recursos humanos que garantice la disponibilidad de técnicos y profesionales competentes y que fomente un alto rendimiento alineado a los objetivos institucionales | H52: =IFERROR(VLOOKUP(Tabla3[[#This Row],[Línea estratégica]],Obj!$B$57:$C$90,2,FALSE),"") -> Le.2 | I52: Obj2.2 - Formular una Política Salarial y de Recursos Humanos competitiva que permita captar y retener personal competente para apuntalar la gestión estratégica del SNS | J52: =IFERROR(VLOOKUP($I52,Obj!$D$132:$E$147,2,FALSE),"") -> Obj2.2 | K52: Aumentado el desarrollo institucional a través del fortalecimiento de las competencias de los colaboradores, enfocados a la consecución de los objetivos estratégicos del SNS | L52: 2.2.1.6 Capacitados los equipos de las UNAP en la Inicitiva Cuidado Sensible y Cariñoso | M52: Total de equipos de la UNAP capacitados sobre la Inicitiva Cuidado Sensible y Cariñoso. | N52: Porcentaje | O52: 0 | P52: 0.5 | V52: Coordinacion de primer nivel de atencion
B53: Gestionar y fortalecer el Talento Humano | C53: =IF(Tabla3[[#This Row],[Línea estratégica]]="","",#REF!) -> #REF! | D53: =IF(Tabla3[[#This Row],[Línea estratégica]]="","",#REF!) -> #REF! | E53: =IF(Tabla3[[#This Row],[Línea estratégica]]="","",#REF!) -> #REF! | F53: =IF(Tabla3[[#This Row],[Línea estratégica]]="","",#REF!) -> #REF! | G53: Le.2 - Desarrollar un modelo de gestión y planificación de los recursos humanos que garantice la disponibilidad de técnicos y profesionales competentes y que fomente un alto rendimiento alineado a los objetivos institucionales | H53: =IFERROR(VLOOKUP(Tabla3[[#This Row],[Línea estratégica]],Obj!$B$57:$C$90,2,FALSE),"") -> Le.2 | I53: Obj2.2 - Formular una Política Salarial y de Recursos Humanos competitiva que permita captar y retener personal competente para apuntalar la gestión estratégica del SNS | J53: =IFERROR(VLOOKUP($I53,Obj!$D$132:$E$147,2,FALSE),"") -> Obj2.2 | K53: Aumentado el desarrollo institucional a través del fortalecimiento de las competencias de los colaboradores, enfocados a la consecución de los objetivos estratégicos del SNS | L53: 2.2.1.7 Capacitados los equipos de las UNAP sobre Violencia | M53: Total de equipos de las UNAP capacitados sobre violencia | N53: Porcentaje | V53: Coordinacion de primer nivel de atencion
B54: Gestionar y fortalecer el Talento Humano | C54: =IF(Tabla3[[#This Row],[Línea estratégica]]="","",#REF!) -> #REF! | D54: =IF(Tabla3[[#This Row],[Línea estratégica]]="","",#REF!) -> #REF! | E54: =IF(Tabla3[[#This Row],[Línea estratégica]]="","",#REF!) -> #REF! | F54: =IF(Tabla3[[#This Row],[Línea estratégica]]="","",#REF!) -> #REF! | G54: Le.2 - Desarrollar un modelo de gestión y planificación de los recursos humanos que garantice la disponibilidad de técnicos y profesionales competentes y que fomente un alto rendimiento alineado a los objetivos institucionales | H54: =IFERROR(VLOOKUP(Tabla3[[#This Row],[Línea estratégica]],Obj!$B$57:$C$90,2,FALSE),"") -> Le.2 | I54: Obj2.2 - Formular una Política Salarial y de Recursos Humanos competitiva que permita captar y retener personal competente para apuntalar la gestión estratégica del SNS | J54: =IFERROR(VLOOKUP($I54,Obj!$D$132:$E$147,2,FALSE),"") -> Obj2.2 | K54: Aumentado el desarrollo institucional a través del fortalecimiento de las competencias de los colaboradores, enfocados a la consecución de los objetivos estratégicos del SNS | L54: 2.2.1.8 Capacitados los equipos de las UNAP sobre salud mental | M54: Total de equipos de las UNAP capacitados sobre salud mental | N54: Porcentaje | O54: 0 | P54: 0.3 | V54: Coordinacion de primer nivel de atencion
B55: Gestionar y fortalecer el Talento Humano | C55: =IF(Tabla3[[#This Row],[Línea estratégica]]="","",#REF!) -> #REF! | D55: =IF(Tabla3[[#This Row],[Línea estratégica]]="","",#REF!) -> #REF! | E55: =IF(Tabla3[[#This Row],[Línea estratégica]]="","",#REF!) -> #REF! | F55: =IF(Tabla3[[#This Row],[Línea estratégica]]="","",#REF!) -> #REF! | G55: Le.2 - Desarrollar un modelo de gestión y planificación de los recursos humanos que garantice la disponibilidad de técnicos y profesionales competentes y que fomente un alto rendimiento alineado a los objetivos institucionales | H55: =IFERROR(VLOOKUP(Tabla3[[#This Row],[Línea estratégica]],Obj!$B$57:$C$90,2,FALSE),"") -> Le.2 | I55: Obj2.2 - Formular una Política Salarial y de Recursos Humanos competitiva que permita captar y retener personal competente para apuntalar la gestión estratégica del SNS | J55: =IFERROR(VLOOKUP($I55,Obj!$D$132:$E$147,2,FALSE),"") -> Obj2.2 | K55: Aumentado el desarrollo institucional a través del fortalecimiento de las competencias de los colaboradores, enfocados a la consecución de los objetivos estratégicos del SNS | L55: 2.2.1.9 Capacitados los equipos de las UNAP Lactancia Materna | M55: Total de equipos de las UNAP capacitados sobre Lactancia Materna | N55: Porcentaje | O55: 153 | P55: 1 | V55: Coordinacion de primer nivel de atencion
B56: Gestionar y fortalecer el Talento Humano | C56: =IF(Tabla3[[#This Row],[Línea estratégica]]="","",#REF!) -> #REF! | D56: =IF(Tabla3[[#This Row],[Línea estratégica]]="","",#REF!) -> #REF! | E56: =IF(Tabla3[[#This Row],[Línea estratégica]]="","",#REF!) -> #REF! | F56: =IF(Tabla3[[#This Row],[Línea estratégica]]="","",#REF!) -> #REF! | G56: Le.2 - Desarrollar un modelo de gestión y planificación de los recursos humanos que garantice la disponibilidad de técnicos y profesionales competentes y que fomente un alto rendimiento alineado a los objetivos institucionales | H56: =IFERROR(VLOOKUP(Tabla3[[#This Row],[Línea estratégica]],Obj!$B$57:$C$90,2,FALSE),"") -> Le.2 | I56: Obj2.2 - Formular una Política Salarial y de Recursos Humanos competitiva que permita captar y retener personal competente para apuntalar la gestión estratégica del SNS | J56: =IFERROR(VLOOKUP($I56,Obj!$D$132:$E$147,2,FALSE),"") -> Obj2.2 | K56: Aumentado el desarrollo institucional a través del fortalecimiento de las competencias de los colaboradores, enfocados a la consecución de los objetivos estratégicos del SNS | L56: 2.2.1.10 Capacitados los equipos de las UNAP sobre la Guia de Observacion de Recien nacidos y puerperas en el primer nivel de atención. | M56: Total de equipos de las UNAP capacitados sobre la Guia de Observacion de Recien nacidos y puerperas en el primer nivel de atención. | N56: Porcentaje | V56: Coordinacion de primer nivel de atencion
B57: Gestionar y fortalecer el Talento Humano | C57: =IF(Tabla3[[#This Row],[Línea estratégica]]="","",#REF!) -> #REF! | D57: =IF(Tabla3[[#This Row],[Línea estratégica]]="","",#REF!) -> #REF! | E57: =IF(Tabla3[[#This Row],[Línea estratégica]]="","",#REF!) -> #REF! | F57: =IF(Tabla3[[#This Row],[Línea estratégica]]="","",#REF!) -> #REF! | G57: Le.2 - Desarrollar un modelo de gestión y planificación de los recursos humanos que garantice la disponibilidad de técnicos y profesionales competentes y que fomente un alto rendimiento alineado a los objetivos institucionales | H57: =IFERROR(VLOOKUP(Tabla3[[#This Row],[Línea estratégica]],Obj!$B$57:$C$90,2,FALSE),"") -> Le.2 | I57: Obj2.2 - Formular una Política Salarial y de Recursos Humanos competitiva que permita captar y retener personal competente para apuntalar la gestión estratégica del SNS | J57: =IFERROR(VLOOKUP($I57,Obj!$D$132:$E$147,2,FALSE),"") -> Obj2.2 | K57: Aumentado el desarrollo institucional a través del fortalecimiento de las competencias de los colaboradores, enfocados a la consecución de los objetivos estratégicos del SNS | L57: 2.2.1.1. Plan de Inducción | M57: Nivel de implementación del Plan de Inducción | N57: Porcentaje | P57: 0.85 | V57: Recursos Humanos
B58: Gestionar y fortalecer el Talento Humano | C58: =IF(Tabla3[[#This Row],[Línea estratégica]]="","",#REF!) -> #REF! | D58: =IF(Tabla3[[#This Row],[Línea estratégica]]="","",#REF!) -> #REF! | E58: =IF(Tabla3[[#This Row],[Línea estratégica]]="","",#REF!) -> #REF! | F58: =IF(Tabla3[[#This Row],[Línea estratégica]]="","",#REF!) -> #REF! | G58: Le.2 - Desarrollar un modelo de gestión y planificación de los recursos humanos que garantice la disponibilidad de técnicos y profesionales competentes y que fomente un alto rendimiento alineado a los objetivos institucionales | H58: =IFERROR(VLOOKUP(Tabla3[[#This Row],[Línea estratégica]],Obj!$B$57:$C$90,2,FALSE),"") -> Le.2 | I58: Obj2.2 - Formular una Política Salarial y de Recursos Humanos competitiva que permita captar y retener personal competente para apuntalar la gestión estratégica del SNS | J58: =IFERROR(VLOOKUP($I58,Obj!$D$132:$E$147,2,FALSE),"") -> Obj2.2 | K58: Aumentado el desarrollo institucional a través del fortalecimiento de las competencias de los colaboradores, enfocados a la consecución de los objetivos estratégicos del SNS | L58: 2.2.1.2. Plan de Capacitación Institucional | M58: Nivel de implementación del programa de capacitación | N58: Porcentaje | P58: 0.75 | V58: Recursos Humanos
B59: Gestionar y fortalecer el Talento Humano | C59: =IF(Tabla3[[#This Row],[Línea estratégica]]="","",#REF!) -> #REF! | D59: =IF(Tabla3[[#This Row],[Línea estratégica]]="","",#REF!) -> #REF! | E59: =IF(Tabla3[[#This Row],[Línea estratégica]]="","",#REF!) -> #REF! | F59: =IF(Tabla3[[#This Row],[Línea estratégica]]="","",#REF!) -> #REF! | G59: Le.2 - Desarrollar un modelo de gestión y planificación de los recursos humanos que garantice la disponibilidad de técnicos y profesionales competentes y que fomente un alto rendimiento alineado a los objetivos institucionales | H59: =IFERROR(VLOOKUP(Tabla3[[#This Row],[Línea estratégica]],Obj!$B$57:$C$90,2,FALSE),"") -> Le.2 | I59: Obj2.2 - Formular una Política Salarial y de Recursos Humanos competitiva que permita captar y retener personal competente para apuntalar la gestión estratégica del SNS | J59: =+J58 -> Obj2.2 | K59: Definida las directrices que constituyen una base sana para una gestión eficaz de los recursos humanos del SNS y la Red de Servicios | L59: 2.2.2.1. Política de Recursos Humanos (Clima y seguridad Laboral) | M59: Promedio respuestas clima laboral | N59: Promedio (escala 1-5) | P59: 4 | V59: Recursos Humanos
B60: Gestionar y fortalecer el Talento Humano | C60: =IF(Tabla3[[#This Row],[Línea estratégica]]="","",#REF!) -> #REF! | D60: =IF(Tabla3[[#This Row],[Línea estratégica]]="","",#REF!) -> #REF! | E60: =IF(Tabla3[[#This Row],[Línea estratégica]]="","",#REF!) -> #REF! | F60: =IF(Tabla3[[#This Row],[Línea estratégica]]="","",#REF!) -> #REF! | G60: Le.2 - Desarrollar un modelo de gestión y planificación de los recursos humanos que garantice la disponibilidad de técnicos y profesionales competentes y que fomente un alto rendimiento alineado a los objetivos institucionales | H60: =IFERROR(VLOOKUP(Tabla3[[#This Row],[Línea estratégica]],Obj!$B$57:$C$90,2,FALSE),"") -> Le.2 | I60: Obj2.2 - Formular una Política Salarial y de Recursos Humanos competitiva que permita captar y retener personal competente para apuntalar la gestión estratégica del SNS | J60: =IFERROR(VLOOKUP($I60,Obj!$D$132:$E$147,2,FALSE),"") -> Obj2.2 | K60: Aumentado el desarrollo institucional a través del fortalecimiento de las competencias de los colaboradores, enfocados a la consecución de los objetivos estratégicos del SNS | L60: 2.2.1.2. Plan de Capacitación Institucional | M60: Nivel de RRHH Capacitado | N60: Porcentaje | P60: 0.5 | V60: Recursos Humanos
B61: Gestionar y fortalecer el Talento Humano | C61: =IF(Tabla3[[#This Row],[Línea estratégica]]="","",#REF!) -> #REF! | D61: =IF(Tabla3[[#This Row],[Línea estratégica]]="","",#REF!) -> #REF! | E61: =IF(Tabla3[[#This Row],[Línea estratégica]]="","",#REF!) -> #REF! | F61: =IF(Tabla3[[#This Row],[Línea estratégica]]="","",#REF!) -> #REF! | G61: Le.2 - Desarrollar un modelo de gestión y planificación de los recursos humanos que garantice la disponibilidad de técnicos y profesionales competentes y que fomente un alto rendimiento alineado a los objetivos institucionales | H61: =IFERROR(VLOOKUP(Tabla3[[#This Row],[Línea estratégica]],Obj!$B$57:$C$90,2,FALSE),"") -> Le.2 | I61: Obj2.2 - Formular una Política Salarial y de Recursos Humanos competitiva que permita captar y retener personal competente para apuntalar la gestión estratégica del SNS | J61: =IFERROR(VLOOKUP($I61,Obj!$D$132:$E$147,2,FALSE),"") -> Obj2.2 | K61: Definida las directrices que constituyen una base sana para una gestión eficaz de los recursos humanos del SNS y la Red de Servicios | L61: 2.2.1.2. Plan de Capacitación Institucional | M61: Nivel de Avance de Plan de Capacitacion | N61: Porcentaje | P61: 0.6 | V61: Recursos Humanos
B62: Gestionar y fortalecer el Talento Humano | C62: =IF(Tabla3[[#This Row],[Línea estratégica]]="","",#REF!) -> #REF! | D62: =IF(Tabla3[[#This Row],[Línea estratégica]]="","",#REF!) -> #REF! | E62: =IF(Tabla3[[#This Row],[Línea estratégica]]="","",#REF!) -> #REF! | F62: =IF(Tabla3[[#This Row],[Línea estratégica]]="","",#REF!) -> #REF! | G62: Le.2 - Desarrollar un modelo de gestión y planificación de los recursos humanos que garantice la disponibilidad de técnicos y profesionales competentes y que fomente un alto rendimiento alineado a los objetivos institucionales | H62: =IFERROR(VLOOKUP(Tabla3[[#This Row],[Línea estratégica]],Obj!$B$57:$C$90,2,FALSE),"") -> Le.2 | I62: Obj2.2 - Formular una Política Salarial y de Recursos Humanos competitiva que permita captar y retener personal competente para apuntalar la gestión estratégica del SNS | J62: =IFERROR(VLOOKUP($I62,Obj!$D$132:$E$147,2,FALSE),"") -> Obj2.2 | K62: Definida las directrices que constituyen una base sana para una gestión eficaz de los recursos humanos del SNS y la Red de Servicios | L62: 2.2.1.2. Plan de Capacitación Institucional | M62: Nivel de CEAS con plan de capacitacion implementado | N62: Porcentaje | P62: 0.5 | V62: Recursos Humanos
B63: Gestionar y fortalecer el Talento Humano | C63: =IF(Tabla3[[#This Row],[Línea estratégica]]="","",#REF!) -> #REF! | D63: =IF(Tabla3[[#This Row],[Línea estratégica]]="","",#REF!) -> #REF! | E63: =IF(Tabla3[[#This Row],[Línea estratégica]]="","",#REF!) -> #REF! | F63: =IF(Tabla3[[#This Row],[Línea estratégica]]="","",#REF!) -> #REF! | G63: Le.2 - Desarrollar un modelo de gestión y planificación de los recursos humanos que garantice la disponibilidad de técnicos y profesionales competentes y que fomente un alto rendimiento alineado a los objetivos institucionales | H63: =IFERROR(VLOOKUP(Tabla3[[#This Row],[Línea estratégica]],Obj!$B$57:$C$90,2,FALSE),"") -> Le.2 | I63: Obj2.2 - Formular una Política Salarial y de Recursos Humanos competitiva que permita captar y retener personal competente para apuntalar la gestión estratégica del SNS | J63: =IFERROR(VLOOKUP($I63,Obj!$D$132:$E$147,2,FALSE),"") -> Obj2.2 | K63: Definida las directrices que constituyen una base sana para una gestión eficaz de los recursos humanos del SNS y la Red de Servicios | L63: 2.2.2.1. Política de Recursos Humanos (Clima y seguridad Laboral) | M63: Nivel de Actualización Sistema SUIR para el registro de licencias en el SRS y CEAS | N63: Porcentaje | P63: 0.5 | V63: Recursos Humanos
B64: Gestionar y fortalecer el Talento Humano | C64: =IF(Tabla3[[#This Row],[Línea estratégica]]="","",#REF!) -> #REF! | D64: =IF(Tabla3[[#This Row],[Línea estratégica]]="","",#REF!) -> #REF! | E64: =IF(Tabla3[[#This Row],[Línea estratégica]]="","",#REF!) -> #REF! | F64: =IF(Tabla3[[#This Row],[Línea estratégica]]="","",#REF!) -> #REF! | G64: Le.2 - Desarrollar un modelo de gestión y planificación de los recursos humanos que garantice la disponibilidad de técnicos y profesionales competentes y que fomente un alto rendimiento alineado a los objetivos institucionales | H64: =IFERROR(VLOOKUP(Tabla3[[#This Row],[Línea estratégica]],Obj!$B$57:$C$90,2,FALSE),"") -> Le.2 | I64: Obj2.2 - Formular una Política Salarial y de Recursos Humanos competitiva que permita captar y retener personal competente para apuntalar la gestión estratégica del SNS | J64: =IFERROR(VLOOKUP($I64,Obj!$D$132:$E$147,2,FALSE),"") -> Obj2.2 | K64: Definida las directrices que constituyen una base sana para una gestión eficaz de los recursos humanos del SNS y la Red de Servicios | L64: 2.2.2.1. Política de Recursos Humanos (Clima y seguridad Laboral) | M64: Nivel deAplicación del componente de competencias y regimen etico y discriplinario en SRS y CEAS | N64: Porcentaje | P64: 0.4 | V64: Recursos Humanos
B65: Desarrollo y Gestión de la Red de Servicios | C65: =IF(Tabla3[[#This Row],[Línea estratégica]]="","",#REF!) -> #REF! | D65: =IF(Tabla3[[#This Row],[Línea estratégica]]="","",#REF!) -> #REF! | E65: =IF(Tabla3[[#This Row],[Línea estratégica]]="","",#REF!) -> #REF! | F65: =IF(Tabla3[[#This Row],[Línea estratégica]]="","",#REF!) -> #REF! | G65: Le.3 - Desarrollo de la red asistencial del SNS en coherencia con las políticas de Estado en materia de salud y el Modelo de Atención | H65: =IFERROR(VLOOKUP(Tabla3[[#This Row],[Línea estratégica]],Obj!$B$57:$C$90,2,FALSE),"") -> Le.3 | I65: Obj3.1 - Implementar el Modelo de Atención en todos los niveles de la red de servicios de salud | J65: =IFERROR(VLOOKUP($I65,Obj!$D$132:$E$147,2,FALSE),"") -> Obj3.1 | K65: Red de Atención Primaria articulada, coordinada y fortalecida Atención Materno Infantil de calidad y estructurada Atención a la urgencia y emergencia cumpliendo criterios de calidad y coordinación Fortalecido el modelo de referencia y contrareferencia Acceso universal a medicamentos en la Red de Primer Nivel de atención Disponibilidad oportuna de sangre en condiciones de calidad Gobernanza fortalecida | L65: SRSV3.1.1 Aumentados los establecimientos de salud que cumplen con los criterios de habilitación definidos por el MSP | M65: Total de establecimientos de salud que cumplen con los criterios de habilitacion definidos por el MSP | N65: Porcentaje | O65: 0 | P65: 0.05 | V65: Coordinacion de primer nivel de atencion
B66: Gestión Integral de Información | C66: =IF(Tabla3[[#This Row],[Línea estratégica]]="","",#REF!) -> #REF! | D66: =IF(Tabla3[[#This Row],[Línea estratégica]]="","",#REF!) -> #REF! | E66: =IF(Tabla3[[#This Row],[Línea estratégica]]="","",#REF!) -> #REF! | F66: =IF(Tabla3[[#This Row],[Línea estratégica]]="","",#REF!) -> #REF! | G66: Le.3 - Desarrollo de la red asistencial del SNS en coherencia con las políticas de Estado en materia de salud y el Modelo de Atención | H66: =IFERROR(VLOOKUP(Tabla3[[#This Row],[Línea estratégica]],Obj!$B$57:$C$90,2,FALSE),"") -> Le.3 | I66: Obj3.1 - Implementar el Modelo de Atención en todos los niveles de la red de servicios de salud | J66: =IFERROR(VLOOKUP($I66,Obj!$D$132:$E$147,2,FALSE),"") -> Obj3.1 | K66: Red de Atención Primaria articulada, coordinada y fortalecida Atención Materno Infantil de calidad y estructurada Atención a la urgencia y emergencia cumpliendo criterios de calidad y coordinación Fortalecido el modelo de referencia y contrareferencia Acceso universal a medicamentos en la Red de Primer Nivel de atención Disponibilidad oportuna de sangre en condiciones de calidad Gobernanza fortalecida | L66: SRSV 3.1.1.2Croquis actualizados | M66: Total de establecimientos de salud que cuentan con croquis actualizados | N66: Porcentaje | V66: Coordinacion de primer nivel de atencion
B67: Gestión Integral de Información | C67: =IF(Tabla3[[#This Row],[Línea estratégica]]="","",#REF!) -> #REF! | D67: =IF(Tabla3[[#This Row],[Línea estratégica]]="","",#REF!) -> #REF! | E67: =IF(Tabla3[[#This Row],[Línea estratégica]]="","",#REF!) -> #REF! | F67: =IF(Tabla3[[#This Row],[Línea estratégica]]="","",#REF!) -> #REF! | G67: Le.3 - Desarrollo de la red asistencial del SNS en coherencia con las políticas de Estado en materia de salud y el Modelo de Atención | H67: =IFERROR(VLOOKUP(Tabla3[[#This Row],[Línea estratégica]],Obj!$B$57:$C$90,2,FALSE),"") -> Le.3 | I67: Obj3.1 - Implementar el Modelo de Atención en todos los niveles de la red de servicios de salud | J67: =IFERROR(VLOOKUP($I67,Obj!$D$132:$E$147,2,FALSE),"") -> Obj3.1 | K67: Red de Atención Primaria articulada, coordinada y fortalecida Atención Materno Infantil de calidad y estructurada Atención a la urgencia y emergencia cumpliendo criterios de calidad y coordinación Fortalecido el modelo de referencia y contrareferencia Acceso universal a medicamentos en la Red de Primer Nivel de atención Disponibilidad oportuna de sangre en condiciones de calidad Gobernanza fortalecida | L67: 3.1.1.3 Fichas familiares actualizadas y digitadas en el sistema | M67: Total de fichas familiares actualizadas y digitadas en el sistema | N67: Porcentaje | V67: Coordinacion de primer nivel de atencion
B68: Gestión Integral de Información | C68: =IF(Tabla3[[#This Row],[Línea estratégica]]="","",#REF!) -> #REF! | D68: =IF(Tabla3[[#This Row],[Línea estratégica]]="","",#REF!) -> #REF! | E68: =IF(Tabla3[[#This Row],[Línea estratégica]]="","",#REF!) -> #REF! | F68: =IF(Tabla3[[#This Row],[Línea estratégica]]="","",#REF!) -> #REF! | G68: Le.3 - Desarrollo de la red asistencial del SNS en coherencia con las políticas de Estado en materia de salud y el Modelo de Atención | H68: =IFERROR(VLOOKUP(Tabla3[[#This Row],[Línea estratégica]],Obj!$B$57:$C$90,2,FALSE),"") -> Le.3 | I68: Obj3.1 - Implementar el Modelo de Atención en todos los niveles de la red de servicios de salud | J68: =IFERROR(VLOOKUP($I68,Obj!$D$132:$E$147,2,FALSE),"") -> Obj3.1 | K68: Red de Atención Primaria articulada, coordinada y fortalecida Atención Materno Infantil de calidad y estructurada Atención a la urgencia y emergencia cumpliendo criterios de calidad y coordinación Fortalecido el modelo de referencia y contrareferencia Acceso universal a medicamentos en la Red de Primer Nivel de atención Disponibilidad oportuna de sangre en condiciones de calidad Gobernanza fortalecida | L68: 3.1.1.4 Sistemas de información digitales estandarizados, que permita el flujo de información entre niveles y facilite la toma de decisiones desarrollados e implementados | M68: Nivel de implementacion de los Intumentos de recoleccion de datos | N68: Porcentaje | O68: 153 | P68: 1 | V68: Coordinacion de primer nivel de atencion
B69: Gestión Integral de Información | C69: =IF(Tabla3[[#This Row],[Línea estratégica]]="","",#REF!) -> #REF! | D69: =IF(Tabla3[[#This Row],[Línea estratégica]]="","",#REF!) -> #REF! | E69: =IF(Tabla3[[#This Row],[Línea estratégica]]="","",#REF!) -> #REF! | F69: =IF(Tabla3[[#This Row],[Línea estratégica]]="","",#REF!) -> #REF! | G69: Le.3 - Desarrollo de la red asistencial del SNS en coherencia con las políticas de Estado en materia de salud y el Modelo de Atención | H69: =IFERROR(VLOOKUP(Tabla3[[#This Row],[Línea estratégica]],Obj!$B$57:$C$90,2,FALSE),"") -> Le.3 | I69: Obj3.1 - Implementar el Modelo de Atención en todos los niveles de la red de servicios de salud | J69: =IFERROR(VLOOKUP($I69,Obj!$D$132:$E$147,2,FALSE),"") -> Obj3.1 | K69: Red de Atención Primaria articulada, coordinada y fortalecida Atención Materno Infantil de calidad y estructurada Atención a la urgencia y emergencia cumpliendo criterios de calidad y coordinación Fortalecido el modelo de referencia y contrareferencia Acceso universal a medicamentos en la Red de Primer Nivel de atención Disponibilidad oportuna de sangre en condiciones de calidad Gobernanza fortalecida | L69: SRSV 3.1.1.5 Estandarizados los instrumentos de recolección de datos de los establecimientos de salud y de las entidades administrativas de la red, que minimice la duplicidad de reportes e informes que emanen de los diferentes niveles | M69: Nivel de estandarizacion de instrumentos de recoleccion de datos en los establecimientos de salud. | N69: Porcentaje | O69: 153 | P69: 1 | V69: Coordinacion de primer nivel de atencion
B70: Desarrollo y Gestión de la Red de Servicios | C70: =IF(Tabla3[[#This Row],[Línea estratégica]]="","",#REF!) -> #REF! | D70: =IF(Tabla3[[#This Row],[Línea estratégica]]="","",#REF!) -> #REF! | E70: =IF(Tabla3[[#This Row],[Línea estratégica]]="","",#REF!) -> #REF! | F70: =IF(Tabla3[[#This Row],[Línea estratégica]]="","",#REF!) -> #REF! | G70: Le.3 - Desarrollo de la red asistencial del SNS en coherencia con las políticas de Estado en materia de salud y el Modelo de Atención | H70: =IFERROR(VLOOKUP(Tabla3[[#This Row],[Línea estratégica]],Obj!$B$57:$C$90,2,FALSE),"") -> Le.3 | I70: Obj3.1 - Implementar el Modelo de Atención en todos los niveles de la red de servicios de salud | J70: =IFERROR(VLOOKUP($I70,Obj!$D$132:$E$147,2,FALSE),"") -> Obj3.1 | K70: Red de Atención Primaria articulada, coordinada y fortalecida Atención Materno Infantil de calidad y estructurada Atención a la urgencia y emergencia cumpliendo criterios de calidad y coordinación Fortalecido el modelo de referencia y contrareferencia Acceso universal a medicamentos en la Red de Primer Nivel de atención Disponibilidad oportuna de sangre en condiciones de calidad Gobernanza fortalecida | L70: SRSV 3.1.1.6 Fortalecido el modelo de referencia y contrareferencia | M70: Nivel de implementacion del modelo de referencia y contrareferencia. | O70: 153 | P70: 1 | V70: Coordinacion de primer nivel de atencion
B71: Desarrollo y Gestión de la Red de Servicios | C71: =IF(Tabla3[[#This Row],[Línea estratégica]]="","",#REF!) -> #REF! | D71: =IF(Tabla3[[#This Row],[Línea estratégica]]="","",#REF!) -> #REF! | E71: =IF(Tabla3[[#This Row],[Línea estratégica]]="","",#REF!) -> #REF! | F71: =IF(Tabla3[[#This Row],[Línea estratégica]]="","",#REF!) -> #REF! | G71: Le.3 - Desarrollo de la red asistencial del SNS en coherencia con las políticas de Estado en materia de salud y el Modelo de Atención | H71: =IFERROR(VLOOKUP(Tabla3[[#This Row],[Línea estratégica]],Obj!$B$57:$C$90,2,FALSE),"") -> Le.3 | I71: Obj3.1 - Implementar el Modelo de Atención en todos los niveles de la red de servicios de salud | J71: =IFERROR(VLOOKUP($I71,Obj!$D$132:$E$147,2,FALSE),"") -> Obj3.1 | K71: Red de Atención Primaria articulada, coordinada y fortalecida Atención Materno Infantil de calidad y estructurada Atención a la urgencia y emergencia cumpliendo criterios de calidad y coordinación Fortalecido el modelo de referencia y contrareferencia Acceso universal a medicamentos en la Red de Primer Nivel de atención Disponibilidad oportuna de sangre en condiciones de calidad Gobernanza fortalecida | L71: SRSV 3.1.1.7 Red de Atención Primaria articulada, coordinada y fortalecida | M71: Nivel de uso de las guias y protocolos en el PNA | N71: Porcentaje | O71: 153 | P71: 1 | V71: Coordinacion de primer nivel de atencion
B72: Desarrollo y Gestión de la Red de Servicios | C72: =IF(Tabla3[[#This Row],[Línea estratégica]]="","",#REF!) -> #REF! | D72: =IF(Tabla3[[#This Row],[Línea estratégica]]="","",#REF!) -> #REF! | E72: =IF(Tabla3[[#This Row],[Línea estratégica]]="","",#REF!) -> #REF! | F72: =IF(Tabla3[[#This Row],[Línea estratégica]]="","",#REF!) -> #REF! | G72: Le.3 - Desarrollo de la red asistencial del SNS en coherencia con las políticas de Estado en materia de salud y el Modelo de Atención | H72: =IFERROR(VLOOKUP(Tabla3[[#This Row],[Línea estratégica]],Obj!$B$57:$C$90,2,FALSE),"") -> Le.3 | I72: Obj3.1 - Implementar el Modelo de Atención en todos los niveles de la red de servicios de salud | J72: =IFERROR(VLOOKUP($I72,Obj!$D$132:$E$147,2,FALSE),"") -> Obj3.1 | K72: Red de Atención Primaria articulada, coordinada y fortalecida Atención Materno Infantil de calidad y estructurada Atención a la urgencia y emergencia cumpliendo criterios de calidad y coordinación Fortalecido el modelo de referencia y contrareferencia Acceso universal a medicamentos en la Red de Primer Nivel de atención Disponibilidad oportuna de sangre en condiciones de calidad Gobernanza fortalecida | L72: SRSV 3.1.1.8 Desarrolladas e implementadas las intervenciones con carácter preventivo, de promoción y asistencia de las enfermedades crónicas no transmisibles | M72: Total de UNAP realizando incorporacion de perwsonas con enfermedades cronicas no transmisibles en los circulos comunitarios. | N72: Porcentaje | O72: 153 | P72: 1 | V72: Coordinacion de primer nivel de atencion
B73: Desarrollo y Gestión de la Red de Servicios | C73: =IF(Tabla3[[#This Row],[Línea estratégica]]="","",#REF!) -> #REF! | D73: =IF(Tabla3[[#This Row],[Línea estratégica]]="","",#REF!) -> #REF! | E73: =IF(Tabla3[[#This Row],[Línea estratégica]]="","",#REF!) -> #REF! | F73: =IF(Tabla3[[#This Row],[Línea estratégica]]="","",#REF!) -> #REF! | G73: Le.3 - Desarrollo de la red asistencial del SNS en coherencia con las políticas de Estado en materia de salud y el Modelo de Atención | H73: =IFERROR(VLOOKUP(Tabla3[[#This Row],[Línea estratégica]],Obj!$B$57:$C$90,2,FALSE),"") -> Le.3 | I73: Obj3.1 - Implementar el Modelo de Atención en todos los niveles de la red de servicios de salud | J73: =IFERROR(VLOOKUP($I73,Obj!$D$132:$E$147,2,FALSE),"") -> Obj3.1 | K73: Red de Atención Primaria articulada, coordinada y fortalecida Atención Materno Infantil de calidad y estructurada Atención a la urgencia y emergencia cumpliendo criterios de calidad y coordinación Fortalecido el modelo de referencia y contrareferencia Acceso universal a medicamentos en la Red de Primer Nivel de atención Disponibilidad oportuna de sangre en condiciones de calidad Gobernanza fortalecida | L73: 3.1.1.9 Desarrolladas e implementadas las intervenciones con carácter preventivo, de promoción y asistencia de las enfermedades crónicas no transmisibles | M73: Total de UNAP desarrollando e implementando las intervenciones de caracter preventivo de promocion y asistencia de las enfermedades cronicas no transmisibles. | N73: Porcentaje | O73: 183UNAPs | P73: 1 | V73: Coordinacion de primer nivel de atencion
B74: Desarrollo y Gestión de la Red de Servicios | C74: =IF(Tabla3[[#This Row],[Línea estratégica]]="","",#REF!) -> #REF! | D74: =IF(Tabla3[[#This Row],[Línea estratégica]]="","",#REF!) -> #REF! | E74: =IF(Tabla3[[#This Row],[Línea estratégica]]="","",#REF!) -> #REF! | F74: =IF(Tabla3[[#This Row],[Línea estratégica]]="","",#REF!) -> #REF! | G74: Le.3 - Desarrollo de la red asistencial del SNS en coherencia con las políticas de Estado en materia de salud y el Modelo de Atención | H74: =IFERROR(VLOOKUP(Tabla3[[#This Row],[Línea estratégica]],Obj!$B$57:$C$90,2,FALSE),"") -> Le.3 | I74: Obj3.1 - Implementar el Modelo de Atención en todos los niveles de la red de servicios de salud | J74: =IFERROR(VLOOKUP($I74,Obj!$D$132:$E$147,2,FALSE),"") -> Obj3.1 | K74: Red de Atención Primaria articulada, coordinada y fortalecida Atención Materno Infantil de calidad y estructurada Atención a la urgencia y emergencia cumpliendo criterios de calidad y coordinación Fortalecido el modelo de referencia y contrareferencia Acceso universal a medicamentos en la Red de Primer Nivel de atención Disponibilidad oportuna de sangre en condiciones de calidad Gobernanza fortalecida | L74: 3.1.1.10 Red de Atención Primaria articulada, coordinada y fortalecida | M74: Zonas de salud con levantamiento de perfil epidemiologico de poblacion asignada | N74: Porcentaje | O74: 21 | P74: 1 | V74: Coordinacion de primer nivel de atencion
B75: Desarrollo y Gestión de la Red de Servicios | C75: =IF(Tabla3[[#This Row],[Línea estratégica]]="","",#REF!) -> #REF! | D75: =IF(Tabla3[[#This Row],[Línea estratégica]]="","",#REF!) -> #REF! | E75: =IF(Tabla3[[#This Row],[Línea estratégica]]="","",#REF!) -> #REF! | F75: =IF(Tabla3[[#This Row],[Línea estratégica]]="","",#REF!) -> #REF! | G75: Le.3 - Desarrollo de la red asistencial del SNS en coherencia con las políticas de Estado en materia de salud y el Modelo de Atención | H75: =IFERROR(VLOOKUP(Tabla3[[#This Row],[Línea estratégica]],Obj!$B$57:$C$90,2,FALSE),"") -> Le.3 | I75: Obj3.1 - Implementar el Modelo de Atención en todos los niveles de la red de servicios de salud | J75: =IFERROR(VLOOKUP($I75,Obj!$D$132:$E$147,2,FALSE),"") -> Obj3.1 | K75: Red de Atención Primaria articulada, coordinada y fortalecida Atención Materno Infantil de calidad y estructurada Atención a la urgencia y emergencia cumpliendo criterios de calidad y coordinación Fortalecido el modelo de referencia y contrareferencia Acceso universal a medicamentos en la Red de Primer Nivel de atención Disponibilidad oportuna de sangre en condiciones de calidad Gobernanza fortalecida | L75: 3.1.1.11 Red de Atención Primaria articulada, coordinada y fortalecida | M75: Status de la definición de metas locales por indicadores definidos en el marco del convenio con SENASA | N75: Porcentaje | O75: 153CPN | P75: 1 | V75: Coordinacion de primer nivel de atencion
B76: Disminución de la Mortalidad Materna e Infantil | C76: =IF(Tabla3[[#This Row],[Línea estratégica]]="","",#REF!) -> #REF! | D76: =IF(Tabla3[[#This Row],[Línea estratégica]]="","",#REF!) -> #REF! | E76: =IF(Tabla3[[#This Row],[Línea estratégica]]="","",#REF!) -> #REF! | F76: =IF(Tabla3[[#This Row],[Línea estratégica]]="","",#REF!) -> #REF! | G76: Le.3 - Desarrollo de la red asistencial del SNS en coherencia con las políticas de Estado en materia de salud y el Modelo de Atención | H76: =IFERROR(VLOOKUP(Tabla3[[#This Row],[Línea estratégica]],Obj!$B$57:$C$90,2,FALSE),"") -> Le.3 | I76: Obj3.1 - Implementar el Modelo de Atención en todos los niveles de la red de servicios de salud | J76: =IFERROR(VLOOKUP($I76,Obj!$D$132:$E$147,2,FALSE),"") -> Obj3.1 | K76: Red de Atención Primaria articulada, coordinada y fortalecida Atención Materno Infantil de calidad y estructurada Atención a la urgencia y emergencia cumpliendo criterios de calidad y coordinación Fortalecido el modelo de referencia y contrareferencia Acceso universal a medicamentos en la Red de Primer Nivel de atención Disponibilidad oportuna de sangre en condiciones de calidad Gobernanza fortalecida | L76: 3.1.1.12 Captadas las embarazadas y puerperas segun guias y protocolos | M76: Nivel de aplicacion de las embarazadas y puerperas en el PNA segun guias y protocolos. | N76: Porcentaje | O76: 153CPN | P76: 1 | V76: Coordinacion de primer nivel de atencion
B77: Desarrollo y Gestión de la Red de Servicios | C77: =IF(Tabla3[[#This Row],[Línea estratégica]]="","",#REF!) -> #REF! | D77: =IF(Tabla3[[#This Row],[Línea estratégica]]="","",#REF!) -> #REF! | E77: =IF(Tabla3[[#This Row],[Línea estratégica]]="","",#REF!) -> #REF! | F77: =IF(Tabla3[[#This Row],[Línea estratégica]]="","",#REF!) -> #REF! | G77: Le.3 - Desarrollo de la red asistencial del SNS en coherencia con las políticas de Estado en materia de salud y el Modelo de Atención | H77: =IFERROR(VLOOKUP(Tabla3[[#This Row],[Línea estratégica]],Obj!$B$57:$C$90,2,FALSE),"") -> Le.3 | I77: Obj3.1 - Implementar el Modelo de Atención en todos los niveles de la red de servicios de salud | J77: =IFERROR(VLOOKUP($I77,Obj!$D$132:$E$147,2,FALSE),"") -> Obj3.1 | K77: Red de Atención Primaria articulada, coordinada y fortalecida Atención Materno Infantil de calidad y estructurada Atención a la urgencia y emergencia cumpliendo criterios de calidad y coordinación Fortalecido el modelo de referencia y contrareferencia Acceso universal a medicamentos en la Red de Primer Nivel de atención Disponibilidad oportuna de sangre en condiciones de calidad Gobernanza fortalecida | L77: 3.1.1.13 Implementada la estrategia de Salud Mental Y comunitaria . | M77: Nivel de implementacion de la estrategia de salud mental comunitaria | N77: Porcentaje | O77: 0 | P77: 0.1 | V77: Coordinacion de primer nivel de atencion
B78: Desarrollo y Gestión de la Red de Servicios | C78: =IF(Tabla3[[#This Row],[Línea estratégica]]="","",#REF!) -> #REF! | D78: =IF(Tabla3[[#This Row],[Línea estratégica]]="","",#REF!) -> #REF! | E78: =IF(Tabla3[[#This Row],[Línea estratégica]]="","",#REF!) -> #REF! | F78: =IF(Tabla3[[#This Row],[Línea estratégica]]="","",#REF!) -> #REF! | G78: Le.3 - Desarrollo de la red asistencial del SNS en coherencia con las políticas de Estado en materia de salud y el Modelo de Atención | H78: =IFERROR(VLOOKUP(Tabla3[[#This Row],[Línea estratégica]],Obj!$B$57:$C$90,2,FALSE),"") -> Le.3 | I78: Obj3.1 - Implementar el Modelo de Atención en todos los niveles de la red de servicios de salud | J78: =IFERROR(VLOOKUP($I78,Obj!$D$132:$E$147,2,FALSE),"") -> Obj3.1 | K78: Red de Atención Primaria articulada, coordinada y fortalecida Atención Materno Infantil de calidad y estructurada Atención a la urgencia y emergencia cumpliendo criterios de calidad y coordinación Fortalecido el modelo de referencia y contrareferencia Acceso universal a medicamentos en la Red de Primer Nivel de atención Disponibilidad oportuna de sangre en condiciones de calidad Gobernanza fortalecida | L78: 3.1.1.14 Articuladas las acciones en los territorios para gestion de sangre. | M78: Nivel de articulacion en los territorios para desarrollar las acciones de gestion de sangre. | N78: Porcentaje | O78: 0 | P78: 0.1 | V78: Coordinacion de primer nivel de atencion
B79: Desarrollo y Gestión de la Red de Servicios | C79: =IF(Tabla3[[#This Row],[Línea estratégica]]="","",#REF!) -> #REF! | D79: =IF(Tabla3[[#This Row],[Línea estratégica]]="","",#REF!) -> #REF! | E79: =IF(Tabla3[[#This Row],[Línea estratégica]]="","",#REF!) -> #REF! | F79: =IF(Tabla3[[#This Row],[Línea estratégica]]="","",#REF!) -> #REF! | G79: Le.3 - Desarrollo de la red asistencial del SNS en coherencia con las políticas de Estado en materia de salud y el Modelo de Atención | H79: =IFERROR(VLOOKUP(Tabla3[[#This Row],[Línea estratégica]],Obj!$B$57:$C$90,2,FALSE),"") -> Le.3 | I79: Obj3.1 - Implementar el Modelo de Atención en todos los niveles de la red de servicios de salud | J79: =IFERROR(VLOOKUP($I79,Obj!$D$132:$E$147,2,FALSE),"") -> Obj3.1 | K79: Red de Atención Primaria articulada, coordinada y fortalecida Atención Materno Infantil de calidad y estructurada Atención a la urgencia y emergencia cumpliendo criterios de calidad y coordinación Fortalecido el modelo de referencia y contrareferencia Acceso universal a medicamentos en la Red de Primer Nivel de atención Disponibilidad oportuna de sangre en condiciones de calidad Gobernanza fortalecida | L79: 3.1.1.15 Realizadas las coordinaciones con el ámbito Odontologia para articular las acciones en los territorios. | M79: Total de coordinaciones realizadas para las acciones en los territorios. | N79: Porcentaje | V79: Coordinacion de primer nivel de atencion
B80: Desarrollo y Gestión de la Red de Servicios | C80: =IF(Tabla3[[#This Row],[Línea estratégica]]="","",#REF!) -> #REF! | D80: =IF(Tabla3[[#This Row],[Línea estratégica]]="","",#REF!) -> #REF! | E80: =IF(Tabla3[[#This Row],[Línea estratégica]]="","",#REF!) -> #REF! | F80: =IF(Tabla3[[#This Row],[Línea estratégica]]="","",#REF!) -> #REF! | G80: Le.3 - Desarrollo de la red asistencial del SNS en coherencia con las políticas de Estado en materia de salud y el Modelo de Atención | H80: =IFERROR(VLOOKUP(Tabla3[[#This Row],[Línea estratégica]],Obj!$B$57:$C$90,2,FALSE),"") -> Le.3 | I80: Obj3.1 - Implementar el Modelo de Atención en todos los niveles de la red de servicios de salud | J80: =IFERROR(VLOOKUP($I80,Obj!$D$132:$E$147,2,FALSE),"") -> Obj3.1 | K80: Red de Atención Primaria articulada, coordinada y fortalecida Atención Materno Infantil de calidad y estructurada Atención a la urgencia y emergencia cumpliendo criterios de calidad y coordinación Fortalecido el modelo de referencia y contrareferencia Acceso universal a medicamentos en la Red de Primer Nivel de atención Disponibilidad oportuna de sangre en condiciones de calidad Gobernanza fortalecida | L80: 3.1.1.16 Implementada la Estrategia Escuela Libre de Caries | M80: Nivel de implementacion de la estrategia escuela libre de caries | N80: porcentaje | V80: Coordinacion de primer nivel de atencion
B81: Desarrollo y Gestión de la Red de Servicios | C81: =IF(Tabla3[[#This Row],[Línea estratégica]]="","",#REF!) -> #REF! | D81: =IF(Tabla3[[#This Row],[Línea estratégica]]="","",#REF!) -> #REF! | E81: =IF(Tabla3[[#This Row],[Línea estratégica]]="","",#REF!) -> #REF! | F81: =IF(Tabla3[[#This Row],[Línea estratégica]]="","",#REF!) -> #REF! | G81: Le.3 - Desarrollo de la red asistencial del SNS en coherencia con las políticas de Estado en materia de salud y el Modelo de Atención | H81: =IFERROR(VLOOKUP(Tabla3[[#This Row],[Línea estratégica]],Obj!$B$57:$C$90,2,FALSE),"") -> Le.3 | I81: Obj3.1 - Implementar el Modelo de Atención en todos los niveles de la red de servicios de salud | J81: =IFERROR(VLOOKUP($I81,Obj!$D$132:$E$147,2,FALSE),"") -> Obj3.1 | K81: Red de Atención Primaria articulada, coordinada y fortalecida Atención Materno Infantil de calidad y estructurada Atención a la urgencia y emergencia cumpliendo criterios de calidad y coordinación Fortalecido el modelo de referencia y contrareferencia Acceso universal a medicamentos en la Red de Primer Nivel de atención Disponibilidad oportuna de sangre en condiciones de calidad Gobernanza fortalecida | L81: 3.1.1.17 Mejorada la prestacion de servicios a la poblacion TB mediante un abordaje integral basado en la estrategia Fin de la Tuberculosis. | M81: Nivel de implementacion estrategia Fin de la Tuberculosis en los territorios. | N81: porcentaje | O81: 153 CPN | P81: 1 | V81: Coordinacion de primer nivel de atencion
B82: Fortalecimiento de la Veeduría y participación social | C82: =IF(Tabla3[[#This Row],[Línea estratégica]]="","",#REF!) -> #REF! | D82: =IF(Tabla3[[#This Row],[Línea estratégica]]="","",#REF!) -> #REF! | E82: =IF(Tabla3[[#This Row],[Línea estratégica]]="","",#REF!) -> #REF! | F82: =IF(Tabla3[[#This Row],[Línea estratégica]]="","",#REF!) -> #REF! | G82: Le.3 - Desarrollo de la red asistencial del SNS en coherencia con las políticas de Estado en materia de salud y el Modelo de Atención | H82: =IFERROR(VLOOKUP(Tabla3[[#This Row],[Línea estratégica]],Obj!$B$57:$C$90,2,FALSE),"") -> Le.3 | I82: Obj3.1 - Implementar el Modelo de Atención en todos los niveles de la red de servicios de salud | J82: =IFERROR(VLOOKUP($I82,Obj!$D$132:$E$147,2,FALSE),"") -> Obj3.1 | K82: Red de Atención Primaria articulada, coordinada y fortalecida Atención Materno Infantil de calidad y estructurada Atención a la urgencia y emergencia cumpliendo criterios de calidad y coordinación Fortalecido el modelo de referencia y contrareferencia Acceso universal a medicamentos en la Red de Primer Nivel de atención Disponibilidad oportuna de sangre en condiciones de calidad Gobernanza fortalecida | L82: 3.1.1.18 Lograda la articulacion intersectorial en los territorios | M82: Nivel de avance de la articulacion intersectorial en los territorios. | N82: porcentaje | O82: 96 CPN CON COMITÉ DE SALUD FUNCIONALES | P82: 0.8 | V82: Coordinacion de primer nivel de atencion
B83: Calidad de la Atención Clínica | C83: =IF(Tabla3[[#This Row],[Línea estratégica]]="","",#REF!) -> #REF! | D83: =IF(Tabla3[[#This Row],[Línea estratégica]]="","",#REF!) -> #REF! | E83: =IF(Tabla3[[#This Row],[Línea estratégica]]="","",#REF!) -> #REF! | F83: =IF(Tabla3[[#This Row],[Línea estratégica]]="","",#REF!) -> #REF! | G83: Le.3 - Desarrollo de la red asistencial del SNS en coherencia con las políticas de Estado en materia de salud y el Modelo de Atención | H83: =IFERROR(VLOOKUP(Tabla3[[#This Row],[Línea estratégica]],Obj!$B$57:$C$90,2,FALSE),"") -> Le.3 | I83: Obj3.1 - Implementar el Modelo de Atención en todos los niveles de la red de servicios de salud | J83: =IFERROR(VLOOKUP($I83,Obj!$D$132:$E$147,2,FALSE),"") -> Obj3.1 | K83: Red de Atención Primaria articulada, coordinada y fortalecida Atención Materno Infantil de calidad y estructurada Atención a la urgencia y emergencia cumpliendo criterios de calidad y coordinación Fortalecido el modelo de referencia y contrareferencia Acceso universal a medicamentos en la Red de Primer Nivel de atención Disponibilidad oportuna de sangre en condiciones de calidad Gobernanza fortalecida | L83: 3.1.1.1. Despliegue Ruta Critica para el desarrollo del Modelo de Atención | M83: Nivel de implmentaciòn del programa de la Ruta Crìtica | N83: porcentaje | V83: Departamento de centros de Salud.
B84: Cultura de Servicios y Gestión de Usuarios | C84: =IF(Tabla3[[#This Row],[Línea estratégica]]="","",#REF!) -> #REF! | D84: =IF(Tabla3[[#This Row],[Línea estratégica]]="","",#REF!) -> #REF! | E84: =IF(Tabla3[[#This Row],[Línea estratégica]]="","",#REF!) -> #REF! | F84: =IF(Tabla3[[#This Row],[Línea estratégica]]="","",#REF!) -> #REF! | G84: Le.3 - Desarrollo de la red asistencial del SNS en coherencia con las políticas de Estado en materia de salud y el Modelo de Atención | H84: =IFERROR(VLOOKUP(Tabla3[[#This Row],[Línea estratégica]],Obj!$B$57:$C$90,2,FALSE),"") -> Le.3 | I84: Obj3.1 - Implementar el Modelo de Atención en todos los niveles de la red de servicios de salud | J84: =IFERROR(VLOOKUP($I84,Obj!$D$132:$E$147,2,FALSE),"") -> Obj3.1 | K84: Red de Atención Primaria articulada, coordinada y fortalecida Atención Materno Infantil de calidad y estructurada Atención a la urgencia y emergencia cumpliendo criterios de calidad y coordinación Fortalecido el modelo de referencia y contrareferencia Acceso universal a medicamentos en la Red de Primer Nivel de atención Disponibilidad oportuna de sangre en condiciones de calidad Gobernanza fortalecida | L84: 3.1.1.2Disminucion de las listas de espera | M84: Nivel de disminucion de las listas de espera | N84: porcentaje | V84: Departamento de centros de Salud.
B85: Cultura de Servicios y Gestión de Usuarios | C85: =IF(Tabla3[[#This Row],[Línea estratégica]]="","",#REF!) -> #REF! | D85: =IF(Tabla3[[#This Row],[Línea estratégica]]="","",#REF!) -> #REF! | E85: =IF(Tabla3[[#This Row],[Línea estratégica]]="","",#REF!) -> #REF! | F85: =IF(Tabla3[[#This Row],[Línea estratégica]]="","",#REF!) -> #REF! | G85: Le.3 - Desarrollo de la red asistencial del SNS en coherencia con las políticas de Estado en materia de salud y el Modelo de Atención | H85: =IFERROR(VLOOKUP(Tabla3[[#This Row],[Línea estratégica]],Obj!$B$57:$C$90,2,FALSE),"") -> Le.3 | I85: Obj3.1 - Implementar el Modelo de Atención en todos los niveles de la red de servicios de salud | J85: =IFERROR(VLOOKUP($I85,Obj!$D$132:$E$147,2,FALSE),"") -> Obj3.1 | K85: Red de Atención Primaria articulada, coordinada y fortalecida Atención Materno Infantil de calidad y estructurada Atención a la urgencia y emergencia cumpliendo criterios de calidad y coordinación Fortalecido el modelo de referencia y contrareferencia Acceso universal a medicamentos en la Red de Primer Nivel de atención Disponibilidad oportuna de sangre en condiciones de calidad Gobernanza fortalecida | L85: 3.1.1.1Conectividad de la Red SNS | M85: No de EESS implementando le proceso de referencia y contrareferencia de manera optima. | N85: Porcentage | O85: 0.05 | P85: 0.5 | V85: GestionClinica.
B86: Calidad de la Atención Clínica | C86: =IF(Tabla3[[#This Row],[Línea estratégica]]="","",#REF!) -> #REF! | D86: =IF(Tabla3[[#This Row],[Línea estratégica]]="","",#REF!) -> #REF! | E86: =IF(Tabla3[[#This Row],[Línea estratégica]]="","",#REF!) -> #REF! | F86: =IF(Tabla3[[#This Row],[Línea estratégica]]="","",#REF!) -> #REF! | G86: Le.3 - Desarrollo de la red asistencial del SNS en coherencia con las políticas de Estado en materia de salud y el Modelo de Atención | H86: =IFERROR(VLOOKUP(Tabla3[[#This Row],[Línea estratégica]],Obj!$B$57:$C$90,2,FALSE),"") -> Le.3 | I86: Obj3.1 - Implementar el Modelo de Atención en todos los niveles de la red de servicios de salud | J86: =IFERROR(VLOOKUP($I86,Obj!$D$132:$E$147,2,FALSE),"") -> Obj3.1 | K86: Red de Atención Primaria articulada, coordinada y fortalecida Atención Materno Infantil de calidad y estructurada Atención a la urgencia y emergencia cumpliendo criterios de calidad y coordinación Fortalecido el modelo de referencia y contrareferencia Acceso universal a medicamentos en la Red de Primer Nivel de atención Disponibilidad oportuna de sangre en condiciones de calidad Gobernanza fortalecida | L86: 3.1.1.2Fortalecidos los Servicios de Malaria en la Red de Establecimientos | M86: No de EESS de Salud con servicio de Malaria operando. | N86: Porcentage | O86: 0.1 | P86: 0.5 | V86: GestionClinica.
B87: Calidad de la Atención Clínica | C87: =IF(Tabla3[[#This Row],[Línea estratégica]]="","",#REF!) -> #REF! | D87: =IF(Tabla3[[#This Row],[Línea estratégica]]="","",#REF!) -> #REF! | E87: =IF(Tabla3[[#This Row],[Línea estratégica]]="","",#REF!) -> #REF! | F87: =IF(Tabla3[[#This Row],[Línea estratégica]]="","",#REF!) -> #REF! | G87: Le.3 - Desarrollo de la red asistencial del SNS en coherencia con las políticas de Estado en materia de salud y el Modelo de Atención | H87: =IFERROR(VLOOKUP(Tabla3[[#This Row],[Línea estratégica]],Obj!$B$57:$C$90,2,FALSE),"") -> Le.3 | I87: Obj3.1 - Implementar el Modelo de Atención en todos los niveles de la red de servicios de salud | J87: =IFERROR(VLOOKUP($I87,Obj!$D$132:$E$147,2,FALSE),"") -> Obj3.1 | K87: Red de Atención Primaria articulada, coordinada y fortalecida Atención Materno Infantil de calidad y estructurada Atención a la urgencia y emergencia cumpliendo criterios de calidad y coordinación Fortalecido el modelo de referencia y contrareferencia Acceso universal a medicamentos en la Red de Primer Nivel de atención Disponibilidad oportuna de sangre en condiciones de calidad Gobernanza fortalecida | L87: SRSV 3.1.1.1Fortalecimientos de los Servicios Materno Infantil y Neonatal | M87: Total de CEAS que cuentan con planes de mejora implementados y en ejecucion | N87: Porcentaje | O87: 0 | P87: 1 | V87: Hospitales
B88: Calidad de la Atención Clínica | C88: =IF(Tabla3[[#This Row],[Línea estratégica]]="","",#REF!) -> #REF! | D88: =IF(Tabla3[[#This Row],[Línea estratégica]]="","",#REF!) -> #REF! | E88: =IF(Tabla3[[#This Row],[Línea estratégica]]="","",#REF!) -> #REF! | F88: =IF(Tabla3[[#This Row],[Línea estratégica]]="","",#REF!) -> #REF! | G88: Le.3 - Desarrollo de la red asistencial del SNS en coherencia con las políticas de Estado en materia de salud y el Modelo de Atención | H88: =IFERROR(VLOOKUP(Tabla3[[#This Row],[Línea estratégica]],Obj!$B$57:$C$90,2,FALSE),"") -> Le.3 | I88: Obj3.1 - Implementar el Modelo de Atención en todos los niveles de la red de servicios de salud | J88: =IFERROR(VLOOKUP($I88,Obj!$D$132:$E$147,2,FALSE),"") -> Obj3.1 | K88: Red de Atención Primaria articulada, coordinada y fortalecida Atención Materno Infantil de calidad y estructurada Atención a la urgencia y emergencia cumpliendo criterios de calidad y coordinación Fortalecido el modelo de referencia y contrareferencia Acceso universal a medicamentos en la Red de Primer Nivel de atención Disponibilidad oportuna de sangre en condiciones de calidad Gobernanza fortalecida | L88: 3.1.1.1 Fortalecimiento de los servicios de emergencia y apoyo ante desastres en la Red SNS | M88: Numero de hospitales del SRS con servicios de emergencia fortalecidos. | N88: Porcentaje | O88: 0 | P88: 5 | V88: Gestion Clinica/ Unidad de Emergencias y Desastres del SRS Valdesia.
B89: Calidad de la Atención Clínica | C89: =IF(Tabla3[[#This Row],[Línea estratégica]]="","",#REF!) -> #REF! | D89: =IF(Tabla3[[#This Row],[Línea estratégica]]="","",#REF!) -> #REF! | E89: =IF(Tabla3[[#This Row],[Línea estratégica]]="","",#REF!) -> #REF! | F89: =IF(Tabla3[[#This Row],[Línea estratégica]]="","",#REF!) -> #REF! | G89: Le.3 - Desarrollo de la red asistencial del SNS en coherencia con las políticas de Estado en materia de salud y el Modelo de Atención | H89: =IFERROR(VLOOKUP(Tabla3[[#This Row],[Línea estratégica]],Obj!$B$57:$C$90,2,FALSE),"") -> Le.3 | I89: Obj3.1 - Implementar el Modelo de Atención en todos los niveles de la red de servicios de salud | J89: =IFERROR(VLOOKUP($I89,Obj!$D$132:$E$147,2,FALSE),"") -> Obj3.1 | K89: Red de Atención Primaria articulada, coordinada y fortalecida Atención Materno Infantil de calidad y estructurada Atención a la urgencia y emergencia cumpliendo criterios de calidad y coordinación Fortalecido el modelo de referencia y contrareferencia Acceso universal a medicamentos en la Red de Primer Nivel de atención Disponibilidad oportuna de sangre en condiciones de calidad Gobernanza fortalecida | L89: 4.1.3.1. Provisión de servicios Salud Materno, Neonatal y Adolescente | M89: Porcentage de Centros de saudl con unidad de vacuna Operando. | N89: Porciento | P89: 0.7 | V89: Encargado PAI
B90: Calidad de la Atención Clínica | C90: =IF(Tabla3[[#This Row],[Línea estratégica]]="","",#REF!) -> #REF! | D90: =IF(Tabla3[[#This Row],[Línea estratégica]]="","",#REF!) -> #REF! | E90: =IF(Tabla3[[#This Row],[Línea estratégica]]="","",#REF!) -> #REF! | F90: =IF(Tabla3[[#This Row],[Línea estratégica]]="","",#REF!) -> #REF! | G90: Le.3 - Desarrollo de la red asistencial del SNS en coherencia con las políticas de Estado en materia de salud y el Modelo de Atención | H90: =IFERROR(VLOOKUP(Tabla3[[#This Row],[Línea estratégica]],Obj!$B$57:$C$90,2,FALSE),"") -> Le.3 | I90: Obj3.1 - Implementar el Modelo de Atención en todos los niveles de la red de servicios de salud | J90: =IFERROR(VLOOKUP($I90,Obj!$D$132:$E$147,2,FALSE),"") -> Obj3.1 | K90: Red de Atención Primaria articulada, coordinada y fortalecida Atención Materno Infantil de calidad y estructurada Atención a la urgencia y emergencia cumpliendo criterios de calidad y coordinación Fortalecido el modelo de referencia y contrareferencia Acceso universal a medicamentos en la Red de Primer Nivel de atención Disponibilidad oportuna de sangre en condiciones de calidad Gobernanza fortalecida | L90: 3.1.1.5. Mejora de la provisión de medicamentos e insumos | M90: Porcentaje de disponibilidad de medicamentos trazadores | N90: Porcentaje | O90: 0.5 | P90: 0.8 | V90: Division de Abastecimiento de Medicamentos
B91: Desarrollo y Gestión de la Red de Servicios | C91: =IF(Tabla3[[#This Row],[Línea estratégica]]="","",#REF!) -> #REF! | D91: =IF(Tabla3[[#This Row],[Línea estratégica]]="","",#REF!) -> #REF! | E91: =IF(Tabla3[[#This Row],[Línea estratégica]]="","",#REF!) -> #REF! | F91: =IF(Tabla3[[#This Row],[Línea estratégica]]="","",#REF!) -> #REF! | G91: Le.3 - Desarrollo de la red asistencial del SNS en coherencia con las políticas de Estado en materia de salud y el Modelo de Atención | H91: =IFERROR(VLOOKUP(Tabla3[[#This Row],[Línea estratégica]],Obj!$B$57:$C$90,2,FALSE),"") -> Le.3 | I91: Obj3.1 - Implementar el Modelo de Atención en todos los niveles de la red de servicios de salud | J91: =IFERROR(VLOOKUP($I91,Obj!$D$132:$E$147,2,FALSE),"") -> Obj3.1 | K91: Red de Atención Primaria articulada, coordinada y fortalecida Atención Materno Infantil de calidad y estructurada Atención a la urgencia y emergencia cumpliendo criterios de calidad y coordinación Fortalecido el modelo de referencia y contrareferencia Acceso universal a medicamentos en la Red de Primer Nivel de atención Disponibilidad oportuna de sangre en condiciones de calidad Gobernanza fortalecida | L91: 3.3.1.2Fortalecimiento a la Gestion de Suministro y Abastecimiento de medicamentos | M91: porcentaje de EESS con la gestion de suministros y abastecimiento de medicamentos fortalecidos. | N91: Porcentaje | O91: 0.1 | P91: 0.6 | V91: Division de Abastecimiento de Medicamentos
B92: Fortalecimiento de la Veeduría y participación social | C92: =IF(Tabla3[[#This Row],[Línea estratégica]]="","",#REF!) -> #REF! | D92: =IF(Tabla3[[#This Row],[Línea estratégica]]="","",#REF!) -> #REF! | E92: =IF(Tabla3[[#This Row],[Línea estratégica]]="","",#REF!) -> #REF! | F92: =IF(Tabla3[[#This Row],[Línea estratégica]]="","",#REF!) -> #REF! | G92: Le.3 - Desarrollo de la red asistencial del SNS en coherencia con las políticas de Estado en materia de salud y el Modelo de Atención | H92: =IFERROR(VLOOKUP(Tabla3[[#This Row],[Línea estratégica]],Obj!$B$57:$C$90,2,FALSE),"") -> Le.3 | I92: Obj3.1 - Implementar el Modelo de Atención en todos los niveles de la red de servicios de salud | J92: =IFERROR(VLOOKUP($I92,Obj!$D$132:$E$147,2,FALSE),"") -> Obj3.1 | K92: Red de Atención Primaria articulada, coordinada y fortalecida Atención Materno Infantil de calidad y estructurada Atención a la urgencia y emergencia cumpliendo criterios de calidad y coordinación Fortalecido el modelo de referencia y contrareferencia Acceso universal a medicamentos en la Red de Primer Nivel de atención Disponibilidad oportuna de sangre en condiciones de calidad Gobernanza fortalecida | L92: 3.1.1.7. Fortalecimiento del Primer Nivel de Atención | M92: Porcentaje de respuesta a requerimientos de los CPN | N92: Porcentaje | O92: 0.25 | P92: 0.85 | V92: Direccion Regional
B93: Cultura de Servicios y Gestión de Usuarios | C93: =IF(Tabla3[[#This Row],[Línea estratégica]]="","",#REF!) -> #REF! | D93: =IF(Tabla3[[#This Row],[Línea estratégica]]="","",#REF!) -> #REF! | E93: =IF(Tabla3[[#This Row],[Línea estratégica]]="","",#REF!) -> #REF! | F93: =IF(Tabla3[[#This Row],[Línea estratégica]]="","",#REF!) -> #REF! | G93: Le.3 - Desarrollo de la red asistencial del SNS en coherencia con las políticas de Estado en materia de salud y el Modelo de Atención | H93: =IFERROR(VLOOKUP(Tabla3[[#This Row],[Línea estratégica]],Obj!$B$57:$C$90,2,FALSE),"") -> Le.3 | I93: Obj3.1 - Implementar el Modelo de Atención en todos los niveles de la red de servicios de salud | J93: =IFERROR(VLOOKUP($I93,Obj!$D$132:$E$147,2,FALSE),"") -> Obj3.1 | K93: Red de Atención Primaria articulada, coordinada y fortalecida Atención Materno Infantil de calidad y estructurada Atención a la urgencia y emergencia cumpliendo criterios de calidad y coordinación Fortalecido el modelo de referencia y contrareferencia Acceso universal a medicamentos en la Red de Primer Nivel de atención Disponibilidad oportuna de sangre en condiciones de calidad Gobernanza fortalecida | L93: 3.1.1.1Fortalecimiento de la gestión de usuarios para la adhesión a la cultura de servicios | M93: Nivel de Gestión Usuarios implementados en los EE.SS PNA y CEAS. | N93: porcentaje | P93: 0.85 | V93: Atencion a Usuarios
B94: Cultura de Servicios y Gestión de Usuarios | C94: =IF(Tabla3[[#This Row],[Línea estratégica]]="","",#REF!) -> #REF! | D94: =IF(Tabla3[[#This Row],[Línea estratégica]]="","",#REF!) -> #REF! | E94: =IF(Tabla3[[#This Row],[Línea estratégica]]="","",#REF!) -> #REF! | F94: =IF(Tabla3[[#This Row],[Línea estratégica]]="","",#REF!) -> #REF! | G94: Le.3 - Desarrollo de la red asistencial del SNS en coherencia con las políticas de Estado en materia de salud y el Modelo de Atención | H94: =IFERROR(VLOOKUP(Tabla3[[#This Row],[Línea estratégica]],Obj!$B$57:$C$90,2,FALSE),"") -> Le.3 | I94: Obj3.1 - Implementar el Modelo de Atención en todos los niveles de la red de servicios de salud | J94: =IFERROR(VLOOKUP($I94,Obj!$D$132:$E$147,2,FALSE),"") -> Obj3.1 | K94: Red de Atención Primaria articulada, coordinada y fortalecida Atención Materno Infantil de calidad y estructurada Atención a la urgencia y emergencia cumpliendo criterios de calidad y coordinación Fortalecido el modelo de referencia y contrareferencia Acceso universal a medicamentos en la Red de Primer Nivel de atención Disponibilidad oportuna de sangre en condiciones de calidad Gobernanza fortalecida | L94: 3.3.3.2Conectividad de la Red | M94: Nivel de Gestión Usuarios implementados en los EE.SS PNA y CEAS. | N94: porcentaje | P94: 0.8 | V94: Atencion a Usuarios
B95: Cultura de Servicios y Gestión de Usuarios | C95: =IF(Tabla3[[#This Row],[Línea estratégica]]="","",#REF!) -> #REF! | D95: =IF(Tabla3[[#This Row],[Línea estratégica]]="","",#REF!) -> #REF! | E95: =IF(Tabla3[[#This Row],[Línea estratégica]]="","",#REF!) -> #REF! | F95: =IF(Tabla3[[#This Row],[Línea estratégica]]="","",#REF!) -> #REF! | G95: Le.3 - Desarrollo de la red asistencial del SNS en coherencia con las políticas de Estado en materia de salud y el Modelo de Atención | H95: =IFERROR(VLOOKUP(Tabla3[[#This Row],[Línea estratégica]],Obj!$B$57:$C$90,2,FALSE),"") -> Le.3 | I95: Obj3.1 - Implementar el Modelo de Atención en todos los niveles de la red de servicios de salud | J95: =IFERROR(VLOOKUP($I95,Obj!$D$132:$E$147,2,FALSE),"") -> Obj3.1 | K95: Red de Atención Primaria articulada, coordinada y fortalecida Atención Materno Infantil de calidad y estructurada Atención a la urgencia y emergencia cumpliendo criterios de calidad y coordinación Fortalecido el modelo de referencia y contrareferencia Acceso universal a medicamentos en la Red de Primer Nivel de atención Disponibilidad oportuna de sangre en condiciones de calidad Gobernanza fortalecida | L95: 3.3.1.3 Despliegue Ruta Critica para el desarrollo del Modelo de Atención | M95: Nivel de Gestión Usuarios implementados en los EE.SS PNA y CEAS. | N95: porcentaje | P95: 0.7 | V95: Atencion a Usuarios
B96: Cultura de Servicios y Gestión de Usuarios | C96: =IF(Tabla3[[#This Row],[Línea estratégica]]="","",#REF!) -> #REF! | D96: =IF(Tabla3[[#This Row],[Línea estratégica]]="","",#REF!) -> #REF! | E96: =IF(Tabla3[[#This Row],[Línea estratégica]]="","",#REF!) -> #REF! | F96: =IF(Tabla3[[#This Row],[Línea estratégica]]="","",#REF!) -> #REF! | G96: Le.3 - Desarrollo de la red asistencial del SNS en coherencia con las políticas de Estado en materia de salud y el Modelo de Atención | H96: =IFERROR(VLOOKUP(Tabla3[[#This Row],[Línea estratégica]],Obj!$B$57:$C$90,2,FALSE),"") -> Le.3 | I96: Obj3.1 - Implementar el Modelo de Atención en todos los niveles de la red de servicios de salud | J96: =IFERROR(VLOOKUP($I96,Obj!$D$132:$E$147,2,FALSE),"") -> Obj3.1 | K96: Red de Atención Primaria articulada, coordinada y fortalecida Atención Materno Infantil de calidad y estructurada Atención a la urgencia y emergencia cumpliendo criterios de calidad y coordinación Fortalecido el modelo de referencia y contrareferencia Acceso universal a medicamentos en la Red de Primer Nivel de atención Disponibilidad oportuna de sangre en condiciones de calidad Gobernanza fortalecida | L96: 3.3.1.4 Articulación en la red del referencia y contra referencia. | M96: Nivel de Gestión Usuarios implementados en los EE.SS PNA y CEAS. | N96: porcentaje | P96: 0.5 | V96: Atencion a Usuarios
B97: Desarrollo y Gestión de la Red de Servicios | C97: =IF(Tabla3[[#This Row],[Línea estratégica]]="","",#REF!) -> #REF! | D97: =IF(Tabla3[[#This Row],[Línea estratégica]]="","",#REF!) -> #REF! | E97: =IF(Tabla3[[#This Row],[Línea estratégica]]="","",#REF!) -> #REF! | F97: =IF(Tabla3[[#This Row],[Línea estratégica]]="","",#REF!) -> #REF! | G97: Le.3 - Desarrollo de la red asistencial del SNS en coherencia con las políticas de Estado en materia de salud y el Modelo de Atención | H97: =IFERROR(VLOOKUP(Tabla3[[#This Row],[Línea estratégica]],Obj!$B$57:$C$90,2,FALSE),"") -> Le.3 | I97: Obj3.3 - Desarrollar una cartera de servicios estandarizada y de acuerdo al modelo de atención en los centros de salud, con igual capacidad resolutiva | J97: =IFERROR(VLOOKUP($I97,Obj!$D$132:$E$147,2,FALSE),"") -> Obj3.3 | K97: Fortalecido el acceso a la atención, mediante una cartera de servicios que responda a las necesidades de salud de la población, priorizando los grupos más vulnerables | L97: SRSV3.3 Fortalecido el acceso a la atención, mediante una cartera de servicios que responda a las necesidades de salud de la población, priorizando los grupos más vulnerables | M97: Nivel de implementacion cartera de servicios en el PNA | N97: Porcentaje | O97: 80 | P97: 0.7 | V97: Coordinacion de primer nivel de atencion
B98: Desarrollo y Gestión de la Red de Servicios | C98: =IF(Tabla3[[#This Row],[Línea estratégica]]="","",#REF!) -> #REF! | D98: =IF(Tabla3[[#This Row],[Línea estratégica]]="","",#REF!) -> #REF! | E98: =IF(Tabla3[[#This Row],[Línea estratégica]]="","",#REF!) -> #REF! | F98: =IF(Tabla3[[#This Row],[Línea estratégica]]="","",#REF!) -> #REF! | G98: Le.3 - Desarrollo de la red asistencial del SNS en coherencia con las políticas de Estado en materia de salud y el Modelo de Atención | H98: =IFERROR(VLOOKUP(Tabla3[[#This Row],[Línea estratégica]],Obj!$B$57:$C$90,2,FALSE),"") -> Le.3 | I98: Obj3.3 - Desarrollar una cartera de servicios estandarizada y de acuerdo al modelo de atención en los centros de salud, con igual capacidad resolutiva | J98: =IFERROR(VLOOKUP($I98,Obj!$D$132:$E$147,2,FALSE),"") -> Obj3.3 | K98: Fortalecido el acceso a la atención, mediante una cartera de servicios que responda a las necesidades de salud de la población, priorizando los grupos más vulnerables | L98: SRSV 3.3 Fortalecido el acceso a la atención, mediante una cartera de servicios que responda a las necesidades de salud de la población, priorizando los grupos más vulnerables | M98: Nivel de implementacion cartera de servicios en el PNA | N98: Porcentaje | O98: 80 | P98: 0.7 | V98: Coordinacion de primer nivel de atencion
B99: Desarrollo y Gestión de la Red de Servicios | C99: =IF(Tabla3[[#This Row],[Línea estratégica]]="","",#REF!) -> #REF! | D99: =IF(Tabla3[[#This Row],[Línea estratégica]]="","",#REF!) -> #REF! | E99: =IF(Tabla3[[#This Row],[Línea estratégica]]="","",#REF!) -> #REF! | F99: =IF(Tabla3[[#This Row],[Línea estratégica]]="","",#REF!) -> #REF! | G99: Le.3 - Desarrollo de la red asistencial del SNS en coherencia con las políticas de Estado en materia de salud y el Modelo de Atención | H99: =IFERROR(VLOOKUP(Tabla3[[#This Row],[Línea estratégica]],Obj!$B$57:$C$90,2,FALSE),"") -> Le.3 | I99: Obj3.3 - Desarrollar una cartera de servicios estandarizada y de acuerdo al modelo de atención en los centros de salud, con igual capacidad resolutiva | J99: =IFERROR(VLOOKUP($I99,Obj!$D$132:$E$147,2,FALSE),"") -> Obj3.3 | K99: Fortalecido el acceso a la atención, mediante una cartera de servicios que responda a las necesidades de salud de la población, priorizando los grupos más vulnerables | L99: SRSV 3.3 Fortalecido el acceso a la atención, mediante una cartera de servicios que responda a las necesidades de salud de la población, priorizando los grupos más vulnerables | M99: Nivel de implementacion cartera de servicios en el PNA | N99: Porcentaje | O99: 80 | P99: 0.7 | V99: Coordinacion de primer nivel de atencion
B100: Desarrollo y Gestión de la Red de Servicios | C100: =IF(Tabla3[[#This Row],[Línea estratégica]]="","",#REF!) -> #REF! | D100: =IF(Tabla3[[#This Row],[Línea estratégica]]="","",#REF!) -> #REF! | E100: =IF(Tabla3[[#This Row],[Línea estratégica]]="","",#REF!) -> #REF! | F100: =IF(Tabla3[[#This Row],[Línea estratégica]]="","",#REF!) -> #REF! | G100: Le.3 - Desarrollo de la red asistencial del SNS en coherencia con las políticas de Estado en materia de salud y el Modelo de Atención | H100: =IFERROR(VLOOKUP(Tabla3[[#This Row],[Línea estratégica]],Obj!$B$57:$C$90,2,FALSE),"") -> Le.3 | I100: Obj3.3 - Desarrollar una cartera de servicios estandarizada y de acuerdo al modelo de atención en los centros de salud, con igual capacidad resolutiva | J100: =IFERROR(VLOOKUP($I100,Obj!$D$132:$E$147,2,FALSE),"") -> Obj3.3 | K100: Fortalecido el acceso a la atención, mediante una cartera de servicios que responda a las necesidades de salud de la población, priorizando los grupos más vulnerables | L100: 3.3 Fortalecido el acceso a la atención, mediante una cartera de servicios que responda a las necesidades de salud de la población, priorizando los grupos más vulnerables | M100: Nivel de implementacion cartera de servicios en el PNA | N100: Porcentaje | O100: 80 | P100: 0.7 | V100: Coordinacion de primer nivel de atencion
B101: Desarrollo y Gestión de la Red de Servicios | C101: =IF(Tabla3[[#This Row],[Línea estratégica]]="","",#REF!) -> #REF! | D101: =IF(Tabla3[[#This Row],[Línea estratégica]]="","",#REF!) -> #REF! | E101: =IF(Tabla3[[#This Row],[Línea estratégica]]="","",#REF!) -> #REF! | F101: =IF(Tabla3[[#This Row],[Línea estratégica]]="","",#REF!) -> #REF! | G101: Le.3 - Desarrollo de la red asistencial del SNS en coherencia con las políticas de Estado en materia de salud y el Modelo de Atención | H101: =IFERROR(VLOOKUP(Tabla3[[#This Row],[Línea estratégica]],Obj!$B$57:$C$90,2,FALSE),"") -> Le.3 | I101: Obj3.3 - Desarrollar una cartera de servicios estandarizada y de acuerdo al modelo de atención en los centros de salud, con igual capacidad resolutiva | J101: =IFERROR(VLOOKUP($I101,Obj!$D$132:$E$147,2,FALSE),"") -> Obj3.3 | K101: Fortalecido el acceso a la atención, mediante una cartera de servicios que responda a las necesidades de salud de la población, priorizando los grupos más vulnerables | L101: 3.3 Fortalecido el acceso a la atención, mediante una cartera de servicios que responda a las necesidades de salud de la población, priorizando los grupos más vulnerables | M101: Nivel de implementacion cartera de servicios en el PNA | N101: Porcentaje | O101: 80 | P101: 0.7 | V101: Coordinacion de primer nivel de atencion
B102: Desarrollo y Gestión de la Red de Servicios | C102: =IF(Tabla3[[#This Row],[Línea estratégica]]="","",#REF!) -> #REF! | D102: =IF(Tabla3[[#This Row],[Línea estratégica]]="","",#REF!) -> #REF! | E102: =IF(Tabla3[[#This Row],[Línea estratégica]]="","",#REF!) -> #REF! | F102: =IF(Tabla3[[#This Row],[Línea estratégica]]="","",#REF!) -> #REF! | G102: Le.3 - Desarrollo de la red asistencial del SNS en coherencia con las políticas de Estado en materia de salud y el Modelo de Atención | H102: =IFERROR(VLOOKUP(Tabla3[[#This Row],[Línea estratégica]],Obj!$B$57:$C$90,2,FALSE),"") -> Le.3 | I102: Obj3.3 - Desarrollar una cartera de servicios estandarizada y de acuerdo al modelo de atención en los centros de salud, con igual capacidad resolutiva | J102: =IFERROR(VLOOKUP($I102,Obj!$D$132:$E$147,2,FALSE),"") -> Obj3.3 | K102: Fortalecido el acceso a la atención, mediante una cartera de servicios que responda a las necesidades de salud de la población, priorizando los grupos más vulnerables | L102: 3.3.1.1 Fortalecido el acceso a la atención, mediante una cartera de servicios que responda a las necesidades de salud de la población, priorizando los grupos más vulnerables | M102: Nivel de implementacion cartera de servicios en el PNA | N102: Porcentaje | O102: 80 | P102: 0.7 | V102: Coordinacion de primer nivel de atencion
B103: Cultura de Servicios y Gestión de Usuarios | C103: =IF(Tabla3[[#This Row],[Línea estratégica]]="","",#REF!) -> #REF! | D103: =IF(Tabla3[[#This Row],[Línea estratégica]]="","",#REF!) -> #REF! | E103: =IF(Tabla3[[#This Row],[Línea estratégica]]="","",#REF!) -> #REF! | F103: =IF(Tabla3[[#This Row],[Línea estratégica]]="","",#REF!) -> #REF! | G103: Le.3 - Desarrollo de la red asistencial del SNS en coherencia con las políticas de Estado en materia de salud y el Modelo de Atención | H103: =IFERROR(VLOOKUP(Tabla3[[#This Row],[Línea estratégica]],Obj!$B$57:$C$90,2,FALSE),"") -> Le.3 | I103: Obj3.3 - Desarrollar una cartera de servicios estandarizada y de acuerdo al modelo de atención en los centros de salud, con igual capacidad resolutiva | J103: =IFERROR(VLOOKUP($I103,Obj!$D$132:$E$147,2,FALSE),"") -> Obj3.3 | K103: Fortalecido el acceso a la atención, mediante una cartera de servicios que responda a las necesidades de salud de la población, priorizando los grupos más vulnerables | L103: 3.3.1.1 Gestión Usuarios en EE.SS PNA y CEAS. | M103: Nivel de Gestión Usuarios implementados en los EE.SS PNA y CEAS. | N103: porcentaje | P103: 90 | V103: Atencion a Usuarios
...

Sheet Formulario PPGR2
H2: ='Formulario PPGR1'!H2 -> Servicio Nacional de Salud
H3: ='Formulario PPGR1'!H3 -> Dirección de Planificación y Desarrollo | AA3: =IF('Formulario PPGR1'!$N$3="SNS - Dirección Central","ls_Departamento","Ls_DepartamentosSRS") -> Ls_DepartamentosSRS
H5: Identificación de actividades
H6: ='Formulario PPGR1'!$N$3 -> R1 - SRS Valdesia
B8: ID_Dependendencia | C8: POA | D8: SRS | E8: AREA | F8: TIPO | G8: Productos | H8: Código | I8: Actividades Programables Presupuestables | J8: Ene | K8: Feb | L8: Mar | M8: Abr | N8: May | O8: Jun | P8: Jul | Q8: Ago | R8: Sep | S8: Oct | T8: Nov | U8: Dic | V8: Total de Acciones | W8: Medio de Verificación 1 | X8: Medio de Verificación 2 | Y8: Medio de Verificación 3 | Z8: Observaciones | AA8: Responsable
B9: =IF(Tabla2[[#This Row],[Productos ]]="","",CONCATENATE(Tabla2[[#This Row],[POA]],".",Tabla2[[#This Row],[SRS]],".",Tabla2[[#This Row],[AREA]],".",Tabla2[[#This Row],[TIPO]])) -> #REF! | C9: =IF(Tabla2[[#This Row],[Productos ]]="","",'Formulario PPGR1'!#REF!) -> #REF! | D9: =IF(Tabla2[[#This Row],[Productos ]]="","",'Formulario PPGR1'!#REF!) -> #REF! | E9: =IF(Tabla2[[#This Row],[Productos ]]="","",'Formulario PPGR1'!#REF!) -> #REF! | F9: =IF(Tabla2[[#This Row],[Productos ]]="","",'Formulario PPGR1'!#REF!) -> #REF! | G9: 1.1.3. 1. Fortalecimiento de la Planificación Institucional | H9: SRSV.1.1.3.1.01 | I9: Elaboración del POA 2021 | O9: 1 | V9: =IF(SUM(Tabla2[[#This Row],[Ene]:[Dic]])=0,"",SUM(Tabla2[[#This Row],[Ene]:[Dic]])) -> 1 | W9: Plan | Z9: POA elaborado | AA9: Planificación y Desarrollo
B10: =IF(Tabla2[[#This Row],[Productos ]]="","",CONCATENATE(Tabla2[[#This Row],[POA]],".",Tabla2[[#This Row],[SRS]],".",Tabla2[[#This Row],[AREA]],".",Tabla2[[#This Row],[TIPO]])) -> #REF! | C10: =IF(Tabla2[[#This Row],[Productos ]]="","",'Formulario PPGR1'!#REF!) -> #REF! | D10: =IF(Tabla2[[#This Row],[Productos ]]="","",'Formulario PPGR1'!#REF!) -> #REF! | E10: =IF(Tabla2[[#This Row],[Productos ]]="","",'Formulario PPGR1'!#REF!) -> #REF! | F10: =IF(Tabla2[[#This Row],[Productos ]]="","",'Formulario PPGR1'!#REF!) -> #REF! | G10: 1.1.3. 1. Fortalecimiento de la Planificación Institucional | H10: SRSV.1.1.3.1.02 | I10: Elaboración de la Memoria Institucional 2020 | T10: 1 | V10: =IF(SUM(Tabla2[[#This Row],[Ene]:[Dic]])=0,"",SUM(Tabla2[[#This Row],[Ene]:[Dic]])) -> 1 | W10: Memoria | X10: Informe | AA10: Planificación y Desarrollo
B11: =IF(Tabla2[[#This Row],[Productos ]]="","",CONCATENATE(Tabla2[[#This Row],[POA]],".",Tabla2[[#This Row],[SRS]],".",Tabla2[[#This Row],[AREA]],".",Tabla2[[#This Row],[TIPO]])) -> #REF! | C11: =IF(Tabla2[[#This Row],[Productos ]]="","",'Formulario PPGR1'!#REF!) -> #REF! | D11: =IF(Tabla2[[#This Row],[Productos ]]="","",'Formulario PPGR1'!#REF!) -> #REF! | E11: =IF(Tabla2[[#This Row],[Productos ]]="","",'Formulario PPGR1'!#REF!) -> #REF! | F11: =IF(Tabla2[[#This Row],[Productos ]]="","",'Formulario PPGR1'!#REF!) -> #REF! | G11: 1.1.3.1 Fortalecimiento de la Planificación Institucional | H11: SRSV1.1.3.1.01 | I11: Elaboración del PACC 2021 | O11: 1 | V11: =IF(SUM(Tabla2[[#This Row],[Ene]:[Dic]])=0,"",SUM(Tabla2[[#This Row],[Ene]:[Dic]])) -> 1 | W11: Plan | AA11: Administrativa-Financiera
B12: =IF(Tabla2[[#This Row],[Productos ]]="","",CONCATENATE(Tabla2[[#This Row],[POA]],".",Tabla2[[#This Row],[SRS]],".",Tabla2[[#This Row],[AREA]],".",Tabla2[[#This Row],[TIPO]])) -> #REF! | C12: =IF(Tabla2[[#This Row],[Productos ]]="","",'Formulario PPGR1'!#REF!) -> #REF! | D12: =IF(Tabla2[[#This Row],[Productos ]]="","",'Formulario PPGR1'!#REF!) -> #REF! | E12: =IF(Tabla2[[#This Row],[Productos ]]="","",'Formulario PPGR1'!#REF!) -> #REF! | F12: =IF(Tabla2[[#This Row],[Productos ]]="","",'Formulario PPGR1'!#REF!) -> #REF! | G12: 1.1.3. 1. Fortalecimiento de la Planificación Institucional | H12: SRSV.1.1.3.1.03 | I12: Levantamiento de los proyectos de cooperacion finalizados en el 2019 y en ejecucion | L12: 1 | V12: =IF(SUM(Tabla2[[#This Row],[Ene]:[Dic]])=0,"",SUM(Tabla2[[#This Row],[Ene]:[Dic]])) -> 1 | W12: Informe | AA12: Planificación y Desarrollo
B13: =IF(Tabla2[[#This Row],[Productos ]]="","",CONCATENATE(Tabla2[[#This Row],[POA]],".",Tabla2[[#This Row],[SRS]],".",Tabla2[[#This Row],[AREA]],".",Tabla2[[#This Row],[TIPO]])) -> #REF! | C13: =IF(Tabla2[[#This Row],[Productos ]]="","",'Formulario PPGR1'!#REF!) -> #REF! | D13: =IF(Tabla2[[#This Row],[Productos ]]="","",'Formulario PPGR1'!#REF!) -> #REF! | E13: =IF(Tabla2[[#This Row],[Productos ]]="","",'Formulario PPGR1'!#REF!) -> #REF! | F13: =IF(Tabla2[[#This Row],[Productos ]]="","",'Formulario PPGR1'!#REF!) -> #REF! | G13: 1.1.3. 1. Fortalecimiento de la Planificación Institucional | H13: SRSV.1.1.3.1.04 | I13: Seguimiento a la implementacion del modelo de Gestion. | L13: 1 | P13: 1 | V13: =IF(SUM(Tabla2[[#This Row],[Ene]:[Dic]])=0,"",SUM(Tabla2[[#This Row],[Ene]:[Dic]])) -> 2 | W13: Informe | AA13: Planificación y Desarrollo
B14: =IF(Tabla2[[#This Row],[Productos ]]="","",CONCATENATE(Tabla2[[#This Row],[POA]],".",Tabla2[[#This Row],[SRS]],".",Tabla2[[#This Row],[AREA]],".",Tabla2[[#This Row],[TIPO]])) -> #REF! | C14: =IF(Tabla2[[#This Row],[Productos ]]="","",'Formulario PPGR1'!#REF!) -> #REF! | D14: =IF(Tabla2[[#This Row],[Productos ]]="","",'Formulario PPGR1'!#REF!) -> #REF! | E14: =IF(Tabla2[[#This Row],[Productos ]]="","",'Formulario PPGR1'!#REF!) -> #REF! | F14: =IF(Tabla2[[#This Row],[Productos ]]="","",'Formulario PPGR1'!#REF!) -> #REF! | G14: 1.1.3.2. Gestión documental de procesos institucionales | H14: SRSV.1.1.3.2.01 | I14: Reunión de socialización para el Levantamiento de procesos institucionales priorizados | L14: 1 | P14: 1 | S14: 1 | V14: =IF(SUM(Tabla2[[#This Row],[Ene]:[Dic]])=0,"",SUM(Tabla2[[#This Row],[Ene]:[Dic]])) -> 3 | W14: Informe | Z14: Calidad Institucional | AA14: Planificación y Desarrollo
B15: =IF(Tabla2[[#This Row],[Productos ]]="","",CONCATENATE(Tabla2[[#This Row],[POA]],".",Tabla2[[#This Row],[SRS]],".",Tabla2[[#This Row],[AREA]],".",Tabla2[[#This Row],[TIPO]])) -> #REF! | C15: =IF(Tabla2[[#This Row],[Productos ]]="","",'Formulario PPGR1'!#REF!) -> #REF! | D15: =IF(Tabla2[[#This Row],[Productos ]]="","",'Formulario PPGR1'!#REF!) -> #REF! | E15: =IF(Tabla2[[#This Row],[Productos ]]="","",'Formulario PPGR1'!#REF!) -> #REF! | F15: =IF(Tabla2[[#This Row],[Productos ]]="","",'Formulario PPGR1'!#REF!) -> #REF! | G15: 1.1.3.3. Modelo de Gestión de Calidad Intitucional | H15: SRSV.1.1.3.1.01 | I15: Reunión de seguimiento a los planes de mejora producto del informe de retorno y las auditorías de calidad del CAF | L15: 1 | O15: 1 | R15: 1 | U15: 1 | V15: =IF(SUM(Tabla2[[#This Row],[Ene]:[Dic]])=0,"",SUM(Tabla2[[#This Row],[Ene]:[Dic]])) -> 4 | W15: Informe | X15: Listado de participación | Z15: Calidad Institucional | AA15: Planificación y Desarrollo
B16: =IF(Tabla2[[#This Row],[Productos ]]="","",CONCATENATE(Tabla2[[#This Row],[POA]],".",Tabla2[[#This Row],[SRS]],".",Tabla2[[#This Row],[AREA]],".",Tabla2[[#This Row],[TIPO]])) -> #REF! | C16: =IF(Tabla2[[#This Row],[Productos ]]="","",'Formulario PPGR1'!#REF!) -> #REF! | D16: =IF(Tabla2[[#This Row],[Productos ]]="","",'Formulario PPGR1'!#REF!) -> #REF! | E16: =IF(Tabla2[[#This Row],[Productos ]]="","",'Formulario PPGR1'!#REF!) -> #REF! | F16: =IF(Tabla2[[#This Row],[Productos ]]="","",'Formulario PPGR1'!#REF!) -> #REF! | G16: 1.1.3.3. Modelo de Gestión de Calidad Intitucional | H16: SRSV.1.1.3.1.02 | I16: Sesiones de trabajo comité de calidad | L16: 1 | O16: 1 | R16: 1 | U16: 1 | V16: =IF(SUM(Tabla2[[#This Row],[Ene]:[Dic]])=0,"",SUM(Tabla2[[#This Row],[Ene]:[Dic]])) -> 4 | W16: Informe | Z16: Calidad Institucional | AA16: Planificación y Desarrollo
B17: =IF(Tabla2[[#This Row],[Productos ]]="","",CONCATENATE(Tabla2[[#This Row],[POA]],".",Tabla2[[#This Row],[SRS]],".",Tabla2[[#This Row],[AREA]],".",Tabla2[[#This Row],[TIPO]])) -> #REF! | C17: =IF(Tabla2[[#This Row],[Productos ]]="","",'Formulario PPGR1'!#REF!) -> #REF! | D17: =IF(Tabla2[[#This Row],[Productos ]]="","",'Formulario PPGR1'!#REF!) -> #REF! | E17: =IF(Tabla2[[#This Row],[Productos ]]="","",'Formulario PPGR1'!#REF!) -> #REF! | F17: =IF(Tabla2[[#This Row],[Productos ]]="","",'Formulario PPGR1'!#REF!) -> #REF! | G17: 1.1.3.1. Modelo de Gestión de Calidad Intitucional | H17: SRSV.1.1.3.103 | I17: Monitoreo Indicadores SISMAP Hospitalario | L17: 1 | O17: 1 | R17: 1 | U17: 1 | V17: =IF(SUM(Tabla2[[#This Row],[Ene]:[Dic]])=0,"",SUM(Tabla2[[#This Row],[Ene]:[Dic]])) -> 4 | W17: Informe | Z17: Calidad Institucional | AA17: Planificación y Desarrollo
B18: =IF(Tabla2[[#This Row],[Productos ]]="","",CONCATENATE(Tabla2[[#This Row],[POA]],".",Tabla2[[#This Row],[SRS]],".",Tabla2[[#This Row],[AREA]],".",Tabla2[[#This Row],[TIPO]])) -> #REF! | C18: =IF(Tabla2[[#This Row],[Productos ]]="","",'Formulario PPGR1'!#REF!) -> #REF! | D18: =IF(Tabla2[[#This Row],[Productos ]]="","",'Formulario PPGR1'!#REF!) -> #REF! | E18: =IF(Tabla2[[#This Row],[Productos ]]="","",'Formulario PPGR1'!#REF!) -> #REF! | F18: =IF(Tabla2[[#This Row],[Productos ]]="","",'Formulario PPGR1'!#REF!) -> #REF! | G18: 1.1.3.3. Modelo de Gestión de Calidad Intitucional | H18: SRSV.1.1.3.1.04 | I18: Seguimiento a la implementación de CAF y Carta Compromiso Ciudadano en la Red | L18: 1 | O18: 1 | R18: 1 | U18: 1 | V18: =IF(SUM(Tabla2[[#This Row],[Ene]:[Dic]])=0,"",SUM(Tabla2[[#This Row],[Ene]:[Dic]])) -> 4 | W18: Informe | Z18: Calidad Institucional | AA18: Planificación y Desarrollo
B19: =IF(Tabla2[[#This Row],[Productos ]]="","",CONCATENATE(Tabla2[[#This Row],[POA]],".",Tabla2[[#This Row],[SRS]],".",Tabla2[[#This Row],[AREA]],".",Tabla2[[#This Row],[TIPO]])) -> #REF! | C19: =IF(Tabla2[[#This Row],[Productos ]]="","",'Formulario PPGR1'!#REF!) -> #REF! | D19: =IF(Tabla2[[#This Row],[Productos ]]="","",'Formulario PPGR1'!#REF!) -> #REF! | E19: =IF(Tabla2[[#This Row],[Productos ]]="","",'Formulario PPGR1'!#REF!) -> #REF! | F19: =IF(Tabla2[[#This Row],[Productos ]]="","",'Formulario PPGR1'!#REF!) -> #REF! | G19: 1.1.3.3. Modelo de Gestión de Calidad Intitucional | H19: SRSV.1.1.3.1.05 | I19: Seguimiento a la implementación del Plan de Mejora CAF | L19: 1 | O19: 1 | R19: 1 | U19: 1 | V19: =IF(SUM(Tabla2[[#This Row],[Ene]:[Dic]])=0,"",SUM(Tabla2[[#This Row],[Ene]:[Dic]])) -> 4 | W19: Informe | Z19: Calidad Institucional | AA19: Planificación y Desarrollo
B20: =IF(Tabla2[[#This Row],[Productos ]]="","",CONCATENATE(Tabla2[[#This Row],[POA]],".",Tabla2[[#This Row],[SRS]],".",Tabla2[[#This Row],[AREA]],".",Tabla2[[#This Row],[TIPO]])) -> #REF! | C20: =IF(Tabla2[[#This Row],[Productos ]]="","",'Formulario PPGR1'!#REF!) -> #REF! | D20: =IF(Tabla2[[#This Row],[Productos ]]="","",'Formulario PPGR1'!#REF!) -> #REF! | E20: =IF(Tabla2[[#This Row],[Productos ]]="","",'Formulario PPGR1'!#REF!) -> #REF! | F20: =IF(Tabla2[[#This Row],[Productos ]]="","",'Formulario PPGR1'!#REF!) -> #REF! | G20: 1.1.1.1. Planificación de Recursos Humanos Servicio Regional de Salud | H20: SRSV1.1.1.1.01 | I20: Sesiones de trabajo con los CEAS para completar plantilla Planificación de Recursos Humanos | J20: 1 | V20: =IF(SUM(Tabla2[[#This Row],[Ene]:[Dic]])=0,"",SUM(Tabla2[[#This Row],[Ene]:[Dic]])) -> 1 | W20: Reporte | AA20: Recursos Humanos
B21: =IF(Tabla2[[#This Row],[Productos ]]="","",CONCATENATE(Tabla2[[#This Row],[POA]],".",Tabla2[[#This Row],[SRS]],".",Tabla2[[#This Row],[AREA]],".",Tabla2[[#This Row],[TIPO]])) -> #REF! | C21: =IF(Tabla2[[#This Row],[Productos ]]="","",'Formulario PPGR1'!#REF!) -> #REF! | D21: =IF(Tabla2[[#This Row],[Productos ]]="","",'Formulario PPGR1'!#REF!) -> #REF! | E21: =IF(Tabla2[[#This Row],[Productos ]]="","",'Formulario PPGR1'!#REF!) -> #REF! | F21: =IF(Tabla2[[#This Row],[Productos ]]="","",'Formulario PPGR1'!#REF!) -> #REF! | G21: 1.1 .3.1 Implementación del Circulo de Desarrollo Gerencial | H21: SRSV 1.1.3.1.01 | I21: Capacitacion para el fortalecimiento de las habilidades tecnicas y blandas de los colaboradores | M21: 1 | S21: 1 | V21: =IF(SUM(Tabla2[[#This Row],[Ene]:[Dic]])=0,"",SUM(Tabla2[[#This Row],[Ene]:[Dic]])) -> 2 | W21: Fotos | X21: Listado de participación | Y21: Informe | AA21: Centros Hospitalarios
B22: =IF(Tabla2[[#This Row],[Productos ]]="","",CONCATENATE(Tabla2[[#This Row],[POA]],".",Tabla2[[#This Row],[SRS]],".",Tabla2[[#This Row],[AREA]],".",Tabla2[[#This Row],[TIPO]])) -> #REF! | C22: =IF(Tabla2[[#This Row],[Productos ]]="","",'Formulario PPGR1'!#REF!) -> #REF! | D22: =IF(Tabla2[[#This Row],[Productos ]]="","",'Formulario PPGR1'!#REF!) -> #REF! | E22: =IF(Tabla2[[#This Row],[Productos ]]="","",'Formulario PPGR1'!#REF!) -> #REF! | F22: =IF(Tabla2[[#This Row],[Productos ]]="","",'Formulario PPGR1'!#REF!) -> #REF! | G22: 1.1.2.1 Estandarización de los Sub-portales de Trasparencia de la Red SNS | H22: SRSV.1.1.2.1.01 | I22: Seguimiento a la implementación de la Plantilla estandar para los sub-portales de transparencia de la red SNS | Q22: 1 | T22: 1 | V22: =IF(SUM(Tabla2[[#This Row],[Ene]:[Dic]])=0,"",SUM(Tabla2[[#This Row],[Ene]:[Dic]])) -> 2 | W22: Listado de participación | AA22: OAI
B23: =IF(Tabla2[[#This Row],[Productos ]]="","",CONCATENATE(Tabla2[[#This Row],[POA]],".",Tabla2[[#This Row],[SRS]],".",Tabla2[[#This Row],[AREA]],".",Tabla2[[#This Row],[TIPO]])) -> #REF! | C23: =IF(Tabla2[[#This Row],[Productos ]]="","",'Formulario PPGR1'!#REF!) -> #REF! | D23: =IF(Tabla2[[#This Row],[Productos ]]="","",'Formulario PPGR1'!#REF!) -> #REF! | E23: =IF(Tabla2[[#This Row],[Productos ]]="","",'Formulario PPGR1'!#REF!) -> #REF! | F23: =IF(Tabla2[[#This Row],[Productos ]]="","",'Formulario PPGR1'!#REF!) -> #REF! | G23: 1.1.2.1 Estandarización de los Sub-portales de Trasparencia de la Red SNS | H23: SRSV.1.1.2.1.02 | I23: Taller de Capacitación sobre Acceso a la Información | N23: 1 | V23: =IF(SUM(Tabla2[[#This Row],[Ene]:[Dic]])=0,"",SUM(Tabla2[[#This Row],[Ene]:[Dic]])) -> 1 | W23: Listado de partipacion | AA23: OAI
B24: =IF(Tabla2[[#This Row],[Productos ]]="","",CONCATENATE(Tabla2[[#This Row],[POA]],".",Tabla2[[#This Row],[SRS]],".",Tabla2[[#This Row],[AREA]],".",Tabla2[[#This Row],[TIPO]])) -> #REF! | C24: =IF(Tabla2[[#This Row],[Productos ]]="","",'Formulario PPGR1'!#REF!) -> #REF! | D24: =IF(Tabla2[[#This Row],[Productos ]]="","",'Formulario PPGR1'!#REF!) -> #REF! | E24: =IF(Tabla2[[#This Row],[Productos ]]="","",'Formulario PPGR1'!#REF!) -> #REF! | F24: =IF(Tabla2[[#This Row],[Productos ]]="","",'Formulario PPGR1'!#REF!) -> #REF! | G24: 1.1.2.1 Estandarización de los Sub-portales de Trasparencia de la Red SNS | H24: SRSV.1.1.2.1.03 | I24: Taller de Capacitación sobre Ley de Protección de Datos | N24: 1 | V24: =IF(SUM(Tabla2[[#This Row],[Ene]:[Dic]])=0,"",SUM(Tabla2[[#This Row],[Ene]:[Dic]])) -> 1 | W24: Listado de partipacion | AA24: OAI
B25: =IF(Tabla2[[#This Row],[Productos ]]="","",CONCATENATE(Tabla2[[#This Row],[POA]],".",Tabla2[[#This Row],[SRS]],".",Tabla2[[#This Row],[AREA]],".",Tabla2[[#This Row],[TIPO]])) -> #REF! | C25: =IF(Tabla2[[#This Row],[Productos ]]="","",'Formulario PPGR1'!#REF!) -> #REF! | D25: =IF(Tabla2[[#This Row],[Productos ]]="","",'Formulario PPGR1'!#REF!) -> #REF! | E25: =IF(Tabla2[[#This Row],[Productos ]]="","",'Formulario PPGR1'!#REF!) -> #REF! | F25: =IF(Tabla2[[#This Row],[Productos ]]="","",'Formulario PPGR1'!#REF!) -> #REF! | G25: 1.1.2.1 Estandarización de los Sub-portales de Trasparencia de la Red SNS | H25: SRSV.1.1.2.1.04 | I25: Taller de Capacitación sobre Declaración Jurada | N25: 1 | V25: =IF(SUM(Tabla2[[#This Row],[Ene]:[Dic]])=0,"",SUM(Tabla2[[#This Row],[Ene]:[Dic]])) -> 1 | W25: Listado de partipacion | AA25: OAI
B26: =IF(Tabla2[[#This Row],[Productos ]]="","",CONCATENATE(Tabla2[[#This Row],[POA]],".",Tabla2[[#This Row],[SRS]],".",Tabla2[[#This Row],[AREA]],".",Tabla2[[#This Row],[TIPO]])) -> #REF! | C26: =IF(Tabla2[[#This Row],[Productos ]]="","",'Formulario PPGR1'!#REF!) -> #REF! | D26: =IF(Tabla2[[#This Row],[Productos ]]="","",'Formulario PPGR1'!#REF!) -> #REF! | E26: =IF(Tabla2[[#This Row],[Productos ]]="","",'Formulario PPGR1'!#REF!) -> #REF! | F26: =IF(Tabla2[[#This Row],[Productos ]]="","",'Formulario PPGR1'!#REF!) -> #REF! | G26: 1.1.2-1Estandarización de los Sub-portales de Trasparencia de la Red SNS | H26: SRSV.1.1.2.1.05 | I26: Taller de Capacitación sobre Atención Ciudadana 311 | Q26: 1 | V26: =IF(SUM(Tabla2[[#This Row],[Ene]:[Dic]])=0,"",SUM(Tabla2[[#This Row],[Ene]:[Dic]])) -> 1 | W26: Listado de partipacion | AA26: OAI
B27: =IF(Tabla2[[#This Row],[Productos ]]="","",CONCATENATE(Tabla2[[#This Row],[POA]],".",Tabla2[[#This Row],[SRS]],".",Tabla2[[#This Row],[AREA]],".",Tabla2[[#This Row],[TIPO]])) -> #REF! | C27: =IF(Tabla2[[#This Row],[Productos ]]="","",'Formulario PPGR1'!#REF!) -> #REF! | D27: =IF(Tabla2[[#This Row],[Productos ]]="","",'Formulario PPGR1'!#REF!) -> #REF! | E27: =IF(Tabla2[[#This Row],[Productos ]]="","",'Formulario PPGR1'!#REF!) -> #REF! | F27: =IF(Tabla2[[#This Row],[Productos ]]="","",'Formulario PPGR1'!#REF!) -> #REF! | G27: 1.1.2.1Estandarización de los Sub-portales de Trasparencia de la Red SNS | H27: SRSV.1.1.2.1.06 | I27: Taller capacitacion SAIP | Q27: 1 | V27: =IF(SUM(Tabla2[[#This Row],[Ene]:[Dic]])=0,"",SUM(Tabla2[[#This Row],[Ene]:[Dic]])) -> 1 | W27: Listado de partipacion | AA27: OAI
B28: =IF(Tabla2[[#This Row],[Productos ]]="","",CONCATENATE(Tabla2[[#This Row],[POA]],".",Tabla2[[#This Row],[SRS]],".",Tabla2[[#This Row],[AREA]],".",Tabla2[[#This Row],[TIPO]])) -> #REF! | C28: =IF(Tabla2[[#This Row],[Productos ]]="","",'Formulario PPGR1'!#REF!) -> #REF! | D28: =IF(Tabla2[[#This Row],[Productos ]]="","",'Formulario PPGR1'!#REF!) -> #REF! | E28: =IF(Tabla2[[#This Row],[Productos ]]="","",'Formulario PPGR1'!#REF!) -> #REF! | F28: =IF(Tabla2[[#This Row],[Productos ]]="","",'Formulario PPGR1'!#REF!) -> #REF! | G28: 1.1.2.2Conformación Comisiones de Ética | H28: SRSV.1.1.2.2.01 | I28: Visitas para conformacion y habilitacion espacio fisico OAI | J28: 1 | V28: =IF(SUM(Tabla2[[#This Row],[Ene]:[Dic]])=0,"",SUM(Tabla2[[#This Row],[Ene]:[Dic]])) -> 1 | W28: Informe | AA28: OAI
B29: =IF(Tabla2[[#This Row],[Productos ]]="","",CONCATENATE(Tabla2[[#This Row],[POA]],".",Tabla2[[#This Row],[SRS]],".",Tabla2[[#This Row],[AREA]],".",Tabla2[[#This Row],[TIPO]])) -> #REF! | C29: =IF(Tabla2[[#This Row],[Productos ]]="","",'Formulario PPGR1'!#REF!) -> #REF! | D29: =IF(Tabla2[[#This Row],[Productos ]]="","",'Formulario PPGR1'!#REF!) -> #REF! | E29: =IF(Tabla2[[#This Row],[Productos ]]="","",'Formulario PPGR1'!#REF!) -> #REF! | F29: =IF(Tabla2[[#This Row],[Productos ]]="","",'Formulario PPGR1'!#REF!) -> #REF! | G29: 1.1.2.2Conformación Comisiones de Ética | H29: SRSV.1.1.2.2.02 | I29: Seguimiento Comisiones de Etica SRS | T29: 1 | V29: =IF(SUM(Tabla2[[#This Row],[Ene]:[Dic]])=0,"",SUM(Tabla2[[#This Row],[Ene]:[Dic]])) -> 1 | W29: Requerimientos de DIGEIG | AA29: OAI
B30: =IF(Tabla2[[#This Row],[Productos ]]="","",CONCATENATE(Tabla2[[#This Row],[POA]],".",Tabla2[[#This Row],[SRS]],".",Tabla2[[#This Row],[AREA]],".",Tabla2[[#This Row],[TIPO]])) -> #REF! | C30: =IF(Tabla2[[#This Row],[Productos ]]="","",'Formulario PPGR1'!#REF!) -> #REF! | D30: =IF(Tabla2[[#This Row],[Productos ]]="","",'Formulario PPGR1'!#REF!) -> #REF! | E30: =IF(Tabla2[[#This Row],[Productos ]]="","",'Formulario PPGR1'!#REF!) -> #REF! | F30: =IF(Tabla2[[#This Row],[Productos ]]="","",'Formulario PPGR1'!#REF!) -> #REF! | G30: 1.2.2.1. Portal de Transparencia de la Red SNS | H30: SRSV.1.2.2.1.01 | I30: Análisis y seguimiento al proceso de Quejas y Sugerencias del portal de Atención Ciudadana 311 | J30: 1 | M30: 1 | P30: 1 | S30: 1 | V30: =IF(SUM(Tabla2[[#This Row],[Ene]:[Dic]])=0,"",SUM(Tabla2[[#This Row],[Ene]:[Dic]])) -> 4 | W30: Informe | AA30: OAI
B31: =IF(Tabla2[[#This Row],[Productos ]]="","",CONCATENATE(Tabla2[[#This Row],[POA]],".",Tabla2[[#This Row],[SRS]],".",Tabla2[[#This Row],[AREA]],".",Tabla2[[#This Row],[TIPO]])) -> #REF! | C31: =IF(Tabla2[[#This Row],[Productos ]]="","",'Formulario PPGR1'!#REF!) -> #REF! | D31: =IF(Tabla2[[#This Row],[Productos ]]="","",'Formulario PPGR1'!#REF!) -> #REF! | E31: =IF(Tabla2[[#This Row],[Productos ]]="","",'Formulario PPGR1'!#REF!) -> #REF! | F31: =IF(Tabla2[[#This Row],[Productos ]]="","",'Formulario PPGR1'!#REF!) -> #REF! | G31: 1.2.2.1. Portal de Transparencia de la Red SNS | H31: SRSV.1.2.2.1.02 | I31: Seguimiento al comité de medios web (OAI, Comunicaciones, Jurídica, TIC) | J31: 1 | V31: =IF(SUM(Tabla2[[#This Row],[Ene]:[Dic]])=0,"",SUM(Tabla2[[#This Row],[Ene]:[Dic]])) -> 1 | W31: Informe | AA31: OAI
B32: =IF(Tabla2[[#This Row],[Productos ]]="","",CONCATENATE(Tabla2[[#This Row],[POA]],".",Tabla2[[#This Row],[SRS]],".",Tabla2[[#This Row],[AREA]],".",Tabla2[[#This Row],[TIPO]])) -> #REF! | C32: =IF(Tabla2[[#This Row],[Productos ]]="","",'Formulario PPGR1'!#REF!) -> #REF! | D32: =IF(Tabla2[[#This Row],[Productos ]]="","",'Formulario PPGR1'!#REF!) -> #REF! | E32: =IF(Tabla2[[#This Row],[Productos ]]="","",'Formulario PPGR1'!#REF!) -> #REF! | F32: =IF(Tabla2[[#This Row],[Productos ]]="","",'Formulario PPGR1'!#REF!) -> #REF! | G32: 1.2.2.1. Portal de Transparencia de la Red SNS | H32: SRSV.1.2.2.1.03 | I32: Reunión de seguimiento al comité de medios web | M32: 1 | P32: 1 | S32: 1 | V32: =IF(SUM(Tabla2[[#This Row],[Ene]:[Dic]])=0,"",SUM(Tabla2[[#This Row],[Ene]:[Dic]])) -> 3 | W32: Minuta | AA32: OAI
B33: =IF(Tabla2[[#This Row],[Productos ]]="","",CONCATENATE(Tabla2[[#This Row],[POA]],".",Tabla2[[#This Row],[SRS]],".",Tabla2[[#This Row],[AREA]],".",Tabla2[[#This Row],[TIPO]])) -> #REF! | C33: =IF(Tabla2[[#This Row],[Productos ]]="","",'Formulario PPGR1'!#REF!) -> #REF! | D33: =IF(Tabla2[[#This Row],[Productos ]]="","",'Formulario PPGR1'!#REF!) -> #REF! | E33: =IF(Tabla2[[#This Row],[Productos ]]="","",'Formulario PPGR1'!#REF!) -> #REF! | F33: =IF(Tabla2[[#This Row],[Productos ]]="","",'Formulario PPGR1'!#REF!) -> #REF! | G33: 1.2.2.1. Portal de Transparencia de la Red SNS | H33: SRSV.1.2.2.1.04 | I33: Actualización portal de transparencia del SRSV | J33: 1 | K33: 1 | L33: 1 | M33: 1 | N33: 1 | O33: 1 | P33: 1 | Q33: 1 | R33: 1 | S33: 1 | T33: 1 | U33: 1 | V33: =IF(SUM(Tabla2[[#This Row],[Ene]:[Dic]])=0,"",SUM(Tabla2[[#This Row],[Ene]:[Dic]])) -> 12 | W33: Reporte | AA33: OAI
B34: =IF(Tabla2[[#This Row],[Productos ]]="","",CONCATENATE(Tabla2[[#This Row],[POA]],".",Tabla2[[#This Row],[SRS]],".",Tabla2[[#This Row],[AREA]],".",Tabla2[[#This Row],[TIPO]])) -> #REF! | C34: =IF(Tabla2[[#This Row],[Productos ]]="","",'Formulario PPGR1'!#REF!) -> #REF! | D34: =IF(Tabla2[[#This Row],[Productos ]]="","",'Formulario PPGR1'!#REF!) -> #REF! | E34: =IF(Tabla2[[#This Row],[Productos ]]="","",'Formulario PPGR1'!#REF!) -> #REF! | F34: =IF(Tabla2[[#This Row],[Productos ]]="","",'Formulario PPGR1'!#REF!) -> #REF! | G34: 1.2.2.1. Portal de Transparencia de la Red SNS | H34: SRSV.1.2.2.1.05 | I34: Clasificación de la Información según el artículo 23 y 29, de la ley 200-04 | J34: 1 | M34: 1 | P34: 1 | S34: 1 | V34: =IF(SUM(Tabla2[[#This Row],[Ene]:[Dic]])=0,"",SUM(Tabla2[[#This Row],[Ene]:[Dic]])) -> 4 | W34: Reporte | AA34: OAI
B35: =IF(Tabla2[[#This Row],[Productos ]]="","",CONCATENATE(Tabla2[[#This Row],[POA]],".",Tabla2[[#This Row],[SRS]],".",Tabla2[[#This Row],[AREA]],".",Tabla2[[#This Row],[TIPO]])) -> #REF! | C35: =IF(Tabla2[[#This Row],[Productos ]]="","",'Formulario PPGR1'!#REF!) -> #REF! | D35: =IF(Tabla2[[#This Row],[Productos ]]="","",'Formulario PPGR1'!#REF!) -> #REF! | E35: =IF(Tabla2[[#This Row],[Productos ]]="","",'Formulario PPGR1'!#REF!) -> #REF! | F35: =IF(Tabla2[[#This Row],[Productos ]]="","",'Formulario PPGR1'!#REF!) -> #REF! | G35: 1.2.2.1. Portal de Transparencia de la Red SNS | H35: SRSV.1.2.2.1.06 | I35: Recibir, tramitar y responder las solicitudes de información requerida por los ciudadanos | J35: 1 | M35: 1 | P35: 1 | S35: 1 | V35: =IF(SUM(Tabla2[[#This Row],[Ene]:[Dic]])=0,"",SUM(Tabla2[[#This Row],[Ene]:[Dic]])) -> 4 | W35: Informe | AA35: OAI
B36: =IF(Tabla2[[#This Row],[Productos ]]="","",CONCATENATE(Tabla2[[#This Row],[POA]],".",Tabla2[[#This Row],[SRS]],".",Tabla2[[#This Row],[AREA]],".",Tabla2[[#This Row],[TIPO]])) -> #REF! | C36: =IF(Tabla2[[#This Row],[Productos ]]="","",'Formulario PPGR1'!#REF!) -> #REF! | D36: =IF(Tabla2[[#This Row],[Productos ]]="","",'Formulario PPGR1'!#REF!) -> #REF! | E36: =IF(Tabla2[[#This Row],[Productos ]]="","",'Formulario PPGR1'!#REF!) -> #REF! | F36: =IF(Tabla2[[#This Row],[Productos ]]="","",'Formulario PPGR1'!#REF!) -> #REF! | G36: 1.2.1.1 Conectividad de la Red | H36: SRSV 1.2.1.1.01 | I36: Capacitacion en la MGP a los CEAS de influencia | M36: 1 | P36: 1 | S36: 1 | V36: =IF(SUM(Tabla2[[#This Row],[Ene]:[Dic]])=0,"",SUM(Tabla2[[#This Row],[Ene]:[Dic]])) -> 3 | W36: Listado de participación | X36: Plan de mejora | AA36: Centros Hospitalarios
B37: =IF(Tabla2[[#This Row],[Productos ]]="","",CONCATENATE(Tabla2[[#This Row],[POA]],".",Tabla2[[#This Row],[SRS]],".",Tabla2[[#This Row],[AREA]],".",Tabla2[[#This Row],[TIPO]])) -> #REF! | C37: =IF(Tabla2[[#This Row],[Productos ]]="","",'Formulario PPGR1'!#REF!) -> #REF! | D37: =IF(Tabla2[[#This Row],[Productos ]]="","",'Formulario PPGR1'!#REF!) -> #REF! | E37: =IF(Tabla2[[#This Row],[Productos ]]="","",'Formulario PPGR1'!#REF!) -> #REF! | F37: =IF(Tabla2[[#This Row],[Productos ]]="","",'Formulario PPGR1'!#REF!) -> #REF! | G37: 1.2.2.1 Implementación de los Comités de Veeduría | H37: SRSV 1.2.2.1.01 | I37: Seguimiento a la conformación de los Comité de Veeduría Ciudadana en Salud. | L37: 1 | O37: 1 | R37: 1 | U37: 1 | V37: =IF(SUM(Tabla2[[#This Row],[Ene]:[Dic]])=0,"",SUM(Tabla2[[#This Row],[Ene]:[Dic]])) -> 4 | W37: Informe | AA37: Centros Hospitalarios
B38: =IF(Tabla2[[#This Row],[Productos ]]="","",CONCATENATE(Tabla2[[#This Row],[POA]],".",Tabla2[[#This Row],[SRS]],".",Tabla2[[#This Row],[AREA]],".",Tabla2[[#This Row],[TIPO]])) -> #REF! | C38: =IF(Tabla2[[#This Row],[Productos ]]="","",'Formulario PPGR1'!#REF!) -> #REF! | D38: =IF(Tabla2[[#This Row],[Productos ]]="","",'Formulario PPGR1'!#REF!) -> #REF! | E38: =IF(Tabla2[[#This Row],[Productos ]]="","",'Formulario PPGR1'!#REF!) -> #REF! | F38: =IF(Tabla2[[#This Row],[Productos ]]="","",'Formulario PPGR1'!#REF!) -> #REF! | G38: 1.2.2.1 Implementación de los Comités de Veeduría | H38: SRSV 1.2.2.1.02 | I38: Talleres de Veeduría Ciudadana de Salud. | L38: 1 | O38: 1 | R38: 1 | U38: 1 | V38: =IF(SUM(Tabla2[[#This Row],[Ene]:[Dic]])=0,"",SUM(Tabla2[[#This Row],[Ene]:[Dic]])) -> 4 | W38: Informe | X38: Listado de participación | AA38: Centros Hospitalarios
B39: =IF(Tabla2[[#This Row],[Productos ]]="","",CONCATENATE(Tabla2[[#This Row],[POA]],".",Tabla2[[#This Row],[SRS]],".",Tabla2[[#This Row],[AREA]],".",Tabla2[[#This Row],[TIPO]])) -> #REF! | C39: =IF(Tabla2[[#This Row],[Productos ]]="","",'Formulario PPGR1'!#REF!) -> #REF! | D39: =IF(Tabla2[[#This Row],[Productos ]]="","",'Formulario PPGR1'!#REF!) -> #REF! | E39: =IF(Tabla2[[#This Row],[Productos ]]="","",'Formulario PPGR1'!#REF!) -> #REF! | F39: =IF(Tabla2[[#This Row],[Productos ]]="","",'Formulario PPGR1'!#REF!) -> #REF! | G39: 1.2.1.1 Modelo de Red implementado y operando acorde a los lineamientos del Modelo de Gestión y del Modelo de atencion | H39: SRSV 1.2.1.1 | I39: Jornadas de trabajo con el equipo tecnico para revisar y direccionar los planes de desarrollo e inversion para el primer nivel | J39: 1 | M39: 1 | P39: 1 | S39: 1 | V39: =IF(SUM(Tabla2[[#This Row],[Ene]:[Dic]])=0,"",SUM(Tabla2[[#This Row],[Ene]:[Dic]])) -> 4 | W39: Plan | AA39: Primer Nivel de Atención
B40: =IF(Tabla2[[#This Row],[Productos ]]="","",CONCATENATE(Tabla2[[#This Row],[POA]],".",Tabla2[[#This Row],[SRS]],".",Tabla2[[#This Row],[AREA]],".",Tabla2[[#This Row],[TIPO]])) -> #REF! | C40: =IF(Tabla2[[#This Row],[Productos ]]="","",'Formulario PPGR1'!#REF!) -> #REF! | D40: =IF(Tabla2[[#This Row],[Productos ]]="","",'Formulario PPGR1'!#REF!) -> #REF! | E40: =IF(Tabla2[[#This Row],[Productos ]]="","",'Formulario PPGR1'!#REF!) -> #REF! | F40: =IF(Tabla2[[#This Row],[Productos ]]="","",'Formulario PPGR1'!#REF!) -> #REF! | G40: 1.2.1.1 Modelo de Red implementado y operando acorde a los lineamientos del Modelo de Gestión y del Modelo de atencion | H40: SRSV 1.2.1.2 | I40: Sesiones de trabajo para elaboraciòn e implementaciòn de plan de mejora para el proceso de habilitacion de los CPN. | J40: 1 | M40: 1 | P40: 1 | S40: 1 | V40: =IF(SUM(Tabla2[[#This Row],[Ene]:[Dic]])=0,"",SUM(Tabla2[[#This Row],[Ene]:[Dic]])) -> 4 | W40: Plan | AA40: Primer Nivel de Atención
B41: =IF(Tabla2[[#This Row],[Productos ]]="","",CONCATENATE(Tabla2[[#This Row],[POA]],".",Tabla2[[#This Row],[SRS]],".",Tabla2[[#This Row],[AREA]],".",Tabla2[[#This Row],[TIPO]])) -> #REF! | C41: =IF(Tabla2[[#This Row],[Productos ]]="","",'Formulario PPGR1'!#REF!) -> #REF! | D41: =IF(Tabla2[[#This Row],[Productos ]]="","",'Formulario PPGR1'!#REF!) -> #REF! | E41: =IF(Tabla2[[#This Row],[Productos ]]="","",'Formulario PPGR1'!#REF!) -> #REF! | F41: =IF(Tabla2[[#This Row],[Productos ]]="","",'Formulario PPGR1'!#REF!) -> #REF! | G41: 1.2.2.1 Despliegue de los instrumentos de Gestión Clínica | H41: SRSV1.122.1.01 | I41: Taller con los Supervisores de Areas y personal directivo de los EESS para socializar la "Guia Para hacer Gestión Clínica". | L41: 1 | O41: 1 | R41: 1 | T41: 1 | V41: =IF(SUM(Tabla2[[#This Row],[Ene]:[Dic]])=0,"",SUM(Tabla2[[#This Row],[Ene]:[Dic]])) -> 4 | W41: Informe | X41: Listado de participación | AA41: Gestión Clínica
B42: =IF(Tabla2[[#This Row],[Productos ]]="","",CONCATENATE(Tabla2[[#This Row],[POA]],".",Tabla2[[#This Row],[SRS]],".",Tabla2[[#This Row],[AREA]],".",Tabla2[[#This Row],[TIPO]])) -> #REF! | C42: =IF(Tabla2[[#This Row],[Productos ]]="","",'Formulario PPGR1'!#REF!) -> #REF! | D42: =IF(Tabla2[[#This Row],[Productos ]]="","",'Formulario PPGR1'!#REF!) -> #REF! | E42: =IF(Tabla2[[#This Row],[Productos ]]="","",'Formulario PPGR1'!#REF!) -> #REF! | F42: =IF(Tabla2[[#This Row],[Productos ]]="","",'Formulario PPGR1'!#REF!) -> #REF! | G42: 1.2.2.1Despliegue de los instrumentos de Gestión Clínica | H42: SRSV1.2.2.1.02 | I42: Visita a los CPN para dar a conocer y entregar las Carteras de Servicios de los Hospitales de referencia. | J42: 1 | K42: 1 | L42: 1 | M42: 1 | N42: 1 | O42: 1 | P42: 1 | Q42: 1 | R42: 1 | S42: 1 | T42: 1 | U42: 1 | V42: =IF(SUM(Tabla2[[#This Row],[Ene]:[Dic]])=0,"",SUM(Tabla2[[#This Row],[Ene]:[Dic]])) -> 12 | W42: Hoja de supervisión | X42: Informe | AA42: Gestión Clínica
B43: =IF(Tabla2[[#This Row],[Productos ]]="","",CONCATENATE(Tabla2[[#This Row],[POA]],".",Tabla2[[#This Row],[SRS]],".",Tabla2[[#This Row],[AREA]],".",Tabla2[[#This Row],[TIPO]])) -> #REF! | C43: =IF(Tabla2[[#This Row],[Productos ]]="","",'Formulario PPGR1'!#REF!) -> #REF! | D43: =IF(Tabla2[[#This Row],[Productos ]]="","",'Formulario PPGR1'!#REF!) -> #REF! | E43: =IF(Tabla2[[#This Row],[Productos ]]="","",'Formulario PPGR1'!#REF!) -> #REF! | F43: =IF(Tabla2[[#This Row],[Productos ]]="","",'Formulario PPGR1'!#REF!) -> #REF! | G43: 1.3.2.1 Implementación del Sistema de Administración de Bienes | H43: SRSV1.3.2.1.01 | I43: Actualización trimestral del Inventario SRS/GAS/PN | L43: 1 | O43: 1 | R43: 1 | U43: 1 | V43: =IF(SUM(Tabla2[[#This Row],[Ene]:[Dic]])=0,"",SUM(Tabla2[[#This Row],[Ene]:[Dic]])) -> 4 | W43: Inventario | AA43: Administrativa-Financiera
B44: =IF(Tabla2[[#This Row],[Productos ]]="","",CONCATENATE(Tabla2[[#This Row],[POA]],".",Tabla2[[#This Row],[SRS]],".",Tabla2[[#This Row],[AREA]],".",Tabla2[[#This Row],[TIPO]])) -> #REF! | C44: =IF(Tabla2[[#This Row],[Productos ]]="","",'Formulario PPGR1'!#REF!) -> #REF! | D44: =IF(Tabla2[[#This Row],[Productos ]]="","",'Formulario PPGR1'!#REF!) -> #REF! | E44: =IF(Tabla2[[#This Row],[Productos ]]="","",'Formulario PPGR1'!#REF!) -> #REF! | F44: =IF(Tabla2[[#This Row],[Productos ]]="","",'Formulario PPGR1'!#REF!) -> #REF! | G44: 1.3.2.1 Implementación del Sistema de Administración de Bienes | H44: SRSV 1.3.2.1.02 | I44: Reporte y descargo equipo chatarra | N44: 1 | U44: 1 | V44: =IF(SUM(Tabla2[[#This Row],[Ene]:[Dic]])=0,"",SUM(Tabla2[[#This Row],[Ene]:[Dic]])) -> 2 | W44: Reporte | AA44: Administrativa-Financiera
B45: =IF(Tabla2[[#This Row],[Productos ]]="","",CONCATENATE(Tabla2[[#This Row],[POA]],".",Tabla2[[#This Row],[SRS]],".",Tabla2[[#This Row],[AREA]],".",Tabla2[[#This Row],[TIPO]])) -> #REF! | C45: =IF(Tabla2[[#This Row],[Productos ]]="","",'Formulario PPGR1'!#REF!) -> #REF! | D45: =IF(Tabla2[[#This Row],[Productos ]]="","",'Formulario PPGR1'!#REF!) -> #REF! | E45: =IF(Tabla2[[#This Row],[Productos ]]="","",'Formulario PPGR1'!#REF!) -> #REF! | F45: =IF(Tabla2[[#This Row],[Productos ]]="","",'Formulario PPGR1'!#REF!) -> #REF! | G45: 1.3.1.1.Fortalecimiento de la gestión financiera de la Red | H45: SRSV 1.3.1.1.01 | I45: Seguimiento a los contratos entre las ARS, CEAS y Centros Diagnósticos para incrementar la venta de servicios | L45: 1 | O45: 1 | R45: 1 | U45: 1 | V45: =IF(SUM(Tabla2[[#This Row],[Ene]:[Dic]])=0,"",SUM(Tabla2[[#This Row],[Ene]:[Dic]])) -> 4 | W45: Informe | X45: Listado de participación | AA45: Administrativa-Financiera
B46: =IF(Tabla2[[#This Row],[Productos ]]="","",CONCATENATE(Tabla2[[#This Row],[POA]],".",Tabla2[[#This Row],[SRS]],".",Tabla2[[#This Row],[AREA]],".",Tabla2[[#This Row],[TIPO]])) -> #REF! | C46: =IF(Tabla2[[#This Row],[Productos ]]="","",'Formulario PPGR1'!#REF!) -> #REF! | D46: =IF(Tabla2[[#This Row],[Productos ]]="","",'Formulario PPGR1'!#REF!) -> #REF! | E46: =IF(Tabla2[[#This Row],[Productos ]]="","",'Formulario PPGR1'!#REF!) -> #REF! | F46: =IF(Tabla2[[#This Row],[Productos ]]="","",'Formulario PPGR1'!#REF!) -> #REF! | G46: 1.3.1.1.Fortalecimiento de la gestión financiera de la Red | H46: SRSV 1.3.1.1.02 | I46: Seguimiento y análisis al proceso de facturación por venta de servicios a ARS en los EESS | L46: 1 | O46: 1 | R46: 1 | U46: 1 | V46: =IF(SUM(Tabla2[[#This Row],[Ene]:[Dic]])=0,"",SUM(Tabla2[[#This Row],[Ene]:[Dic]])) -> 4 | W46: Informe | X46: Listado de participación | AA46: Administrativa-Financiera
B47: =IF(Tabla2[[#This Row],[Productos ]]="","",CONCATENATE(Tabla2[[#This Row],[POA]],".",Tabla2[[#This Row],[SRS]],".",Tabla2[[#This Row],[AREA]],".",Tabla2[[#This Row],[TIPO]])) -> #REF! | C47: =IF(Tabla2[[#This Row],[Productos ]]="","",'Formulario PPGR1'!#REF!) -> #REF! | D47: =IF(Tabla2[[#This Row],[Productos ]]="","",'Formulario PPGR1'!#REF!) -> #REF! | E47: =IF(Tabla2[[#This Row],[Productos ]]="","",'Formulario PPGR1'!#REF!) -> #REF! | F47: =IF(Tabla2[[#This Row],[Productos ]]="","",'Formulario PPGR1'!#REF!) -> #REF! | G47: 1.3.1.1 Objecciones Medicas Disminuidas | H47: SRSV 1.3.1.1.01 | I47: Apoyo en la elaboracion y seguimiento de planes de mejora de los CEAS | L47: 1 | O47: 1 | R47: 1 | U47: 1 | V47: =IF(SUM(Tabla2[[#This Row],[Ene]:[Dic]])=0,"",SUM(Tabla2[[#This Row],[Ene]:[Dic]])) -> 4 | W47: Informe | AA47: Centros Hospitalarios
B48: =IF(Tabla2[[#This Row],[Productos ]]="","",CONCATENATE(Tabla2[[#This Row],[POA]],".",Tabla2[[#This Row],[SRS]],".",Tabla2[[#This Row],[AREA]],".",Tabla2[[#This Row],[TIPO]])) -> #REF! | C48: =IF(Tabla2[[#This Row],[Productos ]]="","",'Formulario PPGR1'!#REF!) -> #REF! | D48: =IF(Tabla2[[#This Row],[Productos ]]="","",'Formulario PPGR1'!#REF!) -> #REF! | E48: =IF(Tabla2[[#This Row],[Productos ]]="","",'Formulario PPGR1'!#REF!) -> #REF! | F48: =IF(Tabla2[[#This Row],[Productos ]]="","",'Formulario PPGR1'!#REF!) -> #REF! | G48: SRSV 1.3.1.2 Despliegue del convenio marco en los CEAS | H48: SRSV 1.3.1.2.01 | I48: Seguimiento a los CEAS para el cumplimiento de los indicadores del Convenio Marco | L48: 1 | O48: 1 | R48: 1 | U48: 1 | V48: =IF(SUM(Tabla2[[#This Row],[Ene]:[Dic]])=0,"",SUM(Tabla2[[#This Row],[Ene]:[Dic]])) -> 4 | W48: Informe | AA48: Centros Hospitalarios
B49: =IF(Tabla2[[#This Row],[Productos ]]="","",CONCATENATE(Tabla2[[#This Row],[POA]],".",Tabla2[[#This Row],[SRS]],".",Tabla2[[#This Row],[AREA]],".",Tabla2[[#This Row],[TIPO]])) -> #REF! | C49: =IF(Tabla2[[#This Row],[Productos ]]="","",'Formulario PPGR1'!#REF!) -> #REF! | D49: =IF(Tabla2[[#This Row],[Productos ]]="","",'Formulario PPGR1'!#REF!) -> #REF! | E49: =IF(Tabla2[[#This Row],[Productos ]]="","",'Formulario PPGR1'!#REF!) -> #REF! | F49: =IF(Tabla2[[#This Row],[Productos ]]="","",'Formulario PPGR1'!#REF!) -> #REF! | G49: 1.3.1 .1 Implementación de las NOBACI | H49: SRSV.1.3.1.1.01 | I49: Implementación del Plan de Mejora NOBACI | O49: 1 | V49: =IF(SUM(Tabla2[[#This Row],[Ene]:[Dic]])=0,"",SUM(Tabla2[[#This Row],[Ene]:[Dic]])) -> 1 | W49: Informe | X49: Plan | Z49: sujeta a la elabaracion del plan de mejora en el 2019, acompañado del sns. | AA49: Administrativa-Financiera
B50: =IF(Tabla2[[#This Row],[Productos ]]="","",CONCATENATE(Tabla2[[#This Row],[POA]],".",Tabla2[[#This Row],[SRS]],".",Tabla2[[#This Row],[AREA]],".",Tabla2[[#This Row],[TIPO]])) -> #REF! | C50: =IF(Tabla2[[#This Row],[Productos ]]="","",'Formulario PPGR1'!#REF!) -> #REF! | D50: =IF(Tabla2[[#This Row],[Productos ]]="","",'Formulario PPGR1'!#REF!) -> #REF! | E50: =IF(Tabla2[[#This Row],[Productos ]]="","",'Formulario PPGR1'!#REF!) -> #REF! | F50: =IF(Tabla2[[#This Row],[Productos ]]="","",'Formulario PPGR1'!#REF!) -> #REF! | G50: 1.3.1 .1 Implementación de las NOBACI | H50: SRSV.1.3.1.1.02 | I50: Seguimiento a la implementación del Plan de Mejora NOBACI | R50: 1 | T50: 1 | V50: =IF(SUM(Tabla2[[#This Row],[Ene]:[Dic]])=0,"",SUM(Tabla2[[#This Row],[Ene]:[Dic]])) -> 2 | W50: Informe | Z50: sujeta a la elabaracion a en implementación del 209, acompañado a sns. | AA50: Administrativa-Financiera
B51: =IF(Tabla2[[#This Row],[Productos ]]="","",CONCATENATE(Tabla2[[#This Row],[POA]],".",Tabla2[[#This Row],[SRS]],".",Tabla2[[#This Row],[AREA]],".",Tabla2[[#This Row],[TIPO]])) -> #REF! | C51: =IF(Tabla2[[#This Row],[Productos ]]="","",'Formulario PPGR1'!#REF!) -> #REF! | D51: =IF(Tabla2[[#This Row],[Productos ]]="","",'Formulario PPGR1'!#REF!) -> #REF! | E51: =IF(Tabla2[[#This Row],[Productos ]]="","",'Formulario PPGR1'!#REF!) -> #REF! | F51: =IF(Tabla2[[#This Row],[Productos ]]="","",'Formulario PPGR1'!#REF!) -> #REF! | G51: 1.3.1 .1 Implementación de las NOBACI | H51: SRSV.1.3.1.1.03 | I51: Reunion de Socializacion cumplimiento del plan de mejoras de las NOBACI | S51: 1 | U51: 1 | V51: =IF(SUM(Tabla2[[#This Row],[Ene]:[Dic]])=0,"",SUM(Tabla2[[#This Row],[Ene]:[Dic]])) -> 2 | W51: Minuta | X51: Listado de participación | Z51: sujeta a la elabaracion del plan en el 2019, acompañado del sns | AA51: Administrativa-Financiera
B52: =IF(Tabla2[[#This Row],[Productos ]]="","",CONCATENATE(Tabla2[[#This Row],[POA]],".",Tabla2[[#This Row],[SRS]],".",Tabla2[[#This Row],[AREA]],".",Tabla2[[#This Row],[TIPO]])) -> #REF! | C52: =IF(Tabla2[[#This Row],[Productos ]]="","",'Formulario PPGR1'!#REF!) -> #REF! | D52: =IF(Tabla2[[#This Row],[Productos ]]="","",'Formulario PPGR1'!#REF!) -> #REF! | E52: =IF(Tabla2[[#This Row],[Productos ]]="","",'Formulario PPGR1'!#REF!) -> #REF! | F52: =IF(Tabla2[[#This Row],[Productos ]]="","",'Formulario PPGR1'!#REF!) -> #REF! | G52: 1.3.1.2 Fortalecimiento de la gestión financiera de la Red | H52: SRS.1.3.1.2.01 | I52: Análisis de ejecución presupuestaria enfocada a la programación trimestral | M52: 1 | P52: 1 | T52: 1 | V52: =IF(SUM(Tabla2[[#This Row],[Ene]:[Dic]])=0,"",SUM(Tabla2[[#This Row],[Ene]:[Dic]])) -> 3 | W52: Informe | AA52: Administrativa-Financiera
B53: =IF(Tabla2[[#This Row],[Productos ]]="","",CONCATENATE(Tabla2[[#This Row],[POA]],".",Tabla2[[#This Row],[SRS]],".",Tabla2[[#This Row],[AREA]],".",Tabla2[[#This Row],[TIPO]])) -> #REF! | C53: =IF(Tabla2[[#This Row],[Productos ]]="","",'Formulario PPGR1'!#REF!) -> #REF! | D53: =IF(Tabla2[[#This Row],[Productos ]]="","",'Formulario PPGR1'!#REF!) -> #REF! | E53: =IF(Tabla2[[#This Row],[Productos ]]="","",'Formulario PPGR1'!#REF!) -> #REF! | F53: =IF(Tabla2[[#This Row],[Productos ]]="","",'Formulario PPGR1'!#REF!) -> #REF! | G53: 1.3.1.2 Fortalecimiento de la gestión financiera de la Red | H53: SRS.1.3.1.2.02 | I53: Análisis comportamiento pago | J53: 1 | M53: 1 | P53: 1 | S53: 1 | V53: =IF(SUM(Tabla2[[#This Row],[Ene]:[Dic]])=0,"",SUM(Tabla2[[#This Row],[Ene]:[Dic]])) -> 4 | W53: Informe | AA53: Administrativa-Financiera
B54: =IF(Tabla2[[#This Row],[Productos ]]="","",CONCATENATE(Tabla2[[#This Row],[POA]],".",Tabla2[[#This Row],[SRS]],".",Tabla2[[#This Row],[AREA]],".",Tabla2[[#This Row],[TIPO]])) -> #REF! | C54: =IF(Tabla2[[#This Row],[Productos ]]="","",'Formulario PPGR1'!#REF!) -> #REF! | D54: =IF(Tabla2[[#This Row],[Productos ]]="","",'Formulario PPGR1'!#REF!) -> #REF! | E54: =IF(Tabla2[[#This Row],[Productos ]]="","",'Formulario PPGR1'!#REF!) -> #REF! | F54: =IF(Tabla2[[#This Row],[Productos ]]="","",'Formulario PPGR1'!#REF!) -> #REF! | G54: 1.3.1.2 Fortalecimiento de la gestión financiera de la Red | H54: SRS.1.3.1.2.03 | I54: Análisis de Gestión de Tesoreria | L54: 1 | O54: 1 | R54: 1 | U54: 1 | V54: =IF(SUM(Tabla2[[#This Row],[Ene]:[Dic]])=0,"",SUM(Tabla2[[#This Row],[Ene]:[Dic]])) -> 4 | W54: Informe | AA54: Administrativa-Financiera
B55: =IF(Tabla2[[#This Row],[Productos ]]="","",CONCATENATE(Tabla2[[#This Row],[POA]],".",Tabla2[[#This Row],[SRS]],".",Tabla2[[#This Row],[AREA]],".",Tabla2[[#This Row],[TIPO]])) -> #REF! | C55: =IF(Tabla2[[#This Row],[Productos ]]="","",'Formulario PPGR1'!#REF!) -> #REF! | D55: =IF(Tabla2[[#This Row],[Productos ]]="","",'Formulario PPGR1'!#REF!) -> #REF! | E55: =IF(Tabla2[[#This Row],[Productos ]]="","",'Formulario PPGR1'!#REF!) -> #REF! | F55: =IF(Tabla2[[#This Row],[Productos ]]="","",'Formulario PPGR1'!#REF!) -> #REF! | G55: 1.3.1.2 Fortalecimiento de la gestión financiera de la Red | H55: SRS.1.3.1.2.04 | I55: Revisión de cuentas CEAS | L55: 1 | N55: 1 | P55: 1 | R55: 1 | T55: 1 | V55: =IF(SUM(Tabla2[[#This Row],[Ene]:[Dic]])=0,"",SUM(Tabla2[[#This Row],[Ene]:[Dic]])) -> 5 | W55: Informe | AA55: Administrativa-Financiera
B56: =IF(Tabla2[[#This Row],[Productos ]]="","",CONCATENATE(Tabla2[[#This Row],[POA]],".",Tabla2[[#This Row],[SRS]],".",Tabla2[[#This Row],[AREA]],".",Tabla2[[#This Row],[TIPO]])) -> #REF! | C56: =IF(Tabla2[[#This Row],[Productos ]]="","",'Formulario PPGR1'!#REF!) -> #REF! | D56: =IF(Tabla2[[#This Row],[Productos ]]="","",'Formulario PPGR1'!#REF!) -> #REF! | E56: =IF(Tabla2[[#This Row],[Productos ]]="","",'Formulario PPGR1'!#REF!) -> #REF! | F56: =IF(Tabla2[[#This Row],[Productos ]]="","",'Formulario PPGR1'!#REF!) -> #REF! | G56: 1.3.1.2 Fortalecimiento de la gestión financiera de la Red | H56: SRS.1.3.1.2.05 | I56: Elaboración y análisis de estados financieros del SRS | L56: 1 | O56: 1 | R56: 1 | U56: 1 | V56: =IF(SUM(Tabla2[[#This Row],[Ene]:[Dic]])=0,"",SUM(Tabla2[[#This Row],[Ene]:[Dic]])) -> 4 | W56: Informe | AA56: Administrativa-Financiera
B57: =IF(Tabla2[[#This Row],[Productos ]]="","",CONCATENATE(Tabla2[[#This Row],[POA]],".",Tabla2[[#This Row],[SRS]],".",Tabla2[[#This Row],[AREA]],".",Tabla2[[#This Row],[TIPO]])) -> #REF! | C57: =IF(Tabla2[[#This Row],[Productos ]]="","",'Formulario PPGR1'!#REF!) -> #REF! | D57: =IF(Tabla2[[#This Row],[Productos ]]="","",'Formulario PPGR1'!#REF!) -> #REF! | E57: =IF(Tabla2[[#This Row],[Productos ]]="","",'Formulario PPGR1'!#REF!) -> #REF! | F57: =IF(Tabla2[[#This Row],[Productos ]]="","",'Formulario PPGR1'!#REF!) -> #REF! | G57: 1.3.1.2 Fortalecimiento de la gestión financiera de la Red | H57: SRS.1.3.1.2.06 | I57: Análisis y seguimiento a las glosas reportadas | J57: 1 | L57: 1 | O57: 1 | R57: 1 | U57: 1 | V57: =IF(SUM(Tabla2[[#This Row],[Ene]:[Dic]])=0,"",SUM(Tabla2[[#This Row],[Ene]:[Dic]])) -> 5 | W57: Informe | AA57: Administrativa-Financiera
B58: =IF(Tabla2[[#This Row],[Productos ]]="","",CONCATENATE(Tabla2[[#This Row],[POA]],".",Tabla2[[#This Row],[SRS]],".",Tabla2[[#This Row],[AREA]],".",Tabla2[[#This Row],[TIPO]])) -> #REF! | C58: =IF(Tabla2[[#This Row],[Productos ]]="","",'Formulario PPGR1'!#REF!) -> #REF! | D58: =IF(Tabla2[[#This Row],[Productos ]]="","",'Formulario PPGR1'!#REF!) -> #REF! | E58: =IF(Tabla2[[#This Row],[Productos ]]="","",'Formulario PPGR1'!#REF!) -> #REF! | F58: =IF(Tabla2[[#This Row],[Productos ]]="","",'Formulario PPGR1'!#REF!) -> #REF! | G58: 1.3.1.2 Fortalecimiento de la gestión financiera de la Red | H58: SRS.1.3.1.2.07 | I58: Seguimiento a los contratos entre las ARS, CEAS y Centros Diagnósticos para incrementar la venta de servicios | N58: 1 | Q58: 1 | T58: 1 | V58: =IF(SUM(Tabla2[[#This Row],[Ene]:[Dic]])=0,"",SUM(Tabla2[[#This Row],[Ene]:[Dic]])) -> 3 | W58: Informe | AA58: Administrativa-Financiera
B59: =IF(Tabla2[[#This Row],[Productos ]]="","",CONCATENATE(Tabla2[[#This Row],[POA]],".",Tabla2[[#This Row],[SRS]],".",Tabla2[[#This Row],[AREA]],".",Tabla2[[#This Row],[TIPO]])) -> #REF! | C59: =IF(Tabla2[[#This Row],[Productos ]]="","",'Formulario PPGR1'!#REF!) -> #REF! | D59: =IF(Tabla2[[#This Row],[Productos ]]="","",'Formulario PPGR1'!#REF!) -> #REF! | E59: =IF(Tabla2[[#This Row],[Productos ]]="","",'Formulario PPGR1'!#REF!) -> #REF! | F59: =IF(Tabla2[[#This Row],[Productos ]]="","",'Formulario PPGR1'!#REF!) -> #REF! | G59: 1.3.1.2 Fortalecimiento de la gestión financiera de la Red | H59: SRS.1.3.1.2.08 | I59: Seguimiento y análisis al proceso de facturación por venta de servicios a ARS en los EESS | K59: 1 | N59: 1 | Q59: 1 | S59: 1 | V59: =IF(SUM(Tabla2[[#This Row],[Ene]:[Dic]])=0,"",SUM(Tabla2[[#This Row],[Ene]:[Dic]])) -> 4 | W59: Informe | AA59: Administrativa-Financiera
B60: =IF(Tabla2[[#This Row],[Productos ]]="","",CONCATENATE(Tabla2[[#This Row],[POA]],".",Tabla2[[#This Row],[SRS]],".",Tabla2[[#This Row],[AREA]],".",Tabla2[[#This Row],[TIPO]])) -> #REF! | C60: =IF(Tabla2[[#This Row],[Productos ]]="","",'Formulario PPGR1'!#REF!) -> #REF! | D60: =IF(Tabla2[[#This Row],[Productos ]]="","",'Formulario PPGR1'!#REF!) -> #REF! | E60: =IF(Tabla2[[#This Row],[Productos ]]="","",'Formulario PPGR1'!#REF!) -> #REF! | F60: =IF(Tabla2[[#This Row],[Productos ]]="","",'Formulario PPGR1'!#REF!) -> #REF! | G60: 1.1.1.1 Fortalecimiento de la provisión de servicios odontológicos | H60: SRSV1.4.1.1.01 | I60: Coordinar elaboración del Plan de mejora en los EESS de la Red | L60: 1 | O60: 1 | R60: 1 | U60: 1 | V60: =IF(SUM(Tabla2[[#This Row],[Ene]:[Dic]])=0,"",SUM(Tabla2[[#This Row],[Ene]:[Dic]])) -> 4 | W60: Plan | X60: Informe | AA60: Gestión Clínica
B61: =IF(Tabla2[[#This Row],[Productos ]]="","",CONCATENATE(Tabla2[[#This Row],[POA]],".",Tabla2[[#This Row],[SRS]],".",Tabla2[[#This Row],[AREA]],".",Tabla2[[#This Row],[TIPO]])) -> #REF! | C61: =IF(Tabla2[[#This Row],[Productos ]]="","",'Formulario PPGR1'!#REF!) -> #REF! | D61: =IF(Tabla2[[#This Row],[Productos ]]="","",'Formulario PPGR1'!#REF!) -> #REF! | E61: =IF(Tabla2[[#This Row],[Productos ]]="","",'Formulario PPGR1'!#REF!) -> #REF! | F61: =IF(Tabla2[[#This Row],[Productos ]]="","",'Formulario PPGR1'!#REF!) -> #REF! | G61: 1.4.1.1 Fortalecimiento de la provisión de servicios odontológicos | H61: SRSV1.4.1.1.02 | I61: Coordinación de las jornadas de capacitación según especialidad odontológica | K61: 1 | M61: 1 | P61: 1 | S61: 1 | V61: =IF(SUM(Tabla2[[#This Row],[Ene]:[Dic]])=0,"",SUM(Tabla2[[#This Row],[Ene]:[Dic]])) -> 4 | W61: Listado de participación | AA61: Gestión Clínica
B62: =IF(Tabla2[[#This Row],[Productos ]]="","",CONCATENATE(Tabla2[[#This Row],[POA]],".",Tabla2[[#This Row],[SRS]],".",Tabla2[[#This Row],[AREA]],".",Tabla2[[#This Row],[TIPO]])) -> #REF! | C62: =IF(Tabla2[[#This Row],[Productos ]]="","",'Formulario PPGR1'!#REF!) -> #REF! | D62: =IF(Tabla2[[#This Row],[Productos ]]="","",'Formulario PPGR1'!#REF!) -> #REF! | E62: =IF(Tabla2[[#This Row],[Productos ]]="","",'Formulario PPGR1'!#REF!) -> #REF! | F62: =IF(Tabla2[[#This Row],[Productos ]]="","",'Formulario PPGR1'!#REF!) -> #REF! | G62: 1.4.1.1 Fortalecimiento de la provisión de servicios odontológicos | H62: SRSV1.141.1.03 | I62: Supervisión de los servicios de odontología | L62: 1 | O62: 1 | R62: 1 | U62: 1 | V62: =IF(SUM(Tabla2[[#This Row],[Ene]:[Dic]])=0,"",SUM(Tabla2[[#This Row],[Ene]:[Dic]])) -> 4 | W62: Informe | X62: Listado de participación | AA62: Gestión Clínica
B63: =IF(Tabla2[[#This Row],[Productos ]]="","",CONCATENATE(Tabla2[[#This Row],[POA]],".",Tabla2[[#This Row],[SRS]],".",Tabla2[[#This Row],[AREA]],".",Tabla2[[#This Row],[TIPO]])) -> #REF! | C63: =IF(Tabla2[[#This Row],[Productos ]]="","",'Formulario PPGR1'!#REF!) -> #REF! | D63: =IF(Tabla2[[#This Row],[Productos ]]="","",'Formulario PPGR1'!#REF!) -> #REF! | E63: =IF(Tabla2[[#This Row],[Productos ]]="","",'Formulario PPGR1'!#REF!) -> #REF! | F63: =IF(Tabla2[[#This Row],[Productos ]]="","",'Formulario PPGR1'!#REF!) -> #REF! | G63: 1.4.1.1Fortalecimiento de la provisión de servicios odontológicos | H63: SRSV1.4.1.1.04 | I63: Coordinación de educación continua para los Congreso Odontológicos y CODINTER | J63: 1 | M63: 1 | P63: 1 | T63: 1 | V63: =IF(SUM(Tabla2[[#This Row],[Ene]:[Dic]])=0,"",SUM(Tabla2[[#This Row],[Ene]:[Dic]])) -> 4 | W63: Reporte | AA63: Gestión Clínica
B64: =IF(Tabla2[[#This Row],[Productos ]]="","",CONCATENATE(Tabla2[[#This Row],[POA]],".",Tabla2[[#This Row],[SRS]],".",Tabla2[[#This Row],[AREA]],".",Tabla2[[#This Row],[TIPO]])) -> #REF! | C64: =IF(Tabla2[[#This Row],[Productos ]]="","",'Formulario PPGR1'!#REF!) -> #REF! | D64: =IF(Tabla2[[#This Row],[Productos ]]="","",'Formulario PPGR1'!#REF!) -> #REF! | E64: =IF(Tabla2[[#This Row],[Productos ]]="","",'Formulario PPGR1'!#REF!) -> #REF! | F64: =IF(Tabla2[[#This Row],[Productos ]]="","",'Formulario PPGR1'!#REF!) -> #REF! | G64: 1.5.1.1 Fortalecimiento de los servicios de salud en materia de política de género. | H64: SRSV 1.5.1.1.01 | I64: Reuniones interinstitucionales de coordinación de actividades de actividades preventivas sobre violencia de género e intrafamiliar. | J64: 1 | L64: 1 | M64: 1 | T64: 1 | V64: =IF(SUM(Tabla2[[#This Row],[Ene]:[Dic]])=0,"",SUM(Tabla2[[#This Row],[Ene]:[Dic]])) -> 4 | W64: Listado de Participación | Z64: Politica de genero (Materno-Infantil) | AA64: Centros de Salud
B65: =IF(Tabla2[[#This Row],[Productos ]]="","",CONCATENATE(Tabla2[[#This Row],[POA]],".",Tabla2[[#This Row],[SRS]],".",Tabla2[[#This Row],[AREA]],".",Tabla2[[#This Row],[TIPO]])) -> #REF! | C65: =IF(Tabla2[[#This Row],[Productos ]]="","",'Formulario PPGR1'!#REF!) -> #REF! | D65: =IF(Tabla2[[#This Row],[Productos ]]="","",'Formulario PPGR1'!#REF!) -> #REF! | E65: =IF(Tabla2[[#This Row],[Productos ]]="","",'Formulario PPGR1'!#REF!) -> #REF! | F65: =IF(Tabla2[[#This Row],[Productos ]]="","",'Formulario PPGR1'!#REF!) -> #REF! | G65: 1.5.1.1 Fortalecimiento de los servicios de salud en materia de política de género. | H65: SRSV 1.5.1.1.02 | I65: Talleres de implementación de guías y protocolos de atención para el manejo de víctimas de violencia en hospitales, centro diagnósticos y CPNs de toda la región. | K65: 1 | M65: 1 | O65: 1 | R65: 1 | S65: 1 | V65: =IF(SUM(Tabla2[[#This Row],[Ene]:[Dic]])=0,"",SUM(Tabla2[[#This Row],[Ene]:[Dic]])) -> 5 | W65: Informe | X65: Listado de participación | Z65: Politica de genero (Materno-Infantil) | AA65: Centros de Salud
B66: =IF(Tabla2[[#This Row],[Productos ]]="","",CONCATENATE(Tabla2[[#This Row],[POA]],".",Tabla2[[#This Row],[SRS]],".",Tabla2[[#This Row],[AREA]],".",Tabla2[[#This Row],[TIPO]])) -> #REF! | C66: =IF(Tabla2[[#This Row],[Productos ]]="","",'Formulario PPGR1'!#REF!) -> #REF! | D66: =IF(Tabla2[[#This Row],[Productos ]]="","",'Formulario PPGR1'!#REF!) -> #REF! | E66: =IF(Tabla2[[#This Row],[Productos ]]="","",'Formulario PPGR1'!#REF!) -> #REF! | F66: =IF(Tabla2[[#This Row],[Productos ]]="","",'Formulario PPGR1'!#REF!) -> #REF! | G66: 1.5.1.1 Fortalecimiento de los servicios de salud en materia de política de género. | H66: SRSV1.5.1.1.03 | I66: Supervisiones a los centros de salud capacitados en manejo de víctimas de violencia de la región. | K66: 1 | L66: 1 | O66: 1 | Q66: 1 | T66: 1 | V66: =IF(SUM(Tabla2[[#This Row],[Ene]:[Dic]])=0,"",SUM(Tabla2[[#This Row],[Ene]:[Dic]])) -> 5 | W66: Hoja de Supervisión | Z66: Politica de genero (Materno-Infantil) | AA66: Centros de Salud
B67: =IF(Tabla2[[#This Row],[Productos ]]="","",CONCATENATE(Tabla2[[#This Row],[POA]],".",Tabla2[[#This Row],[SRS]],".",Tabla2[[#This Row],[AREA]],".",Tabla2[[#This Row],[TIPO]])) -> #REF! | C67: =IF(Tabla2[[#This Row],[Productos ]]="","",'Formulario PPGR1'!#REF!) -> #REF! | D67: =IF(Tabla2[[#This Row],[Productos ]]="","",'Formulario PPGR1'!#REF!) -> #REF! | E67: =IF(Tabla2[[#This Row],[Productos ]]="","",'Formulario PPGR1'!#REF!) -> #REF! | F67: =IF(Tabla2[[#This Row],[Productos ]]="","",'Formulario PPGR1'!#REF!) -> #REF! | G67: 1.5.1.1 Fortalecimiento de los servicios de salud en materia de política de género. | H67: SRSV1.5.1.1.04 | I67: Coordinación de la conformación de la unidad de género en salud | N67: 1 | V67: =IF(SUM(Tabla2[[#This Row],[Ene]:[Dic]])=0,"",SUM(Tabla2[[#This Row],[Ene]:[Dic]])) -> 1 | W67: Informe | Z67: Politica de genero (Materno-Infantil) | AA67: Centros de Salud
B68: =IF(Tabla2[[#This Row],[Productos ]]="","",CONCATENATE(Tabla2[[#This Row],[POA]],".",Tabla2[[#This Row],[SRS]],".",Tabla2[[#This Row],[AREA]],".",Tabla2[[#This Row],[TIPO]])) -> #REF! | C68: =IF(Tabla2[[#This Row],[Productos ]]="","",'Formulario PPGR1'!#REF!) -> #REF! | D68: =IF(Tabla2[[#This Row],[Productos ]]="","",'Formulario PPGR1'!#REF!) -> #REF! | E68: =IF(Tabla2[[#This Row],[Productos ]]="","",'Formulario PPGR1'!#REF!) -> #REF! | F68: =IF(Tabla2[[#This Row],[Productos ]]="","",'Formulario PPGR1'!#REF!) -> #REF! | G68: 1.6.2.1 Formularios primarios estandarizados | H68: SRSV 1.6.2.1.01 | I68: Taller socialización formularios estandarizados para el registro de la producción de servicios en nivel complementario definidos por DGI-SNS. | O68: 1 | V68: =IF(SUM(Tabla2[[#This Row],[Ene]:[Dic]])=0,"",SUM(Tabla2[[#This Row],[Ene]:[Dic]])) -> 1 | W68: Listado de participación | X68: Muestra de formularios estandarizados | AA68: Gestión de la Información
B69: =IF(Tabla2[[#This Row],[Productos ]]="","",CONCATENATE(Tabla2[[#This Row],[POA]],".",Tabla2[[#This Row],[SRS]],".",Tabla2[[#This Row],[AREA]],".",Tabla2[[#This Row],[TIPO]])) -> #REF! | C69: =IF(Tabla2[[#This Row],[Productos ]]="","",'Formulario PPGR1'!#REF!) -> #REF! | D69: =IF(Tabla2[[#This Row],[Productos ]]="","",'Formulario PPGR1'!#REF!) -> #REF! | E69: =IF(Tabla2[[#This Row],[Productos ]]="","",'Formulario PPGR1'!#REF!) -> #REF! | F69: =IF(Tabla2[[#This Row],[Productos ]]="","",'Formulario PPGR1'!#REF!) -> #REF! | G69: 1.6.4.1 Fortalecimiento del sistema de información dela red | H69: SRSV 1.6.4.1.01 | I69: Seguimiento a la carga y validación de reportes de producción de servicios a de toda la red SRS | J69: 1 | K69: 1 | L69: 1 | M69: 1 | N69: 1 | O69: 1 | P69: 1 | Q69: 1 | R69: 1 | S69: 1 | T69: 1 | U69: 1 | V69: =IF(SUM(Tabla2[[#This Row],[Ene]:[Dic]])=0,"",SUM(Tabla2[[#This Row],[Ene]:[Dic]])) -> 12 | W69: Reporte de incidencias de los EESS por SRS | AA69: Gestión de la Información
B70: =IF(Tabla2[[#This Row],[Productos ]]="","",CONCATENATE(Tabla2[[#This Row],[POA]],".",Tabla2[[#This Row],[SRS]],".",Tabla2[[#This Row],[AREA]],".",Tabla2[[#This Row],[TIPO]])) -> #REF! | C70: =IF(Tabla2[[#This Row],[Productos ]]="","",'Formulario PPGR1'!#REF!) -> #REF! | D70: =IF(Tabla2[[#This Row],[Productos ]]="","",'Formulario PPGR1'!#REF!) -> #REF! | E70: =IF(Tabla2[[#This Row],[Productos ]]="","",'Formulario PPGR1'!#REF!) -> #REF! | F70: =IF(Tabla2[[#This Row],[Productos ]]="","",'Formulario PPGR1'!#REF!) -> #REF! | G70: 1.6.4.1 Fortalecimiento del sistema de información dela red | H70: SRSV 1.6.4.1.02 | I70: Taller de reforzamiento de registros de producción de servicios y bases de datos de reportes de eventos y notificación de enfermedades. acorde al informe de auditoria de calidad del dato del SNS | L70: 1 | R70: 1 | V70: =IF(SUM(Tabla2[[#This Row],[Ene]:[Dic]])=0,"",SUM(Tabla2[[#This Row],[Ene]:[Dic]])) -> 2 | W70: Listado de participación | X70: Agenda | AA70: Gestión de la Información
B71: =IF(Tabla2[[#This Row],[Productos ]]="","",CONCATENATE(Tabla2[[#This Row],[POA]],".",Tabla2[[#This Row],[SRS]],".",Tabla2[[#This Row],[AREA]],".",Tabla2[[#This Row],[TIPO]])) -> #REF! | C71: =IF(Tabla2[[#This Row],[Productos ]]="","",'Formulario PPGR1'!#REF!) -> #REF! | D71: =IF(Tabla2[[#This Row],[Productos ]]="","",'Formulario PPGR1'!#REF!) -> #REF! | E71: =IF(Tabla2[[#This Row],[Productos ]]="","",'Formulario PPGR1'!#REF!) -> #REF! | F71: =IF(Tabla2[[#This Row],[Productos ]]="","",'Formulario PPGR1'!#REF!) -> #REF! | G71: 1.6.4.1 Fortalecimiento del sistema de información dela red | H71: SRSV 1.6.4.1.03 | I71: Consolidación reporte de producción de servicios por nivel de atención | J71: 1 | K71: 1 | L71: 1 | M71: 1 | N71: 1 | O71: 1 | P71: 1 | Q71: 1 | R71: 1 | S71: 1 | T71: 1 | U71: 1 | V71: =IF(SUM(Tabla2[[#This Row],[Ene]:[Dic]])=0,"",SUM(Tabla2[[#This Row],[Ene]:[Dic]])) -> 12 | W71: Registro Digital | AA71: Gestión de la Información
B72: =IF(Tabla2[[#This Row],[Productos ]]="","",CONCATENATE(Tabla2[[#This Row],[POA]],".",Tabla2[[#This Row],[SRS]],".",Tabla2[[#This Row],[AREA]],".",Tabla2[[#This Row],[TIPO]])) -> #REF! | C72: =IF(Tabla2[[#This Row],[Productos ]]="","",'Formulario PPGR1'!#REF!) -> #REF! | D72: =IF(Tabla2[[#This Row],[Productos ]]="","",'Formulario PPGR1'!#REF!) -> #REF! | E72: =IF(Tabla2[[#This Row],[Productos ]]="","",'Formulario PPGR1'!#REF!) -> #REF! | F72: =IF(Tabla2[[#This Row],[Productos ]]="","",'Formulario PPGR1'!#REF!) -> #REF! | G72: 1.6.4.1 Fortalecimiento del sistema de información dela red | H72: SRSV 1.6.4.1.04 | I72: Socialización del dashboard de producción de servicios PN | M72: 1 | R72: 1 | V72: =IF(SUM(Tabla2[[#This Row],[Ene]:[Dic]])=0,"",SUM(Tabla2[[#This Row],[Ene]:[Dic]])) -> 2 | W72: Listado de participación | AA72: Gestión de la Información
B73: =IF(Tabla2[[#This Row],[Productos ]]="","",CONCATENATE(Tabla2[[#This Row],[POA]],".",Tabla2[[#This Row],[SRS]],".",Tabla2[[#This Row],[AREA]],".",Tabla2[[#This Row],[TIPO]])) -> #REF! | C73: =IF(Tabla2[[#This Row],[Productos ]]="","",'Formulario PPGR1'!#REF!) -> #REF! | D73: =IF(Tabla2[[#This Row],[Productos ]]="","",'Formulario PPGR1'!#REF!) -> #REF! | E73: =IF(Tabla2[[#This Row],[Productos ]]="","",'Formulario PPGR1'!#REF!) -> #REF! | F73: =IF(Tabla2[[#This Row],[Productos ]]="","",'Formulario PPGR1'!#REF!) -> #REF! | G73: 1.6.3.1 Ejecución del programa de Auditoria Calidad del Dato | H73: SRSV 1.6.3.1.01 | I73: Auditoría Calidad del Dato en los EESS del SRS según el Plan auditoria | J73: 1 | M73: 1 | P73: 1 | S73: 1 | V73: =IF(SUM(Tabla2[[#This Row],[Ene]:[Dic]])=0,"",SUM(Tabla2[[#This Row],[Ene]:[Dic]])) -> 4 | AA73: Gestión de la Información
B74: =IF(Tabla2[[#This Row],[Productos ]]="","",CONCATENATE(Tabla2[[#This Row],[POA]],".",Tabla2[[#This Row],[SRS]],".",Tabla2[[#This Row],[AREA]],".",Tabla2[[#This Row],[TIPO]])) -> #REF! | C74: =IF(Tabla2[[#This Row],[Productos ]]="","",'Formulario PPGR1'!#REF!) -> #REF! | D74: =IF(Tabla2[[#This Row],[Productos ]]="","",'Formulario PPGR1'!#REF!) -> #REF! | E74: =IF(Tabla2[[#This Row],[Productos ]]="","",'Formulario PPGR1'!#REF!) -> #REF! | F74: =IF(Tabla2[[#This Row],[Productos ]]="","",'Formulario PPGR1'!#REF!) -> #REF! | G74: 1.6.3.1 Ejecución del programa de Auditoria Calidad del Dato | H74: SRSV 1.6.3.1.02 | I74: Reunión de socialización para implementación de mejoras según los hallazgos encontrados en la auditoria de calidad del dato | K74: 1 | N74: 1 | Q74: 1 | T74: 1 | V74: =IF(SUM(Tabla2[[#This Row],[Ene]:[Dic]])=0,"",SUM(Tabla2[[#This Row],[Ene]:[Dic]])) -> 4 | W74: Listado de participación | X74: Informe | AA74: Gestión de la Información
B75: =IF(Tabla2[[#This Row],[Productos ]]="","",CONCATENATE(Tabla2[[#This Row],[POA]],".",Tabla2[[#This Row],[SRS]],".",Tabla2[[#This Row],[AREA]],".",Tabla2[[#This Row],[TIPO]])) -> #REF! | C75: =IF(Tabla2[[#This Row],[Productos ]]="","",'Formulario PPGR1'!#REF!) -> #REF! | D75: =IF(Tabla2[[#This Row],[Productos ]]="","",'Formulario PPGR1'!#REF!) -> #REF! | E75: =IF(Tabla2[[#This Row],[Productos ]]="","",'Formulario PPGR1'!#REF!) -> #REF! | F75: =IF(Tabla2[[#This Row],[Productos ]]="","",'Formulario PPGR1'!#REF!) -> #REF! | G75: 1.6.3.1 Ejecución del programa de Auditoria Calidad del Dato | H75: SRSV 1.6.3.1.03 | I75: Mesas de trabajo con CEAS, acorde al informe de auditoria de calidad del dato del SNS | K75: 1 | L75: 1 | N75: 1 | O75: 1 | Q75: 1 | R75: 1 | S75: 1 | T75: 1 | V75: =IF(SUM(Tabla2[[#This Row],[Ene]:[Dic]])=0,"",SUM(Tabla2[[#This Row],[Ene]:[Dic]])) -> 8 | W75: Listado de participación | X75: Agenda | AA75: Gestión de la Información
B76: =IF(Tabla2[[#This Row],[Productos ]]="","",CONCATENATE(Tabla2[[#This Row],[POA]],".",Tabla2[[#This Row],[SRS]],".",Tabla2[[#This Row],[AREA]],".",Tabla2[[#This Row],[TIPO]])) -> #REF! | C76: =IF(Tabla2[[#This Row],[Productos ]]="","",'Formulario PPGR1'!#REF!) -> #REF! | D76: =IF(Tabla2[[#This Row],[Productos ]]="","",'Formulario PPGR1'!#REF!) -> #REF! | E76: =IF(Tabla2[[#This Row],[Productos ]]="","",'Formulario PPGR1'!#REF!) -> #REF! | F76: =IF(Tabla2[[#This Row],[Productos ]]="","",'Formulario PPGR1'!#REF!) -> #REF! | G76: 1.6.3.1 Ejecución del programa de Auditoria Calidad del Dato | H76: SRSV 1.6.3.1.04 | I76: Realizar auditoria de calidad del dato priorizando los CEAS con mayor nivel de incidencias de oportunidad de mejoras en los reportes de producción. | J76: 1 | K76: 1 | L76: 1 | M76: 1 | N76: 1 | O76: 1 | P76: 1 | Q76: 1 | R76: 1 | S76: 1 | T76: 1 | U76: 1 | V76: =IF(SUM(Tabla2[[#This Row],[Ene]:[Dic]])=0,"",SUM(Tabla2[[#This Row],[Ene]:[Dic]])) -> 12 | W76: Reporte auditoria de calidad del dato | AA76: Gestión de la Información
B77: =IF(Tabla2[[#This Row],[Productos ]]="","",CONCATENATE(Tabla2[[#This Row],[POA]],".",Tabla2[[#This Row],[SRS]],".",Tabla2[[#This Row],[AREA]],".",Tabla2[[#This Row],[TIPO]])) -> #REF! | C77: =IF(Tabla2[[#This Row],[Productos ]]="","",'Formulario PPGR1'!#REF!) -> #REF! | D77: =IF(Tabla2[[#This Row],[Productos ]]="","",'Formulario PPGR1'!#REF!) -> #REF! | E77: =IF(Tabla2[[#This Row],[Productos ]]="","",'Formulario PPGR1'!#REF!) -> #REF! | F77: =IF(Tabla2[[#This Row],[Productos ]]="","",'Formulario PPGR1'!#REF!) -> #REF! | G77: 1.6.3.1 Ejecución del programa de Auditoria Calidad del Dato | H77: SRSV 1.6.3.1.05 | I77: Auditoria del registro en SIRPAFF | L77: 1 | O77: 1 | R77: 1 | U77: 1 | V77: =IF(SUM(Tabla2[[#This Row],[Ene]:[Dic]])=0,"",SUM(Tabla2[[#This Row],[Ene]:[Dic]])) -> 4 | W77: Informe | AA77: Gestión de la Información
B78: =IF(Tabla2[[#This Row],[Productos ]]="","",CONCATENATE(Tabla2[[#This Row],[POA]],".",Tabla2[[#This Row],[SRS]],".",Tabla2[[#This Row],[AREA]],".",Tabla2[[#This Row],[TIPO]])) -> #REF! | C78: =IF(Tabla2[[#This Row],[Productos ]]="","",'Formulario PPGR1'!#REF!) -> #REF! | D78: =IF(Tabla2[[#This Row],[Productos ]]="","",'Formulario PPGR1'!#REF!) -> #REF! | E78: =IF(Tabla2[[#This Row],[Productos ]]="","",'Formulario PPGR1'!#REF!) -> #REF! | F78: =IF(Tabla2[[#This Row],[Productos ]]="","",'Formulario PPGR1'!#REF!) -> #REF! | G78: 1.6.4.2 Implementación del Expedientes Integral de Salud | H78: SRSV 1.6.4.2.01 | I78: Seguimiento a la implementación del EIS | O78: 1 | R78: 1 | U78: 1 | V78: =IF(SUM(Tabla2[[#This Row],[Ene]:[Dic]])=0,"",SUM(Tabla2[[#This Row],[Ene]:[Dic]])) -> 3 | W78: Informe | AA78: Gestión de la Información
B79: =IF(Tabla2[[#This Row],[Productos ]]="","",CONCATENATE(Tabla2[[#This Row],[POA]],".",Tabla2[[#This Row],[SRS]],".",Tabla2[[#This Row],[AREA]],".",Tabla2[[#This Row],[TIPO]])) -> #REF! | C79: =IF(Tabla2[[#This Row],[Productos ]]="","",'Formulario PPGR1'!#REF!) -> #REF! | D79: =IF(Tabla2[[#This Row],[Productos ]]="","",'Formulario PPGR1'!#REF!) -> #REF! | E79: =IF(Tabla2[[#This Row],[Productos ]]="","",'Formulario PPGR1'!#REF!) -> #REF! | F79: =IF(Tabla2[[#This Row],[Productos ]]="","",'Formulario PPGR1'!#REF!) -> #REF! | G79: 1.6.4. 3 Catalogo de establecimientos de salud de la Red | H79: SRSV 1.6.4.3.01 | I79: Actualización del registro de establecimiento de salud: CEAS Y PN | L79: 1 | O79: 1 | R79: 1 | U79: 1 | V79: =IF(SUM(Tabla2[[#This Row],[Ene]:[Dic]])=0,"",SUM(Tabla2[[#This Row],[Ene]:[Dic]])) -> 4 | W79: Reporte actualización del modulo de establecimientos | AA79: Gestión de la Información
B80: =IF(Tabla2[[#This Row],[Productos ]]="","",CONCATENATE(Tabla2[[#This Row],[POA]],".",Tabla2[[#This Row],[SRS]],".",Tabla2[[#This Row],[AREA]],".",Tabla2[[#This Row],[TIPO]])) -> #REF! | C80: =IF(Tabla2[[#This Row],[Productos ]]="","",'Formulario PPGR1'!#REF!) -> #REF! | D80: =IF(Tabla2[[#This Row],[Productos ]]="","",'Formulario PPGR1'!#REF!) -> #REF! | E80: =IF(Tabla2[[#This Row],[Productos ]]="","",'Formulario PPGR1'!#REF!) -> #REF! | F80: =IF(Tabla2[[#This Row],[Productos ]]="","",'Formulario PPGR1'!#REF!) -> #REF! | G80: 1.6.4.4 Personal de estadística capacitado | H80: SRSV 1.6.4.4.01 | I80: Capacitación para el fortalecimiento estadístico ( pendiente a definir ) | L80: 1 | O80: 1 | R80: 1 | U80: 1 | V80: =IF(SUM(Tabla2[[#This Row],[Ene]:[Dic]])=0,"",SUM(Tabla2[[#This Row],[Ene]:[Dic]])) -> 4 | W80: Listado de participación | AA80: Gestión de la Información
B81: =IF(Tabla2[[#This Row],[Productos ]]="","",CONCATENATE(Tabla2[[#This Row],[POA]],".",Tabla2[[#This Row],[SRS]],".",Tabla2[[#This Row],[AREA]],".",Tabla2[[#This Row],[TIPO]])) -> #REF! | C81: =IF(Tabla2[[#This Row],[Productos ]]="","",'Formulario PPGR1'!#REF!) -> #REF! | D81: =IF(Tabla2[[#This Row],[Productos ]]="","",'Formulario PPGR1'!#REF!) -> #REF! | E81: =IF(Tabla2[[#This Row],[Productos ]]="","",'Formulario PPGR1'!#REF!) -> #REF! | F81: =IF(Tabla2[[#This Row],[Productos ]]="","",'Formulario PPGR1'!#REF!) -> #REF! | G81: 1.6.1.1 Fortalecimiento de la estructura tecnológica de la Red del SNS. | H81: SRSV 1.6.1.1.01 | I81: Levantamiento de necesidades de equipos tecnológicos para sistema de gestión información en la red (CEAS y PNA). | L81: 1 | O81: 1 | V81: =IF(SUM(Tabla2[[#This Row],[Ene]:[Dic]])=0,"",SUM(Tabla2[[#This Row],[Ene]:[Dic]])) -> 2 | W81: Reporte | AA81: Tecnología
B82: =IF(Tabla2[[#This Row],[Productos ]]="","",CONCATENATE(Tabla2[[#This Row],[POA]],".",Tabla2[[#This Row],[SRS]],".",Tabla2[[#This Row],[AREA]],".",Tabla2[[#This Row],[TIPO]])) -> #REF! | C82: =IF(Tabla2[[#This Row],[Productos ]]="","",'Formulario PPGR1'!#REF!) -> #REF! | D82: =IF(Tabla2[[#This Row],[Productos ]]="","",'Formulario PPGR1'!#REF!) -> #REF! | E82: =IF(Tabla2[[#This Row],[Productos ]]="","",'Formulario PPGR1'!#REF!) -> #REF! | F82: =IF(Tabla2[[#This Row],[Productos ]]="","",'Formulario PPGR1'!#REF!) -> #REF! | G82: 1.6.1.1 Fortalecimiento de la estructura tecnológica de la Red del SNS. | H82: SRSV 1.6.1.1.02 | I82: Soporte a los requerimientos tecnológicos de usuarios internos y externos | L82: 1 | O82: 1 | R82: 1 | T82: 1 | V82: =IF(SUM(Tabla2[[#This Row],[Ene]:[Dic]])=0,"",SUM(Tabla2[[#This Row],[Ene]:[Dic]])) -> 4 | W82: Reporte | AA82: Tecnología
B83: =IF(Tabla2[[#This Row],[Productos ]]="","",CONCATENATE(Tabla2[[#This Row],[POA]],".",Tabla2[[#This Row],[SRS]],".",Tabla2[[#This Row],[AREA]],".",Tabla2[[#This Row],[TIPO]])) -> #REF! | C83: =IF(Tabla2[[#This Row],[Productos ]]="","",'Formulario PPGR1'!#REF!) -> #REF! | D83: =IF(Tabla2[[#This Row],[Productos ]]="","",'Formulario PPGR1'!#REF!) -> #REF! | E83: =IF(Tabla2[[#This Row],[Productos ]]="","",'Formulario PPGR1'!#REF!) -> #REF! | F83: =IF(Tabla2[[#This Row],[Productos ]]="","",'Formulario PPGR1'!#REF!) -> #REF! | G83: 1.6.1.1 Fortalecimiento de la estructura tecnológica de la Red del SNS. | H83: SRSV 1.6.1.1.03 | I83: Readecuación de Infraestructura Tecnológica del SRS/GAS | L83: 1 | O83: 1 | R83: 1 | U83: 1 | V83: =IF(SUM(Tabla2[[#This Row],[Ene]:[Dic]])=0,"",SUM(Tabla2[[#This Row],[Ene]:[Dic]])) -> 4 | W83: Informe | AA83: Tecnología
